Workbook

Sheet 训练家
B2: 基础信息 | E2: 姓名： | H2: 基础能力 | L2: 特殊系统道具 | O2: 资金 | R2: 旅行纪念
B3: 立绘 | H3: 总和： | I3: =SUM(I4:I17) -> 70 | J3: 调整 | L3: 钥石 | M3: ☐ | O3: 旅行点TP | P3: 10
E4: 年龄： | H4: 力气 | I4: 10 | J4: =INT(I4/2-5) -> 0
L5: Z手环 | M5: ☐ | O5: 宝可元： | P5: 1000
E6: 性别： | H6: 体魄 | I6: 10 | J6: =INT(I6/2-5) -> 0
L7: 极巨腕带 | M7: ☐ | O7: 物资点IP | P7: 10
E8: 身高： | H8: 智识 | I8: 10 | J8: =INT(I8/2-5) -> 0
L9: 太晶珠 | M9: ☐ | P9: ="物资点上限："&10+COUNTA(R3:S38) -> 物资点上限：10
E10: 体重： | H10: 意念 | I10: 10 | J10: =INT(I10/2-5) -> 0
O11: 背包
E12: 风格： | H12: 机敏 | I12: 10 | J12: =INT(I12/2-5) -> 0
L13: 体力
E14: 方向： | H14: 魅力 | I14: 10 | J14: =INT(I14/2-5) -> 0 | L14: HP： | M14: =INT(I6*1.5+I4/2)+1 -> 21
E16: 玩家： | H16: 幸运 | I16: 10 | J16: =INT(I16/2-5) -> 0 | L16: 当前HP：
J18: ="剩余基础成长值："&85+INT(COUNTA(R3:S38)/8)-IF(I4>15,(I4-15)*2+15,I4)-IF(I6>15,(I6-15)*2+15,I6)-IF(I8>15,(I8-15)*2+15,I8)-IF(I10>15,(I10-15)*2+15,I10)-IF(I12>15,(I12-15)*2+15,I12)-IF(I14>15,(I14-15)*2+15,I14)-IF(I16>15,(I16-15)*2+15,I16) -> 剩余基础成长值：15
B20: 背景信息（请至少写关键词） | L20: 携带队伍
B21: 形象描述 | L21: 名称：
L22: 种族：
B23: 梦想/信念 | L23: 状态： | M23: 正常
L24: 名称：
B25: 性格/特质 | L25: 种族：
L26: 状态： | M26: 正常
B27: 背景/经历 | L27: 名称：
L28: 种族：
L29: 状态： | M29: 正常
L30: 名称：
L31: 种族：
L32: 状态： | M32: 正常
L33: 名称：
L34: 种族：
L35: 状态： | M35: 正常
L36: 名称：
L37: 种族：
L38: 状态： | M38: 正常
B41: 技能列表 | R41: 备注栏
B42: 技能名 | C42: 基础 | D42: 成长 | E42: 额外 | F42: 能力值 | G42: 调整 | H42: 技能名 | I42: 基础 | J42: 成长 | K42: 额外 | L42: 能力值 | M42: 调整 | R42: 如选开规则相关
B44: 探查 | C44: =5+J12 -> 5 | F44: =SUM(C44:E45) -> 5 | G44: =INT((F44/2-5)) -> -3 | H44: 烹调 | I44: =5+J14 -> 5 | L44: =SUM(I44:K45) -> 5 | M44: =INT((L44/2-5)) -> -3
B46: 采集 | C46: =5+J6 -> 5 | F46: =SUM(C46:E47) -> 5 | G46: =INT((F46/2-5)) -> -3 | H46: 运动 | I46: =5+J6 -> 5 | L46: =SUM(I46:K47) -> 5 | M46: =INT((L46/2-5)) -> -3
B48: 博物 | C48: =5+J8 -> 5 | F48: =SUM(C48:E49) -> 5 | G48: =INT((F48/2-5)) -> -3 | H48: 指挥 | I48: =5+J10 -> 5 | L48: =SUM(I48:K49) -> 5 | M48: =INT((L48/2-5)) -> -3
B49: 分支① | H49: 分支①
B50: 博物 | C50: =5+J8 -> 5 | F50: =SUM(C50:E51) -> 5 | G50: =INT((F50/2-5)) -> -3 | H50: 指挥 | I50: =5+J10 -> 5 | L50: =SUM(I50:K51) -> 5 | M50: =INT((L50/2-5)) -> -3
B51: 分支② | H51: 分支②
B52: 技艺 | C52: =5+IF(B53="锻造",J4,J8) -> 5 | F52: =SUM(C52:E53) -> 5 | G52: =INT((F52/2-5)) -> -3 | H52: 艺术 | I52: =5+J14 -> 5 | L52: =SUM(I52:K53) -> 5 | M52: =INT((L52/2-5)) -> -3
B53: 分支 | H53: 分支
B54: 医疗 | C54: =5+J8 -> 5 | F54: =SUM(C54:E55) -> 5 | G54: =INT((F54/2-5)) -> -3 | H54: 战斗 | I54: 0 | L54: =SUM(I54:K55) -> 0 | M54: =INT((L54/2-5)) -> -5
H55: 分支
B56: 机械 | C56: =5+J8 -> 5 | F56: =SUM(C56:E57) -> 5 | G56: =INT((F56/2-5)) -> -3 | H56: 潜伏 | I56: =5+J12 -> 5 | L56: =SUM(I56:K57) -> 5 | M56: =INT((L56/2-5)) -> -3
B58: 垂钓 | C58: =5+J10 -> 5 | F58: =SUM(C58:E59) -> 5 | G58: =INT((F58/2-5)) -> -3 | H58: 妙手 | I58: =5+J12 -> 5 | L58: =SUM(I58:K59) -> 5 | M58: =INT((L58/2-5)) -> -3
B60: 驾驶 | C60: =5+J12 -> 5 | F60: =SUM(C60:E61) -> 5 | G60: =INT((F60/2-5)) -> -3 | H60: 话术 | I60: =5+J14 -> 5 | L60: =SUM(I60:K61) -> 5 | M60: =INT((L60/2-5)) -> -3
M62: ="剩余技能成长值："&30+COUNTA(R3:S38)-SUM(J44:J61,D44:D61) -> 剩余技能成长值：30
B65: 旅行点账单 | E65: 项目 | F65: 价格 | H65: 宝可梦元账单 | K65: 项目 | L65: 价格 | N65: 物资点账单 | Q65: 项目 | R65: 价格 | T65: 训练家卡导入
B66: 项目名称 | D66: 收入支出 | E66: 改变骰点 | F66: XTP | H66: 项目名称 | J66: 收入支出 | K66: 物资点 | L66: 100/1IP | N66: 项目名称 | P66: 收入支出 | Q66: 精灵球 | R66: 1IP | T66: 使用方法
B67: 例：当前TP | D67: 10 | E67: 重骰 | F67: 3TP | H67: 例：当前资金 | J67: 1000 | K67: 训练家消耗 | L67: 50 | N67: 例：当前IP | P67: 10 | Q67: 超级球 | R67: 3IP | T67: （只有骰娘安装相关插件才可使用） 1. 在“训练家”页填写角色数据。 2. 复制下方导入结果到TXT中转区。 3. 复制TXT中转区文字，发送给骰娘。
B68: 例：初始选择妙蛙种子 | D68: -3 | E68: 回复体力 | F68: 1TP/1HP | H68: 例：手电筒 | J68: -50 | K68: 宝可梦消耗 | L68: 体型×20 | N68: 例：精灵球 | P68: -1 | Q68: 高级球 | R68: 6IP
E69: 取得资金 | F69: 1TP/100 | K69: 雨伞/雨衣 | L69: 20/件 | Q69: 伤药 | R69: 2IP
E70: 取得IP | F70: 1TP/1IP | K70: 水壶 | L70: 20/个 | Q70: 好伤药 | R70: 4IP
E71: 学习招式 | F71: =EP消耗 | K71: 绳索 | L71: 50/10米 | Q71: 厉害伤药 | R71: 8IP
E72: F→E | F72: 1TP | K72: 打火器 | L72: 10/个 | Q72: 全满药 | R72: 14IP
E73: E→D | F73: 2TP | K73: 指南针 | L73: 50/个 | Q73: 全复药 | R73: 16IP | T73: 导入结果
E74: D→C | F74: 3TP | K74: 单人帐篷 | L74: 300/个 | Q74: 灼伤药 | R74: 2IP | T74: =".pst "&"HPmax"&M14&"HP"&M16&"旅行点"&P3&"物资点"&P7&H4&J4&H6&J6&H8&J8&H10&J10&H12&J12&H14&J14&H16&J16&B44&G44&B46&G46&B49&G48&B51&G50&B53&G52&B54&G54&B56&G56&B58&G58&B60&G60&H44&M44&H46&M46&H49&M48&H51&M50&H53&M52&H54&M54&H56&M56&H58&M58&H60&M60 -> .pst HPmax21HP旅行点10物资点10力气0体魄0智识0意念0机敏0魅力0幸运0探查-3采集-3分支①-3分支②-3分支-3医疗-3机械-3垂钓-3驾驶-3烹调-3运动-3分支①-3分支②-3分支-3战斗-5潜伏-3妙手-3话术-3
E75: C→B | F75: 4TP | K75: 双人帐篷 | L75: 400/个 | Q75: 解冻药 | R75: 2IP
E76: B→A | F76: 6TP | K76: 家庭帐篷 | L76: 600/个 | Q76: 解毒药 | R76: 2IP
E77: A→S | F77: 10TP | K77: 睡袋 | L77: 100/个 | Q77: 解眠药 | R77: 2IP
E78: 等级进化 | F78: 等级/5TP | K78: 衣物 | L78: 100/套 | Q78: 解麻药 | R78: 2IP
E79: 不足400 | F79: 4TP | K79: 旧钓竿 | L79: 100/个 | Q79: 万能药 | R79: 4IP
E80: 400~449 | F80: 5TP | K80: 移动电话 | L80: 500/个 | Q80: 精力小补剂 | R80: 2IP
E81: 450~499 | F81: 6TP | K81: 灯具 | L81: 50/件 | Q81: 精力大补剂 | R81: 4IP
E82: 500~549 | F82: 8TP | K82: 烹饪套组 | L82: 100/套 | Q82: 精力全补剂 | R82: 8IP | T82: TXT中转区
E83: 550~600 | F83: 10TP | K83: 挖掘工具 | L83: 100/把 | Q83: 活力碎片 | R83: 12IP
E84: 特性胶囊 | F84: 6TP | K84: 折叠桌椅 | L84: 200/套 | Q84: 活力块 | R84: 20IP
E85: 特性膏药 | F85: 12TP | K85: 野餐垫 | L85: 30/个
B88: 算得旅行点： | D88: =SUM(D67:D87)&"TP" -> 7TP | H88: 算得宝可元： | J88: =SUM(J67:J87) -> 950 | N88: 算得物资点： | P88: =SUM(P67:P87)&"IP" -> 9IP

Sheet 宝可梦 (1)
B2: 基本信息 | J2: 宝可梦基础能力值 | P2: 成长值 | R2: 种族值
E3: 名称： | G3: 性别： | J3: 能力 | K3: 基础 | L3: 变化 | M3: 合计 | N3: 调整 | P3: 体力 | Q3: C | R3: 体力 | S3: =VLOOKUP(F5,编号表!$A:$R,10,FALSE) -> 45
J4: 体力 | K4: =IF(B20="神奇守护",1,INT((((S3/(1+0.01*(MAX(0,S3-120)+0.1)^0.8))*(1+VLOOKUP(Q3,其它!$G$21:$H$28,2,FALSE)/12))/6+2.2+$F$13)*2)) -> 21 | M4: =K4+L4 -> 21 | N4: =INT(M4/3-6) -> 1
E5: 编号： | F5: =INDEX(编号表!$A:$B,MATCH(H5,编号表!$B:$B,0),MATCH("编号",编号表!$A:$A,0)) -> 1 | G5: 种族： | H5: 妙蛙种子 | P5: 攻击 | Q5: C | R5: 攻击 | S5: =VLOOKUP(F5,编号表!$A:$R,11,FALSE) -> 49
B6: 立绘 | J6: 攻击 | K6: =INT(((S5/(1+0.01*(MAX(0,S5-120)+0.1)^0.8))*(1+VLOOKUP(Q5,其它!$G$21:$H$28,2,FALSE)/12))/6+2.2+$F$13) -> 11 | M6: =K6+L6 -> 11 | N6: =INT(M6/2-5) -> 0
E7: 属性： | F7: =VLOOKUP(F5,编号表!$A:$R,3,FALSE) -> 草 | G7: 特性： | H7: 第一特性 | P7: 防御 | Q7: C | R7: 防御 | S7: =VLOOKUP(F5,编号表!$A:$R,12,FALSE) -> 49
F8: =VLOOKUP(F5,编号表!$A:$R,4,FALSE) -> 毒 | H8: =VLOOKUP(F5,编号表!$A:$R,IF(H7="第一特性",5,IF(H7="第二特性",6,7)),FALSE) -> 茂盛 | J8: 防御 | K8: =INT(((S7/(1+0.01*(MAX(0,S7-120)+0.1)^0.8))*(1+VLOOKUP(Q7,其它!$G$21:$H$28,2,FALSE)/12))/6+2.2+$F$13) -> 11 | M8: =K8+L8 -> 11 | N8: =INT(M8/2-5) -> 0
E9: 身高： | F9: =IF(H9="极巨化","？？？",VLOOKUP(F5,编号表!$A:$R,17,FALSE)*VLOOKUP(H9,其它!C22:E30,2,FALSE)) -> 0.7 | G9: 体型差异 | H9: 普通 | P9: 特攻 | Q9: C | R9: 特攻 | S9: =VLOOKUP(F5,编号表!$A:$R,13,FALSE) -> 65
E10: 体重： | F10: =IF(H9="极巨化","？？？",VLOOKUP(F5,编号表!$A:$R,18,FALSE)*VLOOKUP(H9,其它!C22:E30,3,FALSE)) -> 6.9 | G10: 体型等级 | H10: =IF(H9="极巨化","？？？",LOOKUP(((F10+1)*(F9+1)),{0,10,50,450,700,1000},{1,2,3,4,5,6})) -> 2 | J10: 特攻 | K10: =INT(((S9/(1+0.01*(MAX(0,S9-120)+0.1)^0.8))*(1+VLOOKUP(Q9,其它!$G$21:$H$28,2,FALSE)/12))/6+2.2+$F$13) -> 14 | M10: =K10+L10 -> 14 | N10: =INT(M10/2-5) -> 2
E11: 当前HP | G11: 当前EP | H11: 100 | P11: 特防 | Q11: C | R11: 特防 | S11: =VLOOKUP(F5,编号表!$A:$R,14,FALSE) -> 65
F12: =F11/M4 -> 0 | H12: =H11/100 -> 1 | J12: 特防 | K12: =INT(((S11/(1+0.01*(MAX(0,S11-120)+0.1)^0.8))*(1+VLOOKUP(Q11,其它!$G$21:$H$28,2,FALSE)/12))/6+2.2+$F$13) -> 14 | M12: =K12+L12 -> 14 | N12: =INT(M12/2-5) -> 2
E13: 牵绊等级 | F13: 1 | G13: 指挥度 | H13: =LOOKUP(F13,{0,1,2,3,4,5,6,7,8,9,10},{5,5,6,6,7,7,8,9,10,10,10}) -> 5 | P13: 速度 | Q13: C | R13: 速度 | S13: =VLOOKUP(F5,编号表!$A:$R,15,FALSE) -> 45
J14: 速度 | K14: =INT(((S13/(1+0.01*(MAX(0,S13-120)+0.1)^0.8))*(1+VLOOKUP(Q13,其它!$G$21:$H$28,2,FALSE)/12))/6+2.2+$F$13) -> 10 | M14: =K14+L14 -> 10 | N14: =INT(M14/2-5) -> 0
E15: 极巨类型 | F15: 极巨化 | G15: 移动力 | H15: =INT(IF(N14<0,1,(IF(N14>4,N14/2+0.5,2)))) -> 2 | R15: 总和： | S15: =S3+S5+S7+S9+S11+S13 -> 318
E16: 太晶属性 | F16: 星晶
E17: 球种： | G17: 训练家： | P17: 宝可梦备注栏
J18: 闪避与命中能力值
B19: 特性效果 | C19: =VLOOKUP(B20,特性表!B:C,2,FALSE) -> HP低于1/3时，草属性招式的威力骰出目+3。 | J19: 属性 | K19: 基础 | L19: 变化 | M19: 速度加值 | N19: 最终值
B20: =H8 -> 茂盛 | J20: 闪避 | K20: 6 | M20: =INT(IF(M14>18,M14/3-6,0)) -> 0 | N20: =SUM(K20:L21,M20) -> 6
B22: 携带物： | C22: 物品 | D22: 效果 | J22: 命中 | K22: 0 | N22: =SUM(K22:L23,M20) -> 0
B26: 战斗招式
B27: 名称： | C27: 名称 | E27: 属性： | F27: =IF(C27="觉醒力量",VLOOKUP(FLOOR((MOD(VLOOKUP(Q3,其它!G21:H28,2,FALSE),2)+2*MOD(VLOOKUP(Q5,其它!G21:H28,2,FALSE),2)+4*MOD(VLOOKUP(Q7,其它!G21:H28,2,FALSE),2)+8*MOD(VLOOKUP(Q13,其它!G21:H28,2,FALSE),2)+16*MOD(VLOOKUP(Q9,其它!G21:H28,2,FALSE),2)+32*MOD(VLOOKUP(Q11,其它!G21:H28,2,FALSE),2))*15/63,1),其它!J22:K38,2,1),VLOOKUP(C27,招式表!$C:$O,2,FALSE)) -> 属性 | G27: 分类： | H27: =VLOOKUP(C27,招式表!$C:$O,3,FALSE) -> 分类 | I27: 作用距离： | J27: =VLOOKUP(C27,招式表!$C:$O,10,FALSE) -> 作用距离 | K27: 名称： | L27: 名称 | N27: 属性： | O27: =IF(L27="觉醒力量",VLOOKUP(FLOOR((MOD(VLOOKUP(Z3,其它!#REF!,2,FALSE),2)+2*MOD(VLOOKUP(Z5,其它!#REF!,2,FALSE),2)+4*MOD(VLOOKUP(Z7,其它!#REF!,2,FALSE),2)+8*MOD(VLOOKUP(Z13,其它!#REF!,2,FALSE),2)+16*MOD(VLOOKUP(Z9,其它!#REF!,2,FALSE),2)+32*MOD(VLOOKUP(Z11,其它!#REF!,2,FALSE),2))*15/63,1),其它!AC41:AD57,2,1),VLOOKUP(L27,招式表!$C:$O,2,FALSE)) -> 属性 | P27: 分类： | Q27: =VLOOKUP(L27,招式表!$C:$O,3,FALSE) -> 分类 | R27: 作用距离： | S27: =VLOOKUP(L27,招式表!$C:$O,10,FALSE) -> 作用距离
B28: 威力骰： | C28: =VLOOKUP(C27,招式表!$C:$O,5,FALSE) -> 威力骰 | E28: 命中骰： | F28: =VLOOKUP(C27,招式表!$C:$O,7,FALSE) -> 命中骰 | G28: EP消耗： | H28: =VLOOKUP(C27,招式表!$C:$O,9,FALSE) -> 消耗 | I28: 优先度： | J28: =VLOOKUP(C27,招式表!$C:$O,11,FALSE) -> 优先度 | K28: 威力骰： | L28: =VLOOKUP(L27,招式表!$C:$O,5,FALSE) -> 威力骰 | N28: 命中骰： | O28: =VLOOKUP(L27,招式表!$C:$O,7,FALSE) -> 命中骰 | P28: EP消耗： | Q28: =VLOOKUP(L27,招式表!$C:$O,9,FALSE) -> 消耗 | R28: 优先度： | S28: =VLOOKUP(L27,招式表!$C:$O,11,FALSE) -> 优先度
B29: 效果： | C29: =VLOOKUP(C27,招式表!$C:$O,12,FALSE) -> 说明 | J29: =VLOOKUP(C27,招式表!$C:$O,13,FALSE) -> 其他分类 | K29: 效果： | L29: =VLOOKUP(L27,招式表!$C:$O,12,FALSE) -> 说明 | S29: =VLOOKUP(L27,招式表!$C:$O,13,FALSE) -> 其他分类
B32: 其他分类： | K32: 其他分类：
B33: 名称： | C33: 名称 | E33: 属性： | F33: =IF(C33="觉醒力量",VLOOKUP(FLOOR((MOD(VLOOKUP(Q7,其它!#REF!,2,FALSE),2)+2*MOD(VLOOKUP(Q9,其它!#REF!,2,FALSE),2)+4*MOD(VLOOKUP(Q11,其它!#REF!,2,FALSE),2)+8*MOD(VLOOKUP(#REF!,其它!#REF!,2,FALSE),2)+16*MOD(VLOOKUP(Q13,其它!#REF!,2,FALSE),2)+32*MOD(VLOOKUP(#REF!,其它!#REF!,2,FALSE),2))*15/63,1),其它!T45:U61,2,1),VLOOKUP(C33,招式表!$C:$O,2,FALSE)) -> 属性 | G33: 分类： | H33: =VLOOKUP(C33,招式表!$C:$O,3,FALSE) -> 分类 | I33: 作用距离： | J33: =VLOOKUP(C33,招式表!$C:$O,10,FALSE) -> 作用距离 | K33: 名称： | L33: 名称 | N33: 属性： | O33: =IF(L33="觉醒力量",VLOOKUP(FLOOR((MOD(VLOOKUP(Z7,其它!#REF!,2,FALSE),2)+2*MOD(VLOOKUP(Z9,其它!#REF!,2,FALSE),2)+4*MOD(VLOOKUP(Z11,其它!#REF!,2,FALSE),2)+8*MOD(VLOOKUP(Z17,其它!#REF!,2,FALSE),2)+16*MOD(VLOOKUP(Z13,其它!#REF!,2,FALSE),2)+32*MOD(VLOOKUP(Z15,其它!#REF!,2,FALSE),2))*15/63,1),其它!AC45:AD61,2,1),VLOOKUP(L33,招式表!$C:$O,2,FALSE)) -> 属性 | P33: 分类： | Q33: =VLOOKUP(L33,招式表!$C:$O,3,FALSE) -> 分类 | R33: 作用距离： | S33: =VLOOKUP(L33,招式表!$C:$O,10,FALSE) -> 作用距离
B34: 威力骰： | C34: =VLOOKUP(C33,招式表!$C:$O,5,FALSE) -> 威力骰 | E34: 命中骰： | F34: =VLOOKUP(C33,招式表!$C:$O,7,FALSE) -> 命中骰 | G34: EP消耗： | H34: =VLOOKUP(C33,招式表!$C:$O,9,FALSE) -> 消耗 | I34: 优先度： | J34: =VLOOKUP(C33,招式表!$C:$O,11,FALSE) -> 优先度 | K34: 威力骰： | L34: =VLOOKUP(L33,招式表!$C:$O,5,FALSE) -> 威力骰 | N34: 命中骰： | O34: =VLOOKUP(L33,招式表!$C:$O,7,FALSE) -> 命中骰 | P34: EP消耗： | Q34: =VLOOKUP(L33,招式表!$C:$O,9,FALSE) -> 消耗 | R34: 优先度： | S34: =VLOOKUP(L33,招式表!$C:$O,11,FALSE) -> 优先度
B35: 效果： | C35: =VLOOKUP(C33,招式表!$C:$O,12,FALSE) -> 说明 | J35: =VLOOKUP(C33,招式表!$C:$O,13,FALSE) -> 其他分类 | K35: 效果： | L35: =VLOOKUP(L33,招式表!$C:$O,12,FALSE) -> 说明 | S35: =VLOOKUP(L33,招式表!$C:$O,13,FALSE) -> 其他分类
B39: 额外招式
B40: 名称： | C40: 名称 | E40: 属性： | F40: =IF(C40="觉醒力量",VLOOKUP(FLOOR((MOD(VLOOKUP(Q12,其它!#REF!,2,FALSE),2)+2*MOD(VLOOKUP(Q14,其它!#REF!,2,FALSE),2)+4*MOD(VLOOKUP(Q15,其它!#REF!,2,FALSE),2)+8*MOD(VLOOKUP(H14,其它!#REF!,2,FALSE),2)+16*MOD(VLOOKUP(Q17,其它!#REF!,2,FALSE),2)+32*MOD(VLOOKUP(H12,其它!#REF!,2,FALSE),2))*15/63,1),其它!T50:U66,2,1),VLOOKUP(C40,招式表!$C:$O,2,FALSE)) -> 属性 | G40: 分类： | H40: =VLOOKUP(C40,招式表!$C:$O,3,FALSE) -> 分类 | I40: 作用距离： | J40: =VLOOKUP(C40,招式表!$C:$O,10,FALSE) -> 作用距离 | K40: 名称： | L40: 名称 | N40: 属性： | O40: =IF(L40="觉醒力量",VLOOKUP(FLOOR((MOD(VLOOKUP(Z12,其它!#REF!,2,FALSE),2)+2*MOD(VLOOKUP(Z14,其它!#REF!,2,FALSE),2)+4*MOD(VLOOKUP(Z16,其它!#REF!,2,FALSE),2)+8*MOD(VLOOKUP(Z22,其它!#REF!,2,FALSE),2)+16*MOD(VLOOKUP(Z18,其它!#REF!,2,FALSE),2)+32*MOD(VLOOKUP(Z20,其它!#REF!,2,FALSE),2))*15/63,1),其它!AC50:AD66,2,1),VLOOKUP(L40,招式表!$C:$O,2,FALSE)) -> 属性 | P40: 分类： | Q40: =VLOOKUP(L40,招式表!$C:$O,3,FALSE) -> 分类 | R40: 作用距离： | S40: =VLOOKUP(L40,招式表!$C:$O,10,FALSE) -> 作用距离
B41: 威力骰： | C41: =VLOOKUP(C40,招式表!$C:$O,5,FALSE) -> 威力骰 | E41: 命中骰： | F41: =VLOOKUP(C40,招式表!$C:$O,7,FALSE) -> 命中骰 | G41: EP消耗： | H41: =VLOOKUP(C40,招式表!$C:$O,9,FALSE) -> 消耗 | I41: 优先度： | J41: =VLOOKUP(C40,招式表!$C:$O,11,FALSE) -> 优先度 | K41: 威力骰： | L41: =VLOOKUP(L40,招式表!$C:$O,5,FALSE) -> 威力骰 | N41: 命中骰： | O41: =VLOOKUP(L40,招式表!$C:$O,7,FALSE) -> 命中骰 | P41: EP消耗： | Q41: =VLOOKUP(L40,招式表!$C:$O,9,FALSE) -> 消耗 | R41: 优先度： | S41: =VLOOKUP(L40,招式表!$C:$O,11,FALSE) -> 优先度
B42: 效果： | C42: =VLOOKUP(C40,招式表!$C:$O,12,FALSE) -> 说明 | J42: =VLOOKUP(C40,招式表!$C:$O,13,FALSE) -> 其他分类 | K42: 效果： | L42: =VLOOKUP(L40,招式表!$C:$O,12,FALSE) -> 说明 | S42: =VLOOKUP(L40,招式表!$C:$O,13,FALSE) -> 其他分类
B48: 背景与经历 | L48: 已学习的招式 | P48: 特殊系统招式计算
B49: 形象描述 | P49: 原始招式： | Q49: 名称 | R49: 类别： | S49: =VLOOKUP(Q49,招式表!$C:$O,3,FALSE) -> 分类
P50: 特殊系统： | Q50: Z | R50: 属性： | S50: =VLOOKUP(R51,招式表!$C:$O,2,FALSE) -> 属性
P51: 特殊系统招式： | R51: 名称
B52: 思想/信念
P53: 威力骰： | Q53: =IF(Q50="Z",IFERROR(VLOOKUP(Q49,其它!G56:I127,2,FALSE),LOOKUP(VLOOKUP(Q49,招式表!$C:$O,4,FALSE),其它!G42:G52,其它!H42:H52)),IFERROR(VLOOKUP(Q49,其它!G65:I131,3,FALSE),LOOKUP(VLOOKUP(Q49,招式表!$C:$O,4,FALSE),其它!K42:K49,IF(OR(S50="格斗",S50="毒"),其它!M42:M49,其它!L42:L49)))) -> 4D8
B55: 性格/特质 | P55: 专属威力： | Q55: =IFERROR(VLOOKUP(R51,其它!C62:D79,2,FALSE),"")
P57: EP消耗： | Q57: 8 | R57: 优先度： | S57: 0
B58: 背景/经历 | P58: 命中骰： | Q58: 必中 | R58: 作用距离： | S58: 10
P59: 效果： | Q59: =VLOOKUP(R51,招式表!$C:$O,12,FALSE) -> 说明
B67: 被攻击克制查询 | L67: 收服概率计算器 | Q67: HP快捷计算
B68: 一般 | C68: 格斗 | D68: 飞行 | E68: 毒 | F68: 地面 | G68: 岩石 | H68: 虫 | I68: 幽灵 | J68: 钢 | L68: 当前HP： | M68: 球种修正 | N68: 精灵球 | O68: =VLOOKUP(N68,其它!T3:U38,2,FALSE) -> 1 | Q68: 1/8HP | R68: 1/6HP | S68: 1/4HP
B69: =VLOOKUP($F$7,其它!$AA$23:$AS$42,2,FALSE)*VLOOKUP($F$8,其它!$AA$23:$AS$42,2,FALSE) -> 1 | C69: =VLOOKUP($F$7,其它!$AA$23:$AS$42,3,FALSE)*VLOOKUP($F$8,其它!$AA$23:$AS$42,3,FALSE) -> 0.5 | D69: =VLOOKUP($F$7,其它!$AA$23:$AS$42,4,FALSE)*VLOOKUP($F$8,其它!$AA$23:$AS$42,4,FALSE) -> 2 | E69: =VLOOKUP($F$7,其它!$AA$23:$AS$42,5,FALSE)*VLOOKUP($F$8,其它!$AA$23:$AS$42,5,FALSE) -> 1 | F69: =VLOOKUP($F$7,其它!$AA$23:$AS$42,6,FALSE)*VLOOKUP($F$8,其它!$AA$23:$AS$42,6,FALSE)*IF(OR(B20="飘浮",B20="食土"),0,1) -> 1 | G69: =VLOOKUP($F$7,其它!$AA$23:$AS$42,7,FALSE)*VLOOKUP($F$8,其它!$AA$23:$AS$42,7,FALSE) -> 1 | H69: =VLOOKUP($F$7,其它!$AA$23:$AS$42,8,FALSE)*VLOOKUP($F$8,其它!$AA$23:$AS$42,8,FALSE) -> 1 | I69: =VLOOKUP($F$7,其它!$AA$23:$AS$42,9,FALSE)*VLOOKUP($F$8,其它!$AA$23:$AS$42,9,FALSE)*IF(B20="洁净之盐",0.5,1) -> 1 | J69: =VLOOKUP($F$7,其它!$AA$23:$AS$42,10,FALSE)*VLOOKUP($F$8,其它!$AA$23:$AS$42,10,FALSE) -> 1 | L69: =F11 -> 0 | M69: 状态修正 | N69: 正常 | O69: =IF(N69="正常",1,IF(N69="冰冻",2,IF(N69="睡眠",2,IF(N69="中毒",1.5,IF(N69="麻痹",1.5,IF(N69="灼伤",1.5,0)))))) -> 1 | Q69: =INT(IF(K4>8,(K4/8),1)) -> 2 | R69: =INT(IF(K4>6,(K4/6),1)) -> 3 | S69: =INT(IF(K4>4,(K4/4),1)) -> 5
B70: 火 | C70: 水 | D70: 草 | E70: 电 | F70: 超能力 | G70: 冰 | H70: 龙 | I70: 恶 | J70: 妖精 | L70: 捕获率 | M70: =VLOOKUP(F5,编号表!$A:$R,16,FALSE) -> 45 | N70: 收服概率 | O70: =(((K4*3-L69*2)*M70*O68)/(K4*3)*O69)/255 -> 0.17647059 | Q70: 1/3HP | R70: 1/2HP | S70: 2/3HP
B71: =VLOOKUP($F$7,其它!$AA$23:$AS$42,11,FALSE)*VLOOKUP($F$8,其它!$AA$23:$AS$42,11,FALSE)*IF(B20="引火",0,1)*IF(OR(B20="厚脂肪",B20="水泡",B20="耐热"),0.5,1)*IF(B20="毛茸茸",2,1) -> 2 | C71: =VLOOKUP($F$7,其它!$AA$23:$AS$42,12,FALSE)*VLOOKUP($F$8,其它!$AA$23:$AS$42,12,FALSE)*IF(OR(B20="储水",B20="引水",B20="干燥皮肤"),0,1) -> 0.5 | D71: =VLOOKUP($F$7,其它!$AA$23:$AS$42,13,FALSE)*VLOOKUP($F$8,其它!$AA$23:$AS$42,13,FALSE)*IF(B20="食草",0,1) -> 0.25 | E71: =VLOOKUP($F$7,其它!$AA$23:$AS$42,14,FALSE)*VLOOKUP($F$8,其它!$AA$23:$AS$42,14,FALSE)*IF(OR(B20="避雷针",B20="蓄电",B20="电气引擎"),0,1) -> 0.5 | F71: =VLOOKUP($F$7,其它!$AA$23:$AS$42,15,FALSE)*VLOOKUP($F$8,其它!$AA$23:$AS$42,15,FALSE) -> 2 | G71: =VLOOKUP($F$7,其它!$AA$23:$AS$42,16,FALSE)*VLOOKUP($F$8,其它!$AA$23:$AS$42,16,FALSE) -> 2 | H71: =VLOOKUP($F$7,其它!$AA$23:$AS$42,17,FALSE)*VLOOKUP($F$8,其它!$AA$23:$AS$42,17,FALSE) -> 1 | I71: =VLOOKUP($F$7,其它!$AA$23:$AS$42,18,FALSE)*VLOOKUP($F$8,其它!$AA$23:$AS$42,18,FALSE) -> 1 | J71: =VLOOKUP($F$7,其它!$AA$23:$AS$42,19,FALSE)*VLOOKUP($F$8,其它!$AA$23:$AS$42,19,FALSE) -> 0.5 | O71: ="DC"&21-INT(O70/0.05) -> DC18 | Q71: =INT(IF(K4>3,(K4/3),1)) -> 7 | R71: =INT(IF(K4>2,(K4/2),1)) -> 10 | S71: =INT(IF(K4>1.5,(K4/1.5),1)) -> 14
B74: 升级招式 | C74: 消耗 | D74: 可学习 | F74: 招式学习器 | G74: 消耗 | H74: 技能机招式 | I74: 消耗 | J74: 技能机招式 | K74: 消耗 | M74: 蛋招式 | N74: 消耗 | O74: 教学招式 | P74: 消耗 | Q74: 其他招式 | R74: 消耗
B75: =IFERROR(VLOOKUP(MID(SUBSTITUTE(VLOOKUP($F$5,编号表!$A:$W,19,FALSE),",",""),(ROW(B75)-ROW($B$75))*4+1,4),招式表!$A:$C,3,FALSE),"") -> 舍身冲撞 | C75: =IFERROR(VLOOKUP(B75,招式表!$C:$O,9,FALSE),"") -> 7 | D75: =IF($H$13>C75,"是","") | F75: =IFERROR(VLOOKUP(MID(SUBSTITUTE(VLOOKUP($F$5,编号表!$A:$W,20,FALSE),",",""),(ROW(F75)-ROW($F$75))*4+1,4),招式表!$A:$C,3,FALSE),"") -> 酸液炸弹 | G75: =IFERROR(VLOOKUP(F75,招式表!$C:$O,9,FALSE),"") -> 6 | H75: =IFERROR(VLOOKUP(MID(SUBSTITUTE(VLOOKUP($F$5,编号表!$A:$W,20,FALSE),",",""),(ROW(H75)-ROW($F$75)+50)*4+1,4),招式表!$A:$C,3,FALSE),"") -> 猛撞 | I75: =IFERROR(VLOOKUP(H75,招式表!$C:$O,9,FALSE),"") -> 6 | J75: =IFERROR(VLOOKUP(MID(SUBSTITUTE(VLOOKUP($F$5,编号表!$A:$W,20,FALSE),",",""),(ROW(J75)-ROW($J$75)+100)*4+1,4),招式表!$A:$C,3,FALSE),"") | K75: =IFERROR(VLOOKUP(J75,招式表!$C:$O,9,FALSE),"") | M75: =IFERROR(VLOOKUP(MID(SUBSTITUTE(VLOOKUP($F$5,编号表!$A:$W,21,FALSE),",",""),(ROW(M75)-ROW($M$75))*4+1,4),招式表!$A:$C,3,FALSE),"") -> 瞬间失忆 | N75: =IFERROR(VLOOKUP(M75,招式表!$C:$O,9,FALSE),"") -> 5 | O75: =IFERROR(VLOOKUP(MID(SUBSTITUTE(VLOOKUP($F$5,编号表!$A:$W,22,FALSE),",",""),(ROW(O75)-ROW($O$75))*4+1,4),招式表!$A:$C,3,FALSE),"") -> 绑紧 | P75: =IFERROR(VLOOKUP(O75,招式表!$C:$O,9,FALSE),"") -> 5 | Q75: =IFERROR(VLOOKUP(MID(SUBSTITUTE(VLOOKUP($F$5,编号表!$A:$W,23,FALSE),",",""),(ROW(Q75)-ROW($Q$75))*4+1,4),招式表!$A:$C,3,FALSE),"") -> 忍耐 | R75: =IFERROR(VLOOKUP(Q75,招式表!$C:$O,9,FALSE),"") -> 4
B76: =IFERROR(VLOOKUP(MID(SUBSTITUTE(VLOOKUP($F$5,编号表!$A:$W,19,FALSE),",",""),(ROW(B76)-ROW($B$75))*4+1,4),招式表!$A:$C,3,FALSE),"") -> 叫声 | C76: =IFERROR(VLOOKUP(B76,招式表!$C:$O,9,FALSE),"") -> 3 | D76: =IF($H$13>C76,"是","") -> 是 | F76: =IFERROR(VLOOKUP(MID(SUBSTITUTE(VLOOKUP($F$5,编号表!$A:$W,20,FALSE),",",""),(ROW(F76)-ROW($F$75))*4+1,4),招式表!$A:$C,3,FALSE),"") -> 瞬间失忆 | G76: =IFERROR(VLOOKUP(F76,招式表!$C:$O,9,FALSE),"") -> 5 | H76: =IFERROR(VLOOKUP(MID(SUBSTITUTE(VLOOKUP($F$5,编号表!$A:$W,20,FALSE),",",""),(ROW(H76)-ROW($F$75)+50)*4+1,4),招式表!$A:$C,3,FALSE),"") -> 太晶爆发 | I76: =IFERROR(VLOOKUP(H76,招式表!$C:$O,9,FALSE),"") -> 7 | J76: =IFERROR(VLOOKUP(MID(SUBSTITUTE(VLOOKUP($F$5,编号表!$A:$W,20,FALSE),",",""),(ROW(J76)-ROW($J$75)+100)*4+1,4),招式表!$A:$C,3,FALSE),"") | K76: =IFERROR(VLOOKUP(J76,招式表!$C:$O,9,FALSE),"") | M76: =IFERROR(VLOOKUP(MID(SUBSTITUTE(VLOOKUP($F$5,编号表!$A:$W,21,FALSE),",",""),(ROW(M76)-ROW($M$75))*4+1,4),招式表!$A:$C,3,FALSE),"") -> 撒娇 | N76: =IFERROR(VLOOKUP(M76,招式表!$C:$O,9,FALSE),"") -> 5 | O76: =IFERROR(VLOOKUP(MID(SUBSTITUTE(VLOOKUP($F$5,编号表!$A:$W,22,FALSE),",",""),(ROW(O76)-ROW($O$75))*4+1,4),招式表!$A:$C,3,FALSE),"") -> 泰山压顶 | P76: =IFERROR(VLOOKUP(O76,招式表!$C:$O,9,FALSE),"") -> 6 | Q76: =IFERROR(VLOOKUP(MID(SUBSTITUTE(VLOOKUP($F$5,编号表!$A:$W,23,FALSE),",",""),(ROW(Q76)-ROW($Q$75))*4+1,4),招式表!$A:$C,3,FALSE),"") -> 挡路 | R76: =IFERROR(VLOOKUP(Q76,招式表!$C:$O,9,FALSE),"") -> 5
B77: =IFERROR(VLOOKUP(MID(SUBSTITUTE(VLOOKUP($F$5,编号表!$A:$W,19,FALSE),",",""),(ROW(B77)-ROW($B$75))*4+1,4),招式表!$A:$C,3,FALSE),"") -> 生长 | C77: =IFERROR(VLOOKUP(B77,招式表!$C:$O,9,FALSE),"") -> 5 | D77: =IF($H$13>C77,"是","") | F77: =IFERROR(VLOOKUP(MID(SUBSTITUTE(VLOOKUP($F$5,编号表!$A:$W,20,FALSE),",",""),(ROW(F77)-ROW($F$75))*4+1,4),招式表!$A:$C,3,FALSE),"") -> 迷人 | G77: =IFERROR(VLOOKUP(F77,招式表!$C:$O,9,FALSE),"") -> 6 | H77: =IFERROR(VLOOKUP(MID(SUBSTITUTE(VLOOKUP($F$5,编号表!$A:$W,20,FALSE),",",""),(ROW(H77)-ROW($F$75)+50)*4+1,4),招式表!$A:$C,3,FALSE),"") -> 剧毒 | I77: =IFERROR(VLOOKUP(H77,招式表!$C:$O,9,FALSE),"") -> 7 | J77: =IFERROR(VLOOKUP(MID(SUBSTITUTE(VLOOKUP($F$5,编号表!$A:$W,20,FALSE),",",""),(ROW(J77)-ROW($J$75)+100)*4+1,4),招式表!$A:$C,3,FALSE),"") | K77: =IFERROR(VLOOKUP(J77,招式表!$C:$O,9,FALSE),"") | M77: =IFERROR(VLOOKUP(MID(SUBSTITUTE(VLOOKUP($F$5,编号表!$A:$W,21,FALSE),",",""),(ROW(M77)-ROW($M$75))*4+1,4),招式表!$A:$C,3,FALSE),"") -> 咒术 | N77: =IFERROR(VLOOKUP(M77,招式表!$C:$O,9,FALSE),"") -> 7 | O77: =IFERROR(VLOOKUP(MID(SUBSTITUTE(VLOOKUP($F$5,编号表!$A:$W,22,FALSE),",",""),(ROW(O77)-ROW($O$75))*4+1,4),招式表!$A:$C,3,FALSE),"") -> 变圆 | P77: =IFERROR(VLOOKUP(O77,招式表!$C:$O,9,FALSE),"") -> 3 | Q77: =IFERROR(VLOOKUP(MID(SUBSTITUTE(VLOOKUP($F$5,编号表!$A:$W,23,FALSE),",",""),(ROW(Q77)-ROW($Q$75))*4+1,4),招式表!$A:$C,3,FALSE),"") -> 庆祝 | R77: =IFERROR(VLOOKUP(Q77,招式表!$C:$O,9,FALSE),"") -> 1
B78: =IFERROR(VLOOKUP(MID(SUBSTITUTE(VLOOKUP($F$5,编号表!$A:$W,19,FALSE),",",""),(ROW(B78)-ROW($B$75))*4+1,4),招式表!$A:$C,3,FALSE),"") -> 寄生种子 | C78: =IFERROR(VLOOKUP(B78,招式表!$C:$O,9,FALSE),"") -> 5 | D78: =IF($H$13>C78,"是","") | F78: =IFERROR(VLOOKUP(MID(SUBSTITUTE(VLOOKUP($F$5,编号表!$A:$W,20,FALSE),",",""),(ROW(F78)-ROW($F$75))*4+1,4),招式表!$A:$C,3,FALSE),"") -> 泰山压顶 | G78: =IFERROR(VLOOKUP(F78,招式表!$C:$O,9,FALSE),"") -> 6 | H78: =IFERROR(VLOOKUP(MID(SUBSTITUTE(VLOOKUP($F$5,编号表!$A:$W,20,FALSE),",",""),(ROW(H78)-ROW($F$75)+50)*4+1,4),招式表!$A:$C,3,FALSE),"") -> 起草 | I78: =IFERROR(VLOOKUP(H78,招式表!$C:$O,9,FALSE),"") -> 5 | J78: =IFERROR(VLOOKUP(MID(SUBSTITUTE(VLOOKUP($F$5,编号表!$A:$W,20,FALSE),",",""),(ROW(J78)-ROW($J$75)+100)*4+1,4),招式表!$A:$C,3,FALSE),"") | K78: =IFERROR(VLOOKUP(J78,招式表!$C:$O,9,FALSE),"") | M78: =IFERROR(VLOOKUP(MID(SUBSTITUTE(VLOOKUP($F$5,编号表!$A:$W,21,FALSE),",",""),(ROW(M78)-ROW($M$75))*4+1,4),招式表!$A:$C,3,FALSE),"") -> 挺住 | N78: =IFERROR(VLOOKUP(M78,招式表!$C:$O,9,FALSE),"") -> 5 | O78: =IFERROR(VLOOKUP(MID(SUBSTITUTE(VLOOKUP($F$5,编号表!$A:$W,22,FALSE),",",""),(ROW(O78)-ROW($O$75))*4+1,4),招式表!$A:$C,3,FALSE),"") -> 舍身冲撞 | P78: =IFERROR(VLOOKUP(O78,招式表!$C:$O,9,FALSE),"") -> 7 | Q78: =IFERROR(VLOOKUP(MID(SUBSTITUTE(VLOOKUP($F$5,编号表!$A:$W,23,FALSE),",",""),(ROW(Q78)-ROW($Q$75))*4+1,4),招式表!$A:$C,3,FALSE),"") -> 疯狂植物 | R78: =IFERROR(VLOOKUP(Q78,招式表!$C:$O,9,FALSE),"") -> 8
B79: =IFERROR(VLOOKUP(MID(SUBSTITUTE(VLOOKUP($F$5,编号表!$A:$W,19,FALSE),",",""),(ROW(B79)-ROW($B$75))*4+1,4),招式表!$A:$C,3,FALSE),"") -> 毒粉 | C79: =IFERROR(VLOOKUP(B79,招式表!$C:$O,9,FALSE),"") -> 5 | D79: =IF($H$13>C79,"是","") | F79: =IFERROR(VLOOKUP(MID(SUBSTITUTE(VLOOKUP($F$5,编号表!$A:$W,20,FALSE),",",""),(ROW(F79)-ROW($F$75))*4+1,4),招式表!$A:$C,3,FALSE),"") -> 种子机关枪 | G79: =IFERROR(VLOOKUP(F79,招式表!$C:$O,9,FALSE),"") -> 5 | H79: =IFERROR(VLOOKUP(MID(SUBSTITUTE(VLOOKUP($F$5,编号表!$A:$W,20,FALSE),",",""),(ROW(H79)-ROW($F$75)+50)*4+1,4),招式表!$A:$C,3,FALSE),"") -> 毒液冲击 | I79: =IFERROR(VLOOKUP(H79,招式表!$C:$O,9,FALSE),"") -> 6 | J79: =IFERROR(VLOOKUP(MID(SUBSTITUTE(VLOOKUP($F$5,编号表!$A:$W,20,FALSE),",",""),(ROW(J79)-ROW($J$75)+100)*4+1,4),招式表!$A:$C,3,FALSE),"") | K79: =IFERROR(VLOOKUP(J79,招式表!$C:$O,9,FALSE),"") | M79: =IFERROR(VLOOKUP(MID(SUBSTITUTE(VLOOKUP($F$5,编号表!$A:$W,21,FALSE),",",""),(ROW(M79)-ROW($M$75))*4+1,4),招式表!$A:$C,3,FALSE),"") -> 终极吸取 | N79: =IFERROR(VLOOKUP(M79,招式表!$C:$O,9,FALSE),"") -> 6 | O79: =IFERROR(VLOOKUP(MID(SUBSTITUTE(VLOOKUP($F$5,编号表!$A:$W,22,FALSE),",",""),(ROW(O79)-ROW($O$75))*4+1,4),招式表!$A:$C,3,FALSE),"") -> 挺住 | P79: =IFERROR(VLOOKUP(O79,招式表!$C:$O,9,FALSE),"") -> 5 | Q79: =IFERROR(VLOOKUP(MID(SUBSTITUTE(VLOOKUP($F$5,编号表!$A:$W,23,FALSE),",",""),(ROW(Q79)-ROW($Q$75))*4+1,4),招式表!$A:$C,3,FALSE),"") -> 超级吸取 | R79: =IFERROR(VLOOKUP(Q79,招式表!$C:$O,9,FALSE),"") -> 5
B80: =IFERROR(VLOOKUP(MID(SUBSTITUTE(VLOOKUP($F$5,编号表!$A:$W,19,FALSE),",",""),(ROW(B80)-ROW($B$75))*4+1,4),招式表!$A:$C,3,FALSE),"") -> 强力鞭打 | C80: =IFERROR(VLOOKUP(B80,招式表!$C:$O,9,FALSE),"") -> 8 | D80: =IF($H$13>C80,"是","") | F80: =IFERROR(VLOOKUP(MID(SUBSTITUTE(VLOOKUP($F$5,编号表!$A:$W,20,FALSE),",",""),(ROW(F80)-ROW($F$75))*4+1,4),招式表!$A:$C,3,FALSE),"") -> 诱惑 | G80: =IFERROR(VLOOKUP(F80,招式表!$C:$O,9,FALSE),"") -> 5 | H80: =IFERROR(VLOOKUP(MID(SUBSTITUTE(VLOOKUP($F$5,编号表!$A:$W,20,FALSE),",",""),(ROW(H80)-ROW($F$75)+50)*4+1,4),招式表!$A:$C,3,FALSE),"") -> 气象球 | I80: =IFERROR(VLOOKUP(H80,招式表!$C:$O,9,FALSE),"") -> 7 | J80: =IFERROR(VLOOKUP(MID(SUBSTITUTE(VLOOKUP($F$5,编号表!$A:$W,20,FALSE),",",""),(ROW(J80)-ROW($J$75)+100)*4+1,4),招式表!$A:$C,3,FALSE),"") | K80: =IFERROR(VLOOKUP(J80,招式表!$C:$O,9,FALSE),"") | M80: =IFERROR(VLOOKUP(MID(SUBSTITUTE(VLOOKUP($F$5,编号表!$A:$W,21,FALSE),",",""),(ROW(M80)-ROW($M$75))*4+1,4),招式表!$A:$C,3,FALSE),"") -> 草笛 | N80: =IFERROR(VLOOKUP(M80,招式表!$C:$O,9,FALSE),"") -> 5 | O80: =IFERROR(VLOOKUP(MID(SUBSTITUTE(VLOOKUP($F$5,编号表!$A:$W,22,FALSE),",",""),(ROW(O80)-ROW($O$75))*4+1,4),招式表!$A:$C,3,FALSE),"") -> 连斩 | P80: =IFERROR(VLOOKUP(O80,招式表!$C:$O,9,FALSE),"") -> 4 | Q80: =IFERROR(VLOOKUP(MID(SUBSTITUTE(VLOOKUP($F$5,编号表!$A:$W,23,FALSE),",",""),(ROW(Q80)-ROW($Q$75))*4+1,4),招式表!$A:$C,3,FALSE),"") -> 逆鳞 | R80: =IFERROR(VLOOKUP(Q80,招式表!$C:$O,9,FALSE),"") -> 7
B81: =IFERROR(VLOOKUP(MID(SUBSTITUTE(VLOOKUP($F$5,编号表!$A:$W,19,FALSE),",",""),(ROW(B81)-ROW($B$75))*4+1,4),招式表!$A:$C,3,FALSE),"") -> 飞叶快刀 | C81: =IFERROR(VLOOKUP(B81,招式表!$C:$O,9,FALSE),"") -> 5 | D81: =IF($H$13>C81,"是","") | F81: =IFERROR(VLOOKUP(MID(SUBSTITUTE(VLOOKUP($F$5,编号表!$A:$W,20,FALSE),",",""),(ROW(F81)-ROW($F$75))*4+1,4),招式表!$A:$C,3,FALSE),"") -> 撒娇 | G81: =IFERROR(VLOOKUP(F81,招式表!$C:$O,9,FALSE),"") -> 5 | H81: =IFERROR(VLOOKUP(MID(SUBSTITUTE(VLOOKUP($F$5,编号表!$A:$W,20,FALSE),",",""),(ROW(H81)-ROW($F$75)+50)*4+1,4),招式表!$A:$C,3,FALSE),"") -> 自我激励 | I81: =IFERROR(VLOOKUP(H81,招式表!$C:$O,9,FALSE),"") -> 5 | J81: =IFERROR(VLOOKUP(MID(SUBSTITUTE(VLOOKUP($F$5,编号表!$A:$W,20,FALSE),",",""),(ROW(J81)-ROW($J$75)+100)*4+1,4),招式表!$A:$C,3,FALSE),"") | K81: =IFERROR(VLOOKUP(J81,招式表!$C:$O,9,FALSE),"") | M81: =IFERROR(VLOOKUP(MID(SUBSTITUTE(VLOOKUP($F$5,编号表!$A:$W,21,FALSE),",",""),(ROW(M81)-ROW($M$75))*4+1,4),招式表!$A:$C,3,FALSE),"") -> 青草场地 | N81: =IFERROR(VLOOKUP(M81,招式表!$C:$O,9,FALSE),"") -> 7 | O81: =IFERROR(VLOOKUP(MID(SUBSTITUTE(VLOOKUP($F$5,编号表!$A:$W,22,FALSE),",",""),(ROW(O81)-ROW($O$75))*4+1,4),招式表!$A:$C,3,FALSE),"") -> 终极吸取 | P81: =IFERROR(VLOOKUP(O81,招式表!$C:$O,9,FALSE),"") -> 6 | Q81: =IFERROR(VLOOKUP(MID(SUBSTITUTE(VLOOKUP($F$5,编号表!$A:$W,23,FALSE),",",""),(ROW(Q81)-ROW($Q$75))*4+1,4),招式表!$A:$C,3,FALSE),"") -> 愤怒 | R81: =IFERROR(VLOOKUP(Q81,招式表!$C:$O,9,FALSE),"") -> 5
B82: =IFERROR(VLOOKUP(MID(SUBSTITUTE(VLOOKUP($F$5,编号表!$A:$W,19,FALSE),",",""),(ROW(B82)-ROW($B$75))*4+1,4),招式表!$A:$C,3,FALSE),"") -> 种子炸弹 | C82: =IFERROR(VLOOKUP(B82,招式表!$C:$O,9,FALSE),"") -> 6 | D82: =IF($H$13>C82,"是","") | F82: =IFERROR(VLOOKUP(MID(SUBSTITUTE(VLOOKUP($F$5,编号表!$A:$W,20,FALSE),",",""),(ROW(F82)-ROW($F$75))*4+1,4),招式表!$A:$C,3,FALSE),"") -> 密语 | G82: =IFERROR(VLOOKUP(F82,招式表!$C:$O,9,FALSE),"") -> 3 | H82: =IFERROR(VLOOKUP(MID(SUBSTITUTE(VLOOKUP($F$5,编号表!$A:$W,20,FALSE),",",""),(ROW(H82)-ROW($F$75)+50)*4+1,4),招式表!$A:$C,3,FALSE),"") | I82: =IFERROR(VLOOKUP(H82,招式表!$C:$O,9,FALSE),"") | J82: =IFERROR(VLOOKUP(MID(SUBSTITUTE(VLOOKUP($F$5,编号表!$A:$W,20,FALSE),",",""),(ROW(J82)-ROW($J$75)+100)*4+1,4),招式表!$A:$C,3,FALSE),"") | K82: =IFERROR(VLOOKUP(J82,招式表!$C:$O,9,FALSE),"") | M82: =IFERROR(VLOOKUP(MID(SUBSTITUTE(VLOOKUP($F$5,编号表!$A:$W,21,FALSE),",",""),(ROW(M82)-ROW($M$75))*4+1,4),招式表!$A:$C,3,FALSE),"") -> 扎根 | N82: =IFERROR(VLOOKUP(M82,招式表!$C:$O,9,FALSE),"") -> 5 | O82: =IFERROR(VLOOKUP(MID(SUBSTITUTE(VLOOKUP($F$5,编号表!$A:$W,22,FALSE),",",""),(ROW(O82)-ROW($O$75))*4+1,4),招式表!$A:$C,3,FALSE),"") -> 草之誓约 | P82: =IFERROR(VLOOKUP(O82,招式表!$C:$O,9,FALSE),"") -> 6 | Q82: =IFERROR(VLOOKUP(MID(SUBSTITUTE(VLOOKUP($F$5,编号表!$A:$W,23,FALSE),",",""),(ROW(Q82)-ROW($Q$75))*4+1,4),招式表!$A:$C,3,FALSE),"") -> 旋风刀 | R82: =IFERROR(VLOOKUP(Q82,招式表!$C:$O,9,FALSE),"") -> 6
B83: =IFERROR(VLOOKUP(MID(SUBSTITUTE(VLOOKUP($F$5,编号表!$A:$W,19,FALSE),",",""),(ROW(B83)-ROW($B$75))*4+1,4),招式表!$A:$C,3,FALSE),"") -> 催眠粉 | C83: =IFERROR(VLOOKUP(B83,招式表!$C:$O,9,FALSE),"") -> 5 | D83: =IF($H$13>C83,"是","") | F83: =IFERROR(VLOOKUP(MID(SUBSTITUTE(VLOOKUP($F$5,编号表!$A:$W,20,FALSE),",",""),(ROW(F83)-ROW($F$75))*4+1,4),招式表!$A:$C,3,FALSE),"") -> 咒术 | G83: =IFERROR(VLOOKUP(F83,招式表!$C:$O,9,FALSE),"") -> 7 | H83: =IFERROR(VLOOKUP(MID(SUBSTITUTE(VLOOKUP($F$5,编号表!$A:$W,20,FALSE),",",""),(ROW(H83)-ROW($F$75)+50)*4+1,4),招式表!$A:$C,3,FALSE),"") | I83: =IFERROR(VLOOKUP(H83,招式表!$C:$O,9,FALSE),"") | J83: =IFERROR(VLOOKUP(MID(SUBSTITUTE(VLOOKUP($F$5,编号表!$A:$W,20,FALSE),",",""),(ROW(J83)-ROW($J$75)+100)*4+1,4),招式表!$A:$C,3,FALSE),"") | K83: =IFERROR(VLOOKUP(J83,招式表!$C:$O,9,FALSE),"") | M83: =IFERROR(VLOOKUP(MID(SUBSTITUTE(VLOOKUP($F$5,编号表!$A:$W,21,FALSE),",",""),(ROW(M83)-ROW($M$75))*4+1,4),招式表!$A:$C,3,FALSE),"") -> 飞叶风暴 | N83: =IFERROR(VLOOKUP(M83,招式表!$C:$O,9,FALSE),"") -> 8 | O83: =IFERROR(VLOOKUP(MID(SUBSTITUTE(VLOOKUP($F$5,编号表!$A:$W,22,FALSE),",",""),(ROW(O83)-ROW($O$75))*4+1,4),招式表!$A:$C,3,FALSE),"") -> 青草滑梯 | P83: =IFERROR(VLOOKUP(O83,招式表!$C:$O,9,FALSE),"") -> 6 | Q83: =IFERROR(VLOOKUP(MID(SUBSTITUTE(VLOOKUP($F$5,编号表!$A:$W,23,FALSE),",",""),(ROW(Q83)-ROW($Q$75))*4+1,4),招式表!$A:$C,3,FALSE),"") -> 反射壁 | R83: =IFERROR(VLOOKUP(Q83,招式表!$C:$O,9,FALSE),"") -> 7
B84: =IFERROR(VLOOKUP(MID(SUBSTITUTE(VLOOKUP($F$5,编号表!$A:$W,19,FALSE),",",""),(ROW(B84)-ROW($B$75))*4+1,4),招式表!$A:$C,3,FALSE),"") -> 日光束 | C84: =IFERROR(VLOOKUP(B84,招式表!$C:$O,9,FALSE),"") -> 7 | D84: =IF($H$13>C84,"是","") | F84: =IFERROR(VLOOKUP(MID(SUBSTITUTE(VLOOKUP($F$5,编号表!$A:$W,20,FALSE),",",""),(ROW(F84)-ROW($F$75))*4+1,4),招式表!$A:$C,3,FALSE),"") -> 居合劈 | G84: =IFERROR(VLOOKUP(F84,招式表!$C:$O,9,FALSE),"") -> 4 | H84: =IFERROR(VLOOKUP(MID(SUBSTITUTE(VLOOKUP($F$5,编号表!$A:$W,20,FALSE),",",""),(ROW(H84)-ROW($F$75)+50)*4+1,4),招式表!$A:$C,3,FALSE),"") | I84: =IFERROR(VLOOKUP(H84,招式表!$C:$O,9,FALSE),"") | J84: =IFERROR(VLOOKUP(MID(SUBSTITUTE(VLOOKUP($F$5,编号表!$A:$W,20,FALSE),",",""),(ROW(J84)-ROW($J$75)+100)*4+1,4),招式表!$A:$C,3,FALSE),"") | K84: =IFERROR(VLOOKUP(J84,招式表!$C:$O,9,FALSE),"") | M84: =IFERROR(VLOOKUP(MID(SUBSTITUTE(VLOOKUP($F$5,编号表!$A:$W,21,FALSE),",",""),(ROW(M84)-ROW($M$75))*4+1,4),招式表!$A:$C,3,FALSE),"") -> 光墙 | N84: =IFERROR(VLOOKUP(M84,招式表!$C:$O,9,FALSE),"") -> 7 | O84: =IFERROR(VLOOKUP(MID(SUBSTITUTE(VLOOKUP($F$5,编号表!$A:$W,22,FALSE),",",""),(ROW(O84)-ROW($O$75))*4+1,4),招式表!$A:$C,3,FALSE),"") -> 头锤 | P84: =IFERROR(VLOOKUP(O84,招式表!$C:$O,9,FALSE),"") -> 6 | Q84: =IFERROR(VLOOKUP(MID(SUBSTITUTE(VLOOKUP($F$5,编号表!$A:$W,23,FALSE),",",""),(ROW(Q84)-ROW($Q$75))*4+1,4),招式表!$A:$C,3,FALSE),"") | R84: =IFERROR(VLOOKUP(Q84,招式表!$C:$O,9,FALSE),"")
B85: =IFERROR(VLOOKUP(MID(SUBSTITUTE(VLOOKUP($F$5,编号表!$A:$W,19,FALSE),",",""),(ROW(B85)-ROW($B$75))*4+1,4),招式表!$A:$C,3,FALSE),"") -> 甜甜香气 | C85: =IFERROR(VLOOKUP(B85,招式表!$C:$O,9,FALSE),"") -> 5 | D85: =IF($H$13>C85,"是","") | F85: =IFERROR(VLOOKUP(MID(SUBSTITUTE(VLOOKUP($F$5,编号表!$A:$W,20,FALSE),",",""),(ROW(F85)-ROW($F$75))*4+1,4),招式表!$A:$C,3,FALSE),"") -> 舍身冲撞 | G85: =IFERROR(VLOOKUP(F85,招式表!$C:$O,9,FALSE),"") -> 7 | H85: =IFERROR(VLOOKUP(MID(SUBSTITUTE(VLOOKUP($F$5,编号表!$A:$W,20,FALSE),",",""),(ROW(H85)-ROW($F$75)+50)*4+1,4),招式表!$A:$C,3,FALSE),"") | I85: =IFERROR(VLOOKUP(H85,招式表!$C:$O,9,FALSE),"") | J85: =IFERROR(VLOOKUP(MID(SUBSTITUTE(VLOOKUP($F$5,编号表!$A:$W,20,FALSE),",",""),(ROW(J85)-ROW($J$75)+100)*4+1,4),招式表!$A:$C,3,FALSE),"") | K85: =IFERROR(VLOOKUP(J85,招式表!$C:$O,9,FALSE),"") | M85: =IFERROR(VLOOKUP(MID(SUBSTITUTE(VLOOKUP($F$5,编号表!$A:$W,21,FALSE),",",""),(ROW(M85)-ROW($M$75))*4+1,4),招式表!$A:$C,3,FALSE),"") -> 魔法叶 | N85: =IFERROR(VLOOKUP(M85,招式表!$C:$O,9,FALSE),"") -> 5 | O85: =IFERROR(VLOOKUP(MID(SUBSTITUTE(VLOOKUP($F$5,编号表!$A:$W,22,FALSE),",",""),(ROW(O85)-ROW($O$75))*4+1,4),招式表!$A:$C,3,FALSE),"") -> 拍落 | P85: =IFERROR(VLOOKUP(O85,招式表!$C:$O,9,FALSE),"") -> 6 | Q85: =IFERROR(VLOOKUP(MID(SUBSTITUTE(VLOOKUP($F$5,编号表!$A:$W,23,FALSE),",",""),(ROW(Q85)-ROW($Q$75))*4+1,4),招式表!$A:$C,3,FALSE),"") | R85: =IFERROR(VLOOKUP(Q85,招式表!$C:$O,9,FALSE),"")
B86: =IFERROR(VLOOKUP(MID(SUBSTITUTE(VLOOKUP($F$5,编号表!$A:$W,19,FALSE),",",""),(ROW(B86)-ROW($B$75))*4+1,4),招式表!$A:$C,3,FALSE),"") -> 光合作用 | C86: =IFERROR(VLOOKUP(B86,招式表!$C:$O,9,FALSE),"") -> 6 | D86: =IF($H$13>C86,"是","") | F86: =IFERROR(VLOOKUP(MID(SUBSTITUTE(VLOOKUP($F$5,编号表!$A:$W,20,FALSE),",",""),(ROW(F86)-ROW($F$75))*4+1,4),招式表!$A:$C,3,FALSE),"") -> 影子分身 | G86: =IFERROR(VLOOKUP(F86,招式表!$C:$O,9,FALSE),"") -> 6 | H86: =IFERROR(VLOOKUP(MID(SUBSTITUTE(VLOOKUP($F$5,编号表!$A:$W,20,FALSE),",",""),(ROW(H86)-ROW($F$75)+50)*4+1,4),招式表!$A:$C,3,FALSE),"") | I86: =IFERROR(VLOOKUP(H86,招式表!$C:$O,9,FALSE),"") | J86: =IFERROR(VLOOKUP(MID(SUBSTITUTE(VLOOKUP($F$5,编号表!$A:$W,20,FALSE),",",""),(ROW(J86)-ROW($J$75)+100)*4+1,4),招式表!$A:$C,3,FALSE),"") | K86: =IFERROR(VLOOKUP(J86,招式表!$C:$O,9,FALSE),"") | M86: =IFERROR(VLOOKUP(MID(SUBSTITUTE(VLOOKUP($F$5,编号表!$A:$W,21,FALSE),",",""),(ROW(M86)-ROW($M$75))*4+1,4),招式表!$A:$C,3,FALSE),"") -> 自然之力 | N86: =IFERROR(VLOOKUP(M86,招式表!$C:$O,9,FALSE),"") -> 5 | O86: =IFERROR(VLOOKUP(MID(SUBSTITUTE(VLOOKUP($F$5,编号表!$A:$W,22,FALSE),",",""),(ROW(O86)-ROW($O$75))*4+1,4),招式表!$A:$C,3,FALSE),"") -> 模仿 | P86: =IFERROR(VLOOKUP(O86,招式表!$C:$O,9,FALSE),"") -> 6 | Q86: =IFERROR(VLOOKUP(MID(SUBSTITUTE(VLOOKUP($F$5,编号表!$A:$W,23,FALSE),",",""),(ROW(Q86)-ROW($Q$75))*4+1,4),招式表!$A:$C,3,FALSE),"") | R86: =IFERROR(VLOOKUP(Q86,招式表!$C:$O,9,FALSE),"")
... B124: =IFERROR(VLOOKUP(MID(SUBSTITUTE(VLOOKUP($F$5,编号表!$A:$W,19,FALSE),",",""),(ROW(B124)-ROW($B$75))*4+1,4),招式表!$A:$C,3,FALSE),"") | C124: =IFERROR(VLOOKUP(B124,招式表!$C:$O,9,FALSE),"") | D124: =IF($H$13>C124,"是","") | F124: =IFERROR(VLOOKUP(MID(SUBSTITUTE(VLOOKUP($F$5,编号表!$A:$W,20,FALSE),",",""),(ROW(F124)-ROW($F$75))*4+1,4),招式表!$A:$C,3,FALSE),"") -> 剑舞 | G124: =IFERROR(VLOOKUP(F124,招式表!$C:$O,9,FALSE),"") -> 6 | H124: =IFERROR(VLOOKUP(MID(SUBSTITUTE(VLOOKUP($F$5,编号表!$A:$W,20,FALSE),",",""),(ROW(H124)-ROW($F$75)+50)*4+1,4),招式表!$A:$C,3,FALSE),"") | I124: =IFERROR(VLOOKUP(H124,招式表!$C:$O,9,FALSE),"") | J124: =IFERROR(VLOOKUP(MID(SUBSTITUTE(VLOOKUP($F$5,编号表!$A:$W,20,FALSE),",",""),(ROW(J124)-ROW($J$75)+100)*4+1,4),招式表!$A:$C,3,FALSE),"") | K124: =IFERROR(VLOOKUP(J124,招式表!$C:$O,9,FALSE),"") | M124: =IFERROR(VLOOKUP(MID(SUBSTITUTE(VLOOKUP($F$5,编号表!$A:$W,21,FALSE),",",""),(ROW(M124)-ROW($M$75))*4+1,4),招式表!$A:$C,3,FALSE),"") | N124: =IFERROR(VLOOKUP(M124,招式表!$C:$O,9,FALSE),"") | O124: =IFERROR(VLOOKUP(MID(SUBSTITUTE(VLOOKUP($F$5,编号表!$A:$W,22,FALSE),",",""),(ROW(O124)-ROW($O$75))*4+1,4),招式表!$A:$C,3,FALSE),"") | P124: =IFERROR(VLOOKUP(O124,招式表!$C:$O,9,FALSE),"") | Q124: =IFERROR(VLOOKUP(MID(SUBSTITUTE(VLOOKUP($F$5,编号表!$A:$W,23,FALSE),",",""),(ROW(Q124)-ROW($Q$75))*4+1,4),招式表!$A:$C,3,FALSE),"") | R124: =IFERROR(VLOOKUP(Q124,招式表!$C:$O,9,FALSE),"")

Sheet 宝可梦 (2)
B2: 基本信息 | J2: 宝可梦基础能力值 | P2: 成长值 | R2: 种族值
E3: 名称： | G3: 性别： | J3: 能力 | K3: 基础 | L3: 变化 | M3: 合计 | N3: 调整 | P3: 体力 | Q3: C | R3: 体力 | S3: =VLOOKUP(F5,编号表!$A:$R,10,FALSE) -> 45
J4: 体力 | K4: =IF(B20="神奇守护",1,INT((((S3/(1+0.01*(MAX(0,S3-120)+0.1)^0.8))*(1+VLOOKUP(Q3,其它!$G$21:$H$28,2,FALSE)/12))/6+2.2+$F$13)*2)) -> 21 | M4: =K4+L4 -> 21 | N4: =INT(M4/3-6) -> 1
E5: 编号： | F5: =INDEX(编号表!$A:$B,MATCH(H5,编号表!$B:$B,0),MATCH("编号",编号表!$A:$A,0)) -> 1 | G5: 种族： | H5: 妙蛙种子 | P5: 攻击 | Q5: C | R5: 攻击 | S5: =VLOOKUP(F5,编号表!$A:$R,11,FALSE) -> 49
B6: 立绘 | J6: 攻击 | K6: =INT(((S5/(1+0.01*(MAX(0,S5-120)+0.1)^0.8))*(1+VLOOKUP(Q5,其它!$G$21:$H$28,2,FALSE)/12))/6+2.2+$F$13) -> 11 | M6: =K6+L6 -> 11 | N6: =INT(M6/2-5) -> 0
E7: 属性： | F7: =VLOOKUP(F5,编号表!$A:$R,3,FALSE) -> 草 | G7: 特性： | H7: 第一特性 | P7: 防御 | Q7: C | R7: 防御 | S7: =VLOOKUP(F5,编号表!$A:$R,12,FALSE) -> 49
F8: =VLOOKUP(F5,编号表!$A:$R,4,FALSE) -> 毒 | H8: =VLOOKUP(F5,编号表!$A:$R,IF(H7="第一特性",5,IF(H7="第二特性",6,7)),FALSE) -> 茂盛 | J8: 防御 | K8: =INT(((S7/(1+0.01*(MAX(0,S7-120)+0.1)^0.8))*(1+VLOOKUP(Q7,其它!$G$21:$H$28,2,FALSE)/12))/6+2.2+$F$13) -> 11 | M8: =K8+L8 -> 11 | N8: =INT(M8/2-5) -> 0
E9: 身高： | F9: =IF(H9="极巨化","？？？",VLOOKUP(F5,编号表!$A:$R,17,FALSE)*VLOOKUP(H9,其它!C22:E30,2,FALSE)) -> 0.7 | G9: 体型差异 | H9: 普通 | P9: 特攻 | Q9: C | R9: 特攻 | S9: =VLOOKUP(F5,编号表!$A:$R,13,FALSE) -> 65
E10: 体重： | F10: =IF(H9="极巨化","？？？",VLOOKUP(F5,编号表!$A:$R,18,FALSE)*VLOOKUP(H9,其它!C22:E30,3,FALSE)) -> 6.9 | G10: 体型等级 | H10: =IF(H9="极巨化","？？？",LOOKUP(((F10+1)*(F9+1)),{0,10,50,450,700,1000},{1,2,3,4,5,6})) -> 2 | J10: 特攻 | K10: =INT(((S9/(1+0.01*(MAX(0,S9-120)+0.1)^0.8))*(1+VLOOKUP(Q9,其它!$G$21:$H$28,2,FALSE)/12))/6+2.2+$F$13) -> 14 | M10: =K10+L10 -> 14 | N10: =INT(M10/2-5) -> 2
E11: 当前HP | G11: 当前EP | H11: 100 | P11: 特防 | Q11: C | R11: 特防 | S11: =VLOOKUP(F5,编号表!$A:$R,14,FALSE) -> 65
F12: =F11/M4 -> 0 | H12: =H11/100 -> 1 | J12: 特防 | K12: =INT(((S11/(1+0.01*(MAX(0,S11-120)+0.1)^0.8))*(1+VLOOKUP(Q11,其它!$G$21:$H$28,2,FALSE)/12))/6+2.2+$F$13) -> 14 | M12: =K12+L12 -> 14 | N12: =INT(M12/2-5) -> 2
E13: 牵绊等级 | F13: 1 | G13: 指挥度 | H13: =LOOKUP(F13,{0,1,2,3,4,5,6,7,8,9,10},{5,5,6,6,7,7,8,9,10,10,10}) -> 5 | P13: 速度 | Q13: C | R13: 速度 | S13: =VLOOKUP(F5,编号表!$A:$R,15,FALSE) -> 45
J14: 速度 | K14: =INT(((S13/(1+0.01*(MAX(0,S13-120)+0.1)^0.8))*(1+VLOOKUP(Q13,其它!$G$21:$H$28,2,FALSE)/12))/6+2.2+$F$13) -> 10 | M14: =K14+L14 -> 10 | N14: =INT(M14/2-5) -> 0
E15: 极巨类型 | F15: 极巨化 | G15: 移动力 | H15: =INT(IF(N14<0,1,(IF(N14>4,N14/2+0.5,2)))) -> 2 | R15: 总和： | S15: =S3+S5+S7+S9+S11+S13 -> 318
E16: 太晶属性 | F16: 星晶
E17: 球种： | G17: 训练家： | P17: 宝可梦备注栏
J18: 闪避与命中能力值
B19: 特性效果 | C19: =VLOOKUP(B20,特性表!B:C,2,FALSE) -> HP低于1/3时，草属性招式的威力骰出目+3。 | J19: 属性 | K19: 基础 | L19: 变化 | M19: 速度加值 | N19: 最终值
B20: =H8 -> 茂盛 | J20: 闪避 | K20: 6 | M20: =INT(IF(M14>18,M14/3-6,0)) -> 0 | N20: =SUM(K20:L21,M20) -> 6
B22: 携带物： | C22: 物品 | D22: 效果 | J22: 命中 | K22: 0 | N22: =SUM(K22:L23,M20) -> 0
B26: 战斗招式
B27: 名称： | C27: 名称 | E27: 属性： | F27: =IF(C27="觉醒力量",VLOOKUP(FLOOR((MOD(VLOOKUP(Q3,其它!G21:H28,2,FALSE),2)+2*MOD(VLOOKUP(Q5,其它!G21:H28,2,FALSE),2)+4*MOD(VLOOKUP(Q7,其它!G21:H28,2,FALSE),2)+8*MOD(VLOOKUP(Q13,其它!G21:H28,2,FALSE),2)+16*MOD(VLOOKUP(Q9,其它!G21:H28,2,FALSE),2)+32*MOD(VLOOKUP(Q11,其它!G21:H28,2,FALSE),2))*15/63,1),其它!J22:K38,2,1),VLOOKUP(C27,招式表!$C:$O,2,FALSE)) -> 属性 | G27: 分类： | H27: =VLOOKUP(C27,招式表!$C:$O,3,FALSE) -> 分类 | I27: 作用距离： | J27: =VLOOKUP(C27,招式表!$C:$O,10,FALSE) -> 作用距离 | K27: 名称： | L27: 名称 | N27: 属性： | O27: =IF(L27="觉醒力量",VLOOKUP(FLOOR((MOD(VLOOKUP(Z3,其它!#REF!,2,FALSE),2)+2*MOD(VLOOKUP(Z5,其它!#REF!,2,FALSE),2)+4*MOD(VLOOKUP(Z7,其它!#REF!,2,FALSE),2)+8*MOD(VLOOKUP(Z13,其它!#REF!,2,FALSE),2)+16*MOD(VLOOKUP(Z9,其它!#REF!,2,FALSE),2)+32*MOD(VLOOKUP(Z11,其它!#REF!,2,FALSE),2))*15/63,1),其它!AC41:AD57,2,1),VLOOKUP(L27,招式表!$C:$O,2,FALSE)) -> 属性 | P27: 分类： | Q27: =VLOOKUP(L27,招式表!$C:$O,3,FALSE) -> 分类 | R27: 作用距离： | S27: =VLOOKUP(L27,招式表!$C:$O,10,FALSE) -> 作用距离
B28: 威力骰： | C28: =VLOOKUP(C27,招式表!$C:$O,5,FALSE) -> 威力骰 | E28: 命中骰： | F28: =VLOOKUP(C27,招式表!$C:$O,7,FALSE) -> 命中骰 | G28: EP消耗： | H28: =VLOOKUP(C27,招式表!$C:$O,9,FALSE) -> 消耗 | I28: 优先度： | J28: =VLOOKUP(C27,招式表!$C:$O,11,FALSE) -> 优先度 | K28: 威力骰： | L28: =VLOOKUP(L27,招式表!$C:$O,5,FALSE) -> 威力骰 | N28: 命中骰： | O28: =VLOOKUP(L27,招式表!$C:$O,7,FALSE) -> 命中骰 | P28: EP消耗： | Q28: =VLOOKUP(L27,招式表!$C:$O,9,FALSE) -> 消耗 | R28: 优先度： | S28: =VLOOKUP(L27,招式表!$C:$O,11,FALSE) -> 优先度
B29: 效果： | C29: =VLOOKUP(C27,招式表!$C:$O,12,FALSE) -> 说明 | J29: =VLOOKUP(C27,招式表!$C:$O,13,FALSE) -> 其他分类 | K29: 效果： | L29: =VLOOKUP(L27,招式表!$C:$O,12,FALSE) -> 说明 | S29: =VLOOKUP(L27,招式表!$C:$O,13,FALSE) -> 其他分类
B32: 其他分类： | K32: 其他分类：
B33: 名称： | C33: 名称 | E33: 属性： | F33: =IF(C33="觉醒力量",VLOOKUP(FLOOR((MOD(VLOOKUP(Q7,其它!#REF!,2,FALSE),2)+2*MOD(VLOOKUP(Q9,其它!#REF!,2,FALSE),2)+4*MOD(VLOOKUP(Q11,其它!#REF!,2,FALSE),2)+8*MOD(VLOOKUP(#REF!,其它!#REF!,2,FALSE),2)+16*MOD(VLOOKUP(Q13,其它!#REF!,2,FALSE),2)+32*MOD(VLOOKUP(#REF!,其它!#REF!,2,FALSE),2))*15/63,1),其它!T45:U61,2,1),VLOOKUP(C33,招式表!$C:$O,2,FALSE)) -> 属性 | G33: 分类： | H33: =VLOOKUP(C33,招式表!$C:$O,3,FALSE) -> 分类 | I33: 作用距离： | J33: =VLOOKUP(C33,招式表!$C:$O,10,FALSE) -> 作用距离 | K33: 名称： | L33: 名称 | N33: 属性： | O33: =IF(L33="觉醒力量",VLOOKUP(FLOOR((MOD(VLOOKUP(Z7,其它!#REF!,2,FALSE),2)+2*MOD(VLOOKUP(Z9,其它!#REF!,2,FALSE),2)+4*MOD(VLOOKUP(Z11,其它!#REF!,2,FALSE),2)+8*MOD(VLOOKUP(Z17,其它!#REF!,2,FALSE),2)+16*MOD(VLOOKUP(Z13,其它!#REF!,2,FALSE),2)+32*MOD(VLOOKUP(Z15,其它!#REF!,2,FALSE),2))*15/63,1),其它!AC45:AD61,2,1),VLOOKUP(L33,招式表!$C:$O,2,FALSE)) -> 属性 | P33: 分类： | Q33: =VLOOKUP(L33,招式表!$C:$O,3,FALSE) -> 分类 | R33: 作用距离： | S33: =VLOOKUP(L33,招式表!$C:$O,10,FALSE) -> 作用距离
B34: 威力骰： | C34: =VLOOKUP(C33,招式表!$C:$O,5,FALSE) -> 威力骰 | E34: 命中骰： | F34: =VLOOKUP(C33,招式表!$C:$O,7,FALSE) -> 命中骰 | G34: EP消耗： | H34: =VLOOKUP(C33,招式表!$C:$O,9,FALSE) -> 消耗 | I34: 优先度： | J34: =VLOOKUP(C33,招式表!$C:$O,11,FALSE) -> 优先度 | K34: 威力骰： | L34: =VLOOKUP(L33,招式表!$C:$O,5,FALSE) -> 威力骰 | N34: 命中骰： | O34: =VLOOKUP(L33,招式表!$C:$O,7,FALSE) -> 命中骰 | P34: EP消耗： | Q34: =VLOOKUP(L33,招式表!$C:$O,9,FALSE) -> 消耗 | R34: 优先度： | S34: =VLOOKUP(L33,招式表!$C:$O,11,FALSE) -> 优先度
B35: 效果： | C35: =VLOOKUP(C33,招式表!$C:$O,12,FALSE) -> 说明 | J35: =VLOOKUP(C33,招式表!$C:$O,13,FALSE) -> 其他分类 | K35: 效果： | L35: =VLOOKUP(L33,招式表!$C:$O,12,FALSE) -> 说明 | S35: =VLOOKUP(L33,招式表!$C:$O,13,FALSE) -> 其他分类
B39: 额外招式
B40: 名称： | C40: 名称 | E40: 属性： | F40: =IF(C40="觉醒力量",VLOOKUP(FLOOR((MOD(VLOOKUP(Q12,其它!#REF!,2,FALSE),2)+2*MOD(VLOOKUP(Q14,其它!#REF!,2,FALSE),2)+4*MOD(VLOOKUP(Q15,其它!#REF!,2,FALSE),2)+8*MOD(VLOOKUP(H14,其它!#REF!,2,FALSE),2)+16*MOD(VLOOKUP(Q17,其它!#REF!,2,FALSE),2)+32*MOD(VLOOKUP(H12,其它!#REF!,2,FALSE),2))*15/63,1),其它!T50:U66,2,1),VLOOKUP(C40,招式表!$C:$O,2,FALSE)) -> 属性 | G40: 分类： | H40: =VLOOKUP(C40,招式表!$C:$O,3,FALSE) -> 分类 | I40: 作用距离： | J40: =VLOOKUP(C40,招式表!$C:$O,10,FALSE) -> 作用距离 | K40: 名称： | L40: 名称 | N40: 属性： | O40: =IF(L40="觉醒力量",VLOOKUP(FLOOR((MOD(VLOOKUP(Z12,其它!#REF!,2,FALSE),2)+2*MOD(VLOOKUP(Z14,其它!#REF!,2,FALSE),2)+4*MOD(VLOOKUP(Z16,其它!#REF!,2,FALSE),2)+8*MOD(VLOOKUP(Z22,其它!#REF!,2,FALSE),2)+16*MOD(VLOOKUP(Z18,其它!#REF!,2,FALSE),2)+32*MOD(VLOOKUP(Z20,其它!#REF!,2,FALSE),2))*15/63,1),其它!AC50:AD66,2,1),VLOOKUP(L40,招式表!$C:$O,2,FALSE)) -> 属性 | P40: 分类： | Q40: =VLOOKUP(L40,招式表!$C:$O,3,FALSE) -> 分类 | R40: 作用距离： | S40: =VLOOKUP(L40,招式表!$C:$O,10,FALSE) -> 作用距离
B41: 威力骰： | C41: =VLOOKUP(C40,招式表!$C:$O,5,FALSE) -> 威力骰 | E41: 命中骰： | F41: =VLOOKUP(C40,招式表!$C:$O,7,FALSE) -> 命中骰 | G41: EP消耗： | H41: =VLOOKUP(C40,招式表!$C:$O,9,FALSE) -> 消耗 | I41: 优先度： | J41: =VLOOKUP(C40,招式表!$C:$O,11,FALSE) -> 优先度 | K41: 威力骰： | L41: =VLOOKUP(L40,招式表!$C:$O,5,FALSE) -> 威力骰 | N41: 命中骰： | O41: =VLOOKUP(L40,招式表!$C:$O,7,FALSE) -> 命中骰 | P41: EP消耗： | Q41: =VLOOKUP(L40,招式表!$C:$O,9,FALSE) -> 消耗 | R41: 优先度： | S41: =VLOOKUP(L40,招式表!$C:$O,11,FALSE) -> 优先度
B42: 效果： | C42: =VLOOKUP(C40,招式表!$C:$O,12,FALSE) -> 说明 | J42: =VLOOKUP(C40,招式表!$C:$O,13,FALSE) -> 其他分类 | K42: 效果： | L42: =VLOOKUP(L40,招式表!$C:$O,12,FALSE) -> 说明 | S42: =VLOOKUP(L40,招式表!$C:$O,13,FALSE) -> 其他分类
B48: 背景与经历 | L48: 已学习的招式 | P48: 特殊系统招式计算
B49: 形象描述 | P49: 原始招式： | Q49: 名称 | R49: 类别： | S49: =VLOOKUP(Q49,招式表!$C:$O,3,FALSE) -> 分类
P50: 特殊系统： | Q50: Z | R50: 属性： | S50: =VLOOKUP(R51,招式表!$C:$O,2,FALSE) -> 属性
P51: 特殊系统招式： | R51: 名称
B52: 思想/信念
P53: 威力骰： | Q53: =IF(Q50="Z",IFERROR(VLOOKUP(Q49,其它!G56:I127,2,FALSE),LOOKUP(VLOOKUP(Q49,招式表!$C:$O,4,FALSE),其它!G42:G52,其它!H42:H52)),IFERROR(VLOOKUP(Q49,其它!G65:I131,3,FALSE),LOOKUP(VLOOKUP(Q49,招式表!$C:$O,4,FALSE),其它!K42:K49,IF(OR(S50="格斗",S50="毒"),其它!M42:M49,其它!L42:L49)))) -> 4D8
B55: 性格/特质 | P55: 专属威力： | Q55: =IFERROR(VLOOKUP(R51,其它!C62:D79,2,FALSE),"")
P57: EP消耗： | Q57: 8 | R57: 优先度： | S57: 0
B58: 背景/经历 | P58: 命中骰： | Q58: 必中 | R58: 作用距离： | S58: 10
P59: 效果： | Q59: =VLOOKUP(R51,招式表!$C:$O,12,FALSE) -> 说明
B67: 被攻击克制查询 | L67: 收服概率计算器 | Q67: HP快捷计算
B68: 一般 | C68: 格斗 | D68: 飞行 | E68: 毒 | F68: 地面 | G68: 岩石 | H68: 虫 | I68: 幽灵 | J68: 钢 | L68: 当前HP： | M68: 球种修正 | N68: 精灵球 | O68: =VLOOKUP(N68,其它!T3:U38,2,FALSE) -> 1 | Q68: 1/8HP | R68: 1/6HP | S68: 1/4HP
B69: =VLOOKUP($F$7,其它!$AA$23:$AS$42,2,FALSE)*VLOOKUP($F$8,其它!$AA$23:$AS$42,2,FALSE) -> 1 | C69: =VLOOKUP($F$7,其它!$AA$23:$AS$42,3,FALSE)*VLOOKUP($F$8,其它!$AA$23:$AS$42,3,FALSE) -> 0.5 | D69: =VLOOKUP($F$7,其它!$AA$23:$AS$42,4,FALSE)*VLOOKUP($F$8,其它!$AA$23:$AS$42,4,FALSE) -> 2 | E69: =VLOOKUP($F$7,其它!$AA$23:$AS$42,5,FALSE)*VLOOKUP($F$8,其它!$AA$23:$AS$42,5,FALSE) -> 1 | F69: =VLOOKUP($F$7,其它!$AA$23:$AS$42,6,FALSE)*VLOOKUP($F$8,其它!$AA$23:$AS$42,6,FALSE)*IF(OR(B20="飘浮",B20="食土"),0,1) -> 1 | G69: =VLOOKUP($F$7,其它!$AA$23:$AS$42,7,FALSE)*VLOOKUP($F$8,其它!$AA$23:$AS$42,7,FALSE) -> 1 | H69: =VLOOKUP($F$7,其它!$AA$23:$AS$42,8,FALSE)*VLOOKUP($F$8,其它!$AA$23:$AS$42,8,FALSE) -> 1 | I69: =VLOOKUP($F$7,其它!$AA$23:$AS$42,9,FALSE)*VLOOKUP($F$8,其它!$AA$23:$AS$42,9,FALSE)*IF(B20="洁净之盐",0.5,1) -> 1 | J69: =VLOOKUP($F$7,其它!$AA$23:$AS$42,10,FALSE)*VLOOKUP($F$8,其它!$AA$23:$AS$42,10,FALSE) -> 1 | L69: =F11 -> 0 | M69: 状态修正 | N69: 正常 | O69: =IF(N69="正常",1,IF(N69="冰冻",2,IF(N69="睡眠",2,IF(N69="中毒",1.5,IF(N69="麻痹",1.5,IF(N69="灼伤",1.5,0)))))) -> 1 | Q69: =INT(IF(K4>8,(K4/8),1)) -> 2 | R69: =INT(IF(K4>6,(K4/6),1)) -> 3 | S69: =INT(IF(K4>4,(K4/4),1)) -> 5
B70: 火 | C70: 水 | D70: 草 | E70: 电 | F70: 超能力 | G70: 冰 | H70: 龙 | I70: 恶 | J70: 妖精 | L70: 捕获率 | M70: =VLOOKUP(F5,编号表!$A:$R,16,FALSE) -> 45 | N70: 收服概率 | O70: =(((K4*3-L69*2)*M70*O68)/(K4*3)*O69)/255 -> 0.17647059 | Q70: 1/3HP | R70: 1/2HP | S70: 2/3HP
B71: =VLOOKUP($F$7,其它!$AA$23:$AS$42,11,FALSE)*VLOOKUP($F$8,其它!$AA$23:$AS$42,11,FALSE)*IF(B20="引火",0,1)*IF(OR(B20="厚脂肪",B20="水泡",B20="耐热"),0.5,1)*IF(B20="毛茸茸",2,1) -> 2 | C71: =VLOOKUP($F$7,其它!$AA$23:$AS$42,12,FALSE)*VLOOKUP($F$8,其它!$AA$23:$AS$42,12,FALSE)*IF(OR(B20="储水",B20="引水",B20="干燥皮肤"),0,1) -> 0.5 | D71: =VLOOKUP($F$7,其它!$AA$23:$AS$42,13,FALSE)*VLOOKUP($F$8,其它!$AA$23:$AS$42,13,FALSE)*IF(B20="食草",0,1) -> 0.25 | E71: =VLOOKUP($F$7,其它!$AA$23:$AS$42,14,FALSE)*VLOOKUP($F$8,其它!$AA$23:$AS$42,14,FALSE)*IF(OR(B20="避雷针",B20="蓄电",B20="电气引擎"),0,1) -> 0.5 | F71: =VLOOKUP($F$7,其它!$AA$23:$AS$42,15,FALSE)*VLOOKUP($F$8,其它!$AA$23:$AS$42,15,FALSE) -> 2 | G71: =VLOOKUP($F$7,其它!$AA$23:$AS$42,16,FALSE)*VLOOKUP($F$8,其它!$AA$23:$AS$42,16,FALSE) -> 2 | H71: =VLOOKUP($F$7,其它!$AA$23:$AS$42,17,FALSE)*VLOOKUP($F$8,其它!$AA$23:$AS$42,17,FALSE) -> 1 | I71: =VLOOKUP($F$7,其它!$AA$23:$AS$42,18,FALSE)*VLOOKUP($F$8,其它!$AA$23:$AS$42,18,FALSE) -> 1 | J71: =VLOOKUP($F$7,其它!$AA$23:$AS$42,19,FALSE)*VLOOKUP($F$8,其它!$AA$23:$AS$42,19,FALSE) -> 0.5 | O71: ="DC"&21-INT(O70/0.05) -> DC18 | Q71: =INT(IF(K4>3,(K4/3),1)) -> 7 | R71: =INT(IF(K4>2,(K4/2),1)) -> 10 | S71: =INT(IF(K4>1.5,(K4/1.5),1)) -> 14
B74: 升级招式 | C74: 消耗 | D74: 可学习 | F74: 招式学习器 | G74: 消耗 | H74: 技能机招式 | I74: 消耗 | J74: 技能机招式 | K74: 消耗 | M74: 蛋招式 | N74: 消耗 | O74: 教学招式 | P74: 消耗 | Q74: 其他招式 | R74: 消耗
B75: =IFERROR(VLOOKUP(MID(SUBSTITUTE(VLOOKUP($F$5,编号表!$A:$W,19,FALSE),",",""),(ROW(B75)-ROW($B$75))*4+1,4),招式表!$A:$C,3,FALSE),"") -> 舍身冲撞 | C75: =IFERROR(VLOOKUP(B75,招式表!$C:$O,9,FALSE),"") -> 7 | D75: =IF($H$13>C75,"是","") | F75: =IFERROR(VLOOKUP(MID(SUBSTITUTE(VLOOKUP($F$5,编号表!$A:$W,20,FALSE),",",""),(ROW(F75)-ROW($F$75))*4+1,4),招式表!$A:$C,3,FALSE),"") -> 酸液炸弹 | G75: =IFERROR(VLOOKUP(F75,招式表!$C:$O,9,FALSE),"") -> 6 | H75: =IFERROR(VLOOKUP(MID(SUBSTITUTE(VLOOKUP($F$5,编号表!$A:$W,20,FALSE),",",""),(ROW(H75)-ROW($F$75)+50)*4+1,4),招式表!$A:$C,3,FALSE),"") -> 猛撞 | I75: =IFERROR(VLOOKUP(H75,招式表!$C:$O,9,FALSE),"") -> 6 | J75: =IFERROR(VLOOKUP(MID(SUBSTITUTE(VLOOKUP($F$5,编号表!$A:$W,20,FALSE),",",""),(ROW(J75)-ROW($J$75)+100)*4+1,4),招式表!$A:$C,3,FALSE),"") | K75: =IFERROR(VLOOKUP(J75,招式表!$C:$O,9,FALSE),"") | M75: =IFERROR(VLOOKUP(MID(SUBSTITUTE(VLOOKUP($F$5,编号表!$A:$W,21,FALSE),",",""),(ROW(M75)-ROW($M$75))*4+1,4),招式表!$A:$C,3,FALSE),"") -> 瞬间失忆 | N75: =IFERROR(VLOOKUP(M75,招式表!$C:$O,9,FALSE),"") -> 5 | O75: =IFERROR(VLOOKUP(MID(SUBSTITUTE(VLOOKUP($F$5,编号表!$A:$W,22,FALSE),",",""),(ROW(O75)-ROW($O$75))*4+1,4),招式表!$A:$C,3,FALSE),"") -> 绑紧 | P75: =IFERROR(VLOOKUP(O75,招式表!$C:$O,9,FALSE),"") -> 5 | Q75: =IFERROR(VLOOKUP(MID(SUBSTITUTE(VLOOKUP($F$5,编号表!$A:$W,23,FALSE),",",""),(ROW(Q75)-ROW($Q$75))*4+1,4),招式表!$A:$C,3,FALSE),"") -> 忍耐 | R75: =IFERROR(VLOOKUP(Q75,招式表!$C:$O,9,FALSE),"") -> 4
B76: =IFERROR(VLOOKUP(MID(SUBSTITUTE(VLOOKUP($F$5,编号表!$A:$W,19,FALSE),",",""),(ROW(B76)-ROW($B$75))*4+1,4),招式表!$A:$C,3,FALSE),"") -> 叫声 | C76: =IFERROR(VLOOKUP(B76,招式表!$C:$O,9,FALSE),"") -> 3 | D76: =IF($H$13>C76,"是","") -> 是 | F76: =IFERROR(VLOOKUP(MID(SUBSTITUTE(VLOOKUP($F$5,编号表!$A:$W,20,FALSE),",",""),(ROW(F76)-ROW($F$75))*4+1,4),招式表!$A:$C,3,FALSE),"") -> 瞬间失忆 | G76: =IFERROR(VLOOKUP(F76,招式表!$C:$O,9,FALSE),"") -> 5 | H76: =IFERROR(VLOOKUP(MID(SUBSTITUTE(VLOOKUP($F$5,编号表!$A:$W,20,FALSE),",",""),(ROW(H76)-ROW($F$75)+50)*4+1,4),招式表!$A:$C,3,FALSE),"") -> 太晶爆发 | I76: =IFERROR(VLOOKUP(H76,招式表!$C:$O,9,FALSE),"") -> 7 | J76: =IFERROR(VLOOKUP(MID(SUBSTITUTE(VLOOKUP($F$5,编号表!$A:$W,20,FALSE),",",""),(ROW(J76)-ROW($J$75)+100)*4+1,4),招式表!$A:$C,3,FALSE),"") | K76: =IFERROR(VLOOKUP(J76,招式表!$C:$O,9,FALSE),"") | M76: =IFERROR(VLOOKUP(MID(SUBSTITUTE(VLOOKUP($F$5,编号表!$A:$W,21,FALSE),",",""),(ROW(M76)-ROW($M$75))*4+1,4),招式表!$A:$C,3,FALSE),"") -> 撒娇 | N76: =IFERROR(VLOOKUP(M76,招式表!$C:$O,9,FALSE),"") -> 5 | O76: =IFERROR(VLOOKUP(MID(SUBSTITUTE(VLOOKUP($F$5,编号表!$A:$W,22,FALSE),",",""),(ROW(O76)-ROW($O$75))*4+1,4),招式表!$A:$C,3,FALSE),"") -> 泰山压顶 | P76: =IFERROR(VLOOKUP(O76,招式表!$C:$O,9,FALSE),"") -> 6 | Q76: =IFERROR(VLOOKUP(MID(SUBSTITUTE(VLOOKUP($F$5,编号表!$A:$W,23,FALSE),",",""),(ROW(Q76)-ROW($Q$75))*4+1,4),招式表!$A:$C,3,FALSE),"") -> 挡路 | R76: =IFERROR(VLOOKUP(Q76,招式表!$C:$O,9,FALSE),"") -> 5
B77: =IFERROR(VLOOKUP(MID(SUBSTITUTE(VLOOKUP($F$5,编号表!$A:$W,19,FALSE),",",""),(ROW(B77)-ROW($B$75))*4+1,4),招式表!$A:$C,3,FALSE),"") -> 生长 | C77: =IFERROR(VLOOKUP(B77,招式表!$C:$O,9,FALSE),"") -> 5 | D77: =IF($H$13>C77,"是","") | F77: =IFERROR(VLOOKUP(MID(SUBSTITUTE(VLOOKUP($F$5,编号表!$A:$W,20,FALSE),",",""),(ROW(F77)-ROW($F$75))*4+1,4),招式表!$A:$C,3,FALSE),"") -> 迷人 | G77: =IFERROR(VLOOKUP(F77,招式表!$C:$O,9,FALSE),"") -> 6 | H77: =IFERROR(VLOOKUP(MID(SUBSTITUTE(VLOOKUP($F$5,编号表!$A:$W,20,FALSE),",",""),(ROW(H77)-ROW($F$75)+50)*4+1,4),招式表!$A:$C,3,FALSE),"") -> 剧毒 | I77: =IFERROR(VLOOKUP(H77,招式表!$C:$O,9,FALSE),"") -> 7 | J77: =IFERROR(VLOOKUP(MID(SUBSTITUTE(VLOOKUP($F$5,编号表!$A:$W,20,FALSE),",",""),(ROW(J77)-ROW($J$75)+100)*4+1,4),招式表!$A:$C,3,FALSE),"") | K77: =IFERROR(VLOOKUP(J77,招式表!$C:$O,9,FALSE),"") | M77: =IFERROR(VLOOKUP(MID(SUBSTITUTE(VLOOKUP($F$5,编号表!$A:$W,21,FALSE),",",""),(ROW(M77)-ROW($M$75))*4+1,4),招式表!$A:$C,3,FALSE),"") -> 咒术 | N77: =IFERROR(VLOOKUP(M77,招式表!$C:$O,9,FALSE),"") -> 7 | O77: =IFERROR(VLOOKUP(MID(SUBSTITUTE(VLOOKUP($F$5,编号表!$A:$W,22,FALSE),",",""),(ROW(O77)-ROW($O$75))*4+1,4),招式表!$A:$C,3,FALSE),"") -> 变圆 | P77: =IFERROR(VLOOKUP(O77,招式表!$C:$O,9,FALSE),"") -> 3 | Q77: =IFERROR(VLOOKUP(MID(SUBSTITUTE(VLOOKUP($F$5,编号表!$A:$W,23,FALSE),",",""),(ROW(Q77)-ROW($Q$75))*4+1,4),招式表!$A:$C,3,FALSE),"") -> 庆祝 | R77: =IFERROR(VLOOKUP(Q77,招式表!$C:$O,9,FALSE),"") -> 1
B78: =IFERROR(VLOOKUP(MID(SUBSTITUTE(VLOOKUP($F$5,编号表!$A:$W,19,FALSE),",",""),(ROW(B78)-ROW($B$75))*4+1,4),招式表!$A:$C,3,FALSE),"") -> 寄生种子 | C78: =IFERROR(VLOOKUP(B78,招式表!$C:$O,9,FALSE),"") -> 5 | D78: =IF($H$13>C78,"是","") | F78: =IFERROR(VLOOKUP(MID(SUBSTITUTE(VLOOKUP($F$5,编号表!$A:$W,20,FALSE),",",""),(ROW(F78)-ROW($F$75))*4+1,4),招式表!$A:$C,3,FALSE),"") -> 泰山压顶 | G78: =IFERROR(VLOOKUP(F78,招式表!$C:$O,9,FALSE),"") -> 6 | H78: =IFERROR(VLOOKUP(MID(SUBSTITUTE(VLOOKUP($F$5,编号表!$A:$W,20,FALSE),",",""),(ROW(H78)-ROW($F$75)+50)*4+1,4),招式表!$A:$C,3,FALSE),"") -> 起草 | I78: =IFERROR(VLOOKUP(H78,招式表!$C:$O,9,FALSE),"") -> 5 | J78: =IFERROR(VLOOKUP(MID(SUBSTITUTE(VLOOKUP($F$5,编号表!$A:$W,20,FALSE),",",""),(ROW(J78)-ROW($J$75)+100)*4+1,4),招式表!$A:$C,3,FALSE),"") | K78: =IFERROR(VLOOKUP(J78,招式表!$C:$O,9,FALSE),"") | M78: =IFERROR(VLOOKUP(MID(SUBSTITUTE(VLOOKUP($F$5,编号表!$A:$W,21,FALSE),",",""),(ROW(M78)-ROW($M$75))*4+1,4),招式表!$A:$C,3,FALSE),"") -> 挺住 | N78: =IFERROR(VLOOKUP(M78,招式表!$C:$O,9,FALSE),"") -> 5 | O78: =IFERROR(VLOOKUP(MID(SUBSTITUTE(VLOOKUP($F$5,编号表!$A:$W,22,FALSE),",",""),(ROW(O78)-ROW($O$75))*4+1,4),招式表!$A:$C,3,FALSE),"") -> 舍身冲撞 | P78: =IFERROR(VLOOKUP(O78,招式表!$C:$O,9,FALSE),"") -> 7 | Q78: =IFERROR(VLOOKUP(MID(SUBSTITUTE(VLOOKUP($F$5,编号表!$A:$W,23,FALSE),",",""),(ROW(Q78)-ROW($Q$75))*4+1,4),招式表!$A:$C,3,FALSE),"") -> 疯狂植物 | R78: =IFERROR(VLOOKUP(Q78,招式表!$C:$O,9,FALSE),"") -> 8
B79: =IFERROR(VLOOKUP(MID(SUBSTITUTE(VLOOKUP($F$5,编号表!$A:$W,19,FALSE),",",""),(ROW(B79)-ROW($B$75))*4+1,4),招式表!$A:$C,3,FALSE),"") -> 毒粉 | C79: =IFERROR(VLOOKUP(B79,招式表!$C:$O,9,FALSE),"") -> 5 | D79: =IF($H$13>C79,"是","") | F79: =IFERROR(VLOOKUP(MID(SUBSTITUTE(VLOOKUP($F$5,编号表!$A:$W,20,FALSE),",",""),(ROW(F79)-ROW($F$75))*4+1,4),招式表!$A:$C,3,FALSE),"") -> 种子机关枪 | G79: =IFERROR(VLOOKUP(F79,招式表!$C:$O,9,FALSE),"") -> 5 | H79: =IFERROR(VLOOKUP(MID(SUBSTITUTE(VLOOKUP($F$5,编号表!$A:$W,20,FALSE),",",""),(ROW(H79)-ROW($F$75)+50)*4+1,4),招式表!$A:$C,3,FALSE),"") -> 毒液冲击 | I79: =IFERROR(VLOOKUP(H79,招式表!$C:$O,9,FALSE),"") -> 6 | J79: =IFERROR(VLOOKUP(MID(SUBSTITUTE(VLOOKUP($F$5,编号表!$A:$W,20,FALSE),",",""),(ROW(J79)-ROW($J$75)+100)*4+1,4),招式表!$A:$C,3,FALSE),"") | K79: =IFERROR(VLOOKUP(J79,招式表!$C:$O,9,FALSE),"") | M79: =IFERROR(VLOOKUP(MID(SUBSTITUTE(VLOOKUP($F$5,编号表!$A:$W,21,FALSE),",",""),(ROW(M79)-ROW($M$75))*4+1,4),招式表!$A:$C,3,FALSE),"") -> 终极吸取 | N79: =IFERROR(VLOOKUP(M79,招式表!$C:$O,9,FALSE),"") -> 6 | O79: =IFERROR(VLOOKUP(MID(SUBSTITUTE(VLOOKUP($F$5,编号表!$A:$W,22,FALSE),",",""),(ROW(O79)-ROW($O$75))*4+1,4),招式表!$A:$C,3,FALSE),"") -> 挺住 | P79: =IFERROR(VLOOKUP(O79,招式表!$C:$O,9,FALSE),"") -> 5 | Q79: =IFERROR(VLOOKUP(MID(SUBSTITUTE(VLOOKUP($F$5,编号表!$A:$W,23,FALSE),",",""),(ROW(Q79)-ROW($Q$75))*4+1,4),招式表!$A:$C,3,FALSE),"") -> 超级吸取 | R79: =IFERROR(VLOOKUP(Q79,招式表!$C:$O,9,FALSE),"") -> 5
B80: =IFERROR(VLOOKUP(MID(SUBSTITUTE(VLOOKUP($F$5,编号表!$A:$W,19,FALSE),",",""),(ROW(B80)-ROW($B$75))*4+1,4),招式表!$A:$C,3,FALSE),"") -> 强力鞭打 | C80: =IFERROR(VLOOKUP(B80,招式表!$C:$O,9,FALSE),"") -> 8 | D80: =IF($H$13>C80,"是","") | F80: =IFERROR(VLOOKUP(MID(SUBSTITUTE(VLOOKUP($F$5,编号表!$A:$W,20,FALSE),",",""),(ROW(F80)-ROW($F$75))*4+1,4),招式表!$A:$C,3,FALSE),"") -> 诱惑 | G80: =IFERROR(VLOOKUP(F80,招式表!$C:$O,9,FALSE),"") -> 5 | H80: =IFERROR(VLOOKUP(MID(SUBSTITUTE(VLOOKUP($F$5,编号表!$A:$W,20,FALSE),",",""),(ROW(H80)-ROW($F$75)+50)*4+1,4),招式表!$A:$C,3,FALSE),"") -> 气象球 | I80: =IFERROR(VLOOKUP(H80,招式表!$C:$O,9,FALSE),"") -> 7 | J80: =IFERROR(VLOOKUP(MID(SUBSTITUTE(VLOOKUP($F$5,编号表!$A:$W,20,FALSE),",",""),(ROW(J80)-ROW($J$75)+100)*4+1,4),招式表!$A:$C,3,FALSE),"") | K80: =IFERROR(VLOOKUP(J80,招式表!$C:$O,9,FALSE),"") | M80: =IFERROR(VLOOKUP(MID(SUBSTITUTE(VLOOKUP($F$5,编号表!$A:$W,21,FALSE),",",""),(ROW(M80)-ROW($M$75))*4+1,4),招式表!$A:$C,3,FALSE),"") -> 草笛 | N80: =IFERROR(VLOOKUP(M80,招式表!$C:$O,9,FALSE),"") -> 5 | O80: =IFERROR(VLOOKUP(MID(SUBSTITUTE(VLOOKUP($F$5,编号表!$A:$W,22,FALSE),",",""),(ROW(O80)-ROW($O$75))*4+1,4),招式表!$A:$C,3,FALSE),"") -> 连斩 | P80: =IFERROR(VLOOKUP(O80,招式表!$C:$O,9,FALSE),"") -> 4 | Q80: =IFERROR(VLOOKUP(MID(SUBSTITUTE(VLOOKUP($F$5,编号表!$A:$W,23,FALSE),",",""),(ROW(Q80)-ROW($Q$75))*4+1,4),招式表!$A:$C,3,FALSE),"") -> 逆鳞 | R80: =IFERROR(VLOOKUP(Q80,招式表!$C:$O,9,FALSE),"") -> 7
B81: =IFERROR(VLOOKUP(MID(SUBSTITUTE(VLOOKUP($F$5,编号表!$A:$W,19,FALSE),",",""),(ROW(B81)-ROW($B$75))*4+1,4),招式表!$A:$C,3,FALSE),"") -> 飞叶快刀 | C81: =IFERROR(VLOOKUP(B81,招式表!$C:$O,9,FALSE),"") -> 5 | D81: =IF($H$13>C81,"是","") | F81: =IFERROR(VLOOKUP(MID(SUBSTITUTE(VLOOKUP($F$5,编号表!$A:$W,20,FALSE),",",""),(ROW(F81)-ROW($F$75))*4+1,4),招式表!$A:$C,3,FALSE),"") -> 撒娇 | G81: =IFERROR(VLOOKUP(F81,招式表!$C:$O,9,FALSE),"") -> 5 | H81: =IFERROR(VLOOKUP(MID(SUBSTITUTE(VLOOKUP($F$5,编号表!$A:$W,20,FALSE),",",""),(ROW(H81)-ROW($F$75)+50)*4+1,4),招式表!$A:$C,3,FALSE),"") -> 自我激励 | I81: =IFERROR(VLOOKUP(H81,招式表!$C:$O,9,FALSE),"") -> 5 | J81: =IFERROR(VLOOKUP(MID(SUBSTITUTE(VLOOKUP($F$5,编号表!$A:$W,20,FALSE),",",""),(ROW(J81)-ROW($J$75)+100)*4+1,4),招式表!$A:$C,3,FALSE),"") | K81: =IFERROR(VLOOKUP(J81,招式表!$C:$O,9,FALSE),"") | M81: =IFERROR(VLOOKUP(MID(SUBSTITUTE(VLOOKUP($F$5,编号表!$A:$W,21,FALSE),",",""),(ROW(M81)-ROW($M$75))*4+1,4),招式表!$A:$C,3,FALSE),"") -> 青草场地 | N81: =IFERROR(VLOOKUP(M81,招式表!$C:$O,9,FALSE),"") -> 7 | O81: =IFERROR(VLOOKUP(MID(SUBSTITUTE(VLOOKUP($F$5,编号表!$A:$W,22,FALSE),",",""),(ROW(O81)-ROW($O$75))*4+1,4),招式表!$A:$C,3,FALSE),"") -> 终极吸取 | P81: =IFERROR(VLOOKUP(O81,招式表!$C:$O,9,FALSE),"") -> 6 | Q81: =IFERROR(VLOOKUP(MID(SUBSTITUTE(VLOOKUP($F$5,编号表!$A:$W,23,FALSE),",",""),(ROW(Q81)-ROW($Q$75))*4+1,4),招式表!$A:$C,3,FALSE),"") -> 愤怒 | R81: =IFERROR(VLOOKUP(Q81,招式表!$C:$O,9,FALSE),"") -> 5
B82: =IFERROR(VLOOKUP(MID(SUBSTITUTE(VLOOKUP($F$5,编号表!$A:$W,19,FALSE),",",""),(ROW(B82)-ROW($B$75))*4+1,4),招式表!$A:$C,3,FALSE),"") -> 种子炸弹 | C82: =IFERROR(VLOOKUP(B82,招式表!$C:$O,9,FALSE),"") -> 6 | D82: =IF($H$13>C82,"是","") | F82: =IFERROR(VLOOKUP(MID(SUBSTITUTE(VLOOKUP($F$5,编号表!$A:$W,20,FALSE),",",""),(ROW(F82)-ROW($F$75))*4+1,4),招式表!$A:$C,3,FALSE),"") -> 密语 | G82: =IFERROR(VLOOKUP(F82,招式表!$C:$O,9,FALSE),"") -> 3 | H82: =IFERROR(VLOOKUP(MID(SUBSTITUTE(VLOOKUP($F$5,编号表!$A:$W,20,FALSE),",",""),(ROW(H82)-ROW($F$75)+50)*4+1,4),招式表!$A:$C,3,FALSE),"") | I82: =IFERROR(VLOOKUP(H82,招式表!$C:$O,9,FALSE),"") | J82: =IFERROR(VLOOKUP(MID(SUBSTITUTE(VLOOKUP($F$5,编号表!$A:$W,20,FALSE),",",""),(ROW(J82)-ROW($J$75)+100)*4+1,4),招式表!$A:$C,3,FALSE),"") | K82: =IFERROR(VLOOKUP(J82,招式表!$C:$O,9,FALSE),"") | M82: =IFERROR(VLOOKUP(MID(SUBSTITUTE(VLOOKUP($F$5,编号表!$A:$W,21,FALSE),",",""),(ROW(M82)-ROW($M$75))*4+1,4),招式表!$A:$C,3,FALSE),"") -> 扎根 | N82: =IFERROR(VLOOKUP(M82,招式表!$C:$O,9,FALSE),"") -> 5 | O82: =IFERROR(VLOOKUP(MID(SUBSTITUTE(VLOOKUP($F$5,编号表!$A:$W,22,FALSE),",",""),(ROW(O82)-ROW($O$75))*4+1,4),招式表!$A:$C,3,FALSE),"") -> 草之誓约 | P82: =IFERROR(VLOOKUP(O82,招式表!$C:$O,9,FALSE),"") -> 6 | Q82: =IFERROR(VLOOKUP(MID(SUBSTITUTE(VLOOKUP($F$5,编号表!$A:$W,23,FALSE),",",""),(ROW(Q82)-ROW($Q$75))*4+1,4),招式表!$A:$C,3,FALSE),"") -> 旋风刀 | R82: =IFERROR(VLOOKUP(Q82,招式表!$C:$O,9,FALSE),"") -> 6
B83: =IFERROR(VLOOKUP(MID(SUBSTITUTE(VLOOKUP($F$5,编号表!$A:$W,19,FALSE),",",""),(ROW(B83)-ROW($B$75))*4+1,4),招式表!$A:$C,3,FALSE),"") -> 催眠粉 | C83: =IFERROR(VLOOKUP(B83,招式表!$C:$O,9,FALSE),"") -> 5 | D83: =IF($H$13>C83,"是","") | F83: =IFERROR(VLOOKUP(MID(SUBSTITUTE(VLOOKUP($F$5,编号表!$A:$W,20,FALSE),",",""),(ROW(F83)-ROW($F$75))*4+1,4),招式表!$A:$C,3,FALSE),"") -> 咒术 | G83: =IFERROR(VLOOKUP(F83,招式表!$C:$O,9,FALSE),"") -> 7 | H83: =IFERROR(VLOOKUP(MID(SUBSTITUTE(VLOOKUP($F$5,编号表!$A:$W,20,FALSE),",",""),(ROW(H83)-ROW($F$75)+50)*4+1,4),招式表!$A:$C,3,FALSE),"") | I83: =IFERROR(VLOOKUP(H83,招式表!$C:$O,9,FALSE),"") | J83: =IFERROR(VLOOKUP(MID(SUBSTITUTE(VLOOKUP($F$5,编号表!$A:$W,20,FALSE),",",""),(ROW(J83)-ROW($J$75)+100)*4+1,4),招式表!$A:$C,3,FALSE),"") | K83: =IFERROR(VLOOKUP(J83,招式表!$C:$O,9,FALSE),"") | M83: =IFERROR(VLOOKUP(MID(SUBSTITUTE(VLOOKUP($F$5,编号表!$A:$W,21,FALSE),",",""),(ROW(M83)-ROW($M$75))*4+1,4),招式表!$A:$C,3,FALSE),"") -> 飞叶风暴 | N83: =IFERROR(VLOOKUP(M83,招式表!$C:$O,9,FALSE),"") -> 8 | O83: =IFERROR(VLOOKUP(MID(SUBSTITUTE(VLOOKUP($F$5,编号表!$A:$W,22,FALSE),",",""),(ROW(O83)-ROW($O$75))*4+1,4),招式表!$A:$C,3,FALSE),"") -> 青草滑梯 | P83: =IFERROR(VLOOKUP(O83,招式表!$C:$O,9,FALSE),"") -> 6 | Q83: =IFERROR(VLOOKUP(MID(SUBSTITUTE(VLOOKUP($F$5,编号表!$A:$W,23,FALSE),",",""),(ROW(Q83)-ROW($Q$75))*4+1,4),招式表!$A:$C,3,FALSE),"") -> 反射壁 | R83: =IFERROR(VLOOKUP(Q83,招式表!$C:$O,9,FALSE),"") -> 7
B84: =IFERROR(VLOOKUP(MID(SUBSTITUTE(VLOOKUP($F$5,编号表!$A:$W,19,FALSE),",",""),(ROW(B84)-ROW($B$75))*4+1,4),招式表!$A:$C,3,FALSE),"") -> 日光束 | C84: =IFERROR(VLOOKUP(B84,招式表!$C:$O,9,FALSE),"") -> 7 | D84: =IF($H$13>C84,"是","") | F84: =IFERROR(VLOOKUP(MID(SUBSTITUTE(VLOOKUP($F$5,编号表!$A:$W,20,FALSE),",",""),(ROW(F84)-ROW($F$75))*4+1,4),招式表!$A:$C,3,FALSE),"") -> 居合劈 | G84: =IFERROR(VLOOKUP(F84,招式表!$C:$O,9,FALSE),"") -> 4 | H84: =IFERROR(VLOOKUP(MID(SUBSTITUTE(VLOOKUP($F$5,编号表!$A:$W,20,FALSE),",",""),(ROW(H84)-ROW($F$75)+50)*4+1,4),招式表!$A:$C,3,FALSE),"") | I84: =IFERROR(VLOOKUP(H84,招式表!$C:$O,9,FALSE),"") | J84: =IFERROR(VLOOKUP(MID(SUBSTITUTE(VLOOKUP($F$5,编号表!$A:$W,20,FALSE),",",""),(ROW(J84)-ROW($J$75)+100)*4+1,4),招式表!$A:$C,3,FALSE),"") | K84: =IFERROR(VLOOKUP(J84,招式表!$C:$O,9,FALSE),"") | M84: =IFERROR(VLOOKUP(MID(SUBSTITUTE(VLOOKUP($F$5,编号表!$A:$W,21,FALSE),",",""),(ROW(M84)-ROW($M$75))*4+1,4),招式表!$A:$C,3,FALSE),"") -> 光墙 | N84: =IFERROR(VLOOKUP(M84,招式表!$C:$O,9,FALSE),"") -> 7 | O84: =IFERROR(VLOOKUP(MID(SUBSTITUTE(VLOOKUP($F$5,编号表!$A:$W,22,FALSE),",",""),(ROW(O84)-ROW($O$75))*4+1,4),招式表!$A:$C,3,FALSE),"") -> 头锤 | P84: =IFERROR(VLOOKUP(O84,招式表!$C:$O,9,FALSE),"") -> 6 | Q84: =IFERROR(VLOOKUP(MID(SUBSTITUTE(VLOOKUP($F$5,编号表!$A:$W,23,FALSE),",",""),(ROW(Q84)-ROW($Q$75))*4+1,4),招式表!$A:$C,3,FALSE),"") | R84: =IFERROR(VLOOKUP(Q84,招式表!$C:$O,9,FALSE),"")
B85: =IFERROR(VLOOKUP(MID(SUBSTITUTE(VLOOKUP($F$5,编号表!$A:$W,19,FALSE),",",""),(ROW(B85)-ROW($B$75))*4+1,4),招式表!$A:$C,3,FALSE),"") -> 甜甜香气 | C85: =IFERROR(VLOOKUP(B85,招式表!$C:$O,9,FALSE),"") -> 5 | D85: =IF($H$13>C85,"是","") | F85: =IFERROR(VLOOKUP(MID(SUBSTITUTE(VLOOKUP($F$5,编号表!$A:$W,20,FALSE),",",""),(ROW(F85)-ROW($F$75))*4+1,4),招式表!$A:$C,3,FALSE),"") -> 舍身冲撞 | G85: =IFERROR(VLOOKUP(F85,招式表!$C:$O,9,FALSE),"") -> 7 | H85: =IFERROR(VLOOKUP(MID(SUBSTITUTE(VLOOKUP($F$5,编号表!$A:$W,20,FALSE),",",""),(ROW(H85)-ROW($F$75)+50)*4+1,4),招式表!$A:$C,3,FALSE),"") | I85: =IFERROR(VLOOKUP(H85,招式表!$C:$O,9,FALSE),"") | J85: =IFERROR(VLOOKUP(MID(SUBSTITUTE(VLOOKUP($F$5,编号表!$A:$W,20,FALSE),",",""),(ROW(J85)-ROW($J$75)+100)*4+1,4),招式表!$A:$C,3,FALSE),"") | K85: =IFERROR(VLOOKUP(J85,招式表!$C:$O,9,FALSE),"") | M85: =IFERROR(VLOOKUP(MID(SUBSTITUTE(VLOOKUP($F$5,编号表!$A:$W,21,FALSE),",",""),(ROW(M85)-ROW($M$75))*4+1,4),招式表!$A:$C,3,FALSE),"") -> 魔法叶 | N85: =IFERROR(VLOOKUP(M85,招式表!$C:$O,9,FALSE),"") -> 5 | O85: =IFERROR(VLOOKUP(MID(SUBSTITUTE(VLOOKUP($F$5,编号表!$A:$W,22,FALSE),",",""),(ROW(O85)-ROW($O$75))*4+1,4),招式表!$A:$C,3,FALSE),"") -> 拍落 | P85: =IFERROR(VLOOKUP(O85,招式表!$C:$O,9,FALSE),"") -> 6 | Q85: =IFERROR(VLOOKUP(MID(SUBSTITUTE(VLOOKUP($F$5,编号表!$A:$W,23,FALSE),",",""),(ROW(Q85)-ROW($Q$75))*4+1,4),招式表!$A:$C,3,FALSE),"") | R85: =IFERROR(VLOOKUP(Q85,招式表!$C:$O,9,FALSE),"")
B86: =IFERROR(VLOOKUP(MID(SUBSTITUTE(VLOOKUP($F$5,编号表!$A:$W,19,FALSE),",",""),(ROW(B86)-ROW($B$75))*4+1,4),招式表!$A:$C,3,FALSE),"") -> 光合作用 | C86: =IFERROR(VLOOKUP(B86,招式表!$C:$O,9,FALSE),"") -> 6 | D86: =IF($H$13>C86,"是","") | F86: =IFERROR(VLOOKUP(MID(SUBSTITUTE(VLOOKUP($F$5,编号表!$A:$W,20,FALSE),",",""),(ROW(F86)-ROW($F$75))*4+1,4),招式表!$A:$C,3,FALSE),"") -> 影子分身 | G86: =IFERROR(VLOOKUP(F86,招式表!$C:$O,9,FALSE),"") -> 6 | H86: =IFERROR(VLOOKUP(MID(SUBSTITUTE(VLOOKUP($F$5,编号表!$A:$W,20,FALSE),",",""),(ROW(H86)-ROW($F$75)+50)*4+1,4),招式表!$A:$C,3,FALSE),"") | I86: =IFERROR(VLOOKUP(H86,招式表!$C:$O,9,FALSE),"") | J86: =IFERROR(VLOOKUP(MID(SUBSTITUTE(VLOOKUP($F$5,编号表!$A:$W,20,FALSE),",",""),(ROW(J86)-ROW($J$75)+100)*4+1,4),招式表!$A:$C,3,FALSE),"") | K86: =IFERROR(VLOOKUP(J86,招式表!$C:$O,9,FALSE),"") | M86: =IFERROR(VLOOKUP(MID(SUBSTITUTE(VLOOKUP($F$5,编号表!$A:$W,21,FALSE),",",""),(ROW(M86)-ROW($M$75))*4+1,4),招式表!$A:$C,3,FALSE),"") -> 自然之力 | N86: =IFERROR(VLOOKUP(M86,招式表!$C:$O,9,FALSE),"") -> 5 | O86: =IFERROR(VLOOKUP(MID(SUBSTITUTE(VLOOKUP($F$5,编号表!$A:$W,22,FALSE),",",""),(ROW(O86)-ROW($O$75))*4+1,4),招式表!$A:$C,3,FALSE),"") -> 模仿 | P86: =IFERROR(VLOOKUP(O86,招式表!$C:$O,9,FALSE),"") -> 6 | Q86: =IFERROR(VLOOKUP(MID(SUBSTITUTE(VLOOKUP($F$5,编号表!$A:$W,23,FALSE),",",""),(ROW(Q86)-ROW($Q$75))*4+1,4),招式表!$A:$C,3,FALSE),"") | R86: =IFERROR(VLOOKUP(Q86,招式表!$C:$O,9,FALSE),"")
... B124: =IFERROR(VLOOKUP(MID(SUBSTITUTE(VLOOKUP($F$5,编号表!$A:$W,19,FALSE),",",""),(ROW(B124)-ROW($B$75))*4+1,4),招式表!$A:$C,3,FALSE),"") | C124: =IFERROR(VLOOKUP(B124,招式表!$C:$O,9,FALSE),"") | D124: =IF($H$13>C124,"是","") | F124: =IFERROR(VLOOKUP(MID(SUBSTITUTE(VLOOKUP($F$5,编号表!$A:$W,20,FALSE),",",""),(ROW(F124)-ROW($F$75))*4+1,4),招式表!$A:$C,3,FALSE),"") -> 剑舞 | G124: =IFERROR(VLOOKUP(F124,招式表!$C:$O,9,FALSE),"") -> 6 | H124: =IFERROR(VLOOKUP(MID(SUBSTITUTE(VLOOKUP($F$5,编号表!$A:$W,20,FALSE),",",""),(ROW(H124)-ROW($F$75)+50)*4+1,4),招式表!$A:$C,3,FALSE),"") | I124: =IFERROR(VLOOKUP(H124,招式表!$C:$O,9,FALSE),"") | J124: =IFERROR(VLOOKUP(MID(SUBSTITUTE(VLOOKUP($F$5,编号表!$A:$W,20,FALSE),",",""),(ROW(J124)-ROW($J$75)+100)*4+1,4),招式表!$A:$C,3,FALSE),"") | K124: =IFERROR(VLOOKUP(J124,招式表!$C:$O,9,FALSE),"") | M124: =IFERROR(VLOOKUP(MID(SUBSTITUTE(VLOOKUP($F$5,编号表!$A:$W,21,FALSE),",",""),(ROW(M124)-ROW($M$75))*4+1,4),招式表!$A:$C,3,FALSE),"") | N124: =IFERROR(VLOOKUP(M124,招式表!$C:$O,9,FALSE),"") | O124: =IFERROR(VLOOKUP(MID(SUBSTITUTE(VLOOKUP($F$5,编号表!$A:$W,22,FALSE),",",""),(ROW(O124)-ROW($O$75))*4+1,4),招式表!$A:$C,3,FALSE),"") | P124: =IFERROR(VLOOKUP(O124,招式表!$C:$O,9,FALSE),"") | Q124: =IFERROR(VLOOKUP(MID(SUBSTITUTE(VLOOKUP($F$5,编号表!$A:$W,23,FALSE),",",""),(ROW(Q124)-ROW($Q$75))*4+1,4),招式表!$A:$C,3,FALSE),"") | R124: =IFERROR(VLOOKUP(Q124,招式表!$C:$O,9,FALSE),"")

Sheet 宝可梦仓库与快捷卡
A1: 名称 | B1: 编号 | C1: 种族 | D1: 性别 | E1: 特性编号 | F1: 体型差异 | G1: 牵绊等级 | H1: 极巨类型 | I1: 太晶属性 | J1: 球种 | K1: 携带物 | L1: 体力成长 | M1: 攻击成长 | N1: 防御成长 | O1: 特攻成长 | P1: 特防成长 | Q1: 速度成长 | R1: 已学招式 | S1: 形象描述 | T1: 思想信念 | U1: 性格特质 | V1: 背景经历 | X1: 基本信息 | AE1: 能力 | AF1: 成长 | AG1: 基础 | AH1: 变化 | AI1: 合计 | AJ1: 调整 | AL1: 闪避与命中
X2: 名称： | Z2: 编号： | AA2: =VLOOKUP(Y2,A:V,2,FALSE) -> #N/A | AB2: 属性： | AC2: =VLOOKUP(AA2,编号表!$A:$R,3,FALSE) -> #N/A | AE2: 体力 | AF2: =VLOOKUP(Y2,A:V,12,FALSE) -> #N/A | AG2: =INT((((VLOOKUP(AA2,编号表!$A:$R,10,FALSE)/(1+0.01*(MAX(0,VLOOKUP(AA2,编号表!$A:$R,10,FALSE)-120)+0.1)^0.8))*(1+VLOOKUP(AF2,其它!$G$21:$H$28,2,FALSE)/12))/6+2.2+$Y$8)*2) -> #N/A | AI2: =AG2+AH2 -> #N/A | AJ2: =INT(AI2/3-6) -> #N/A | AL2: 属性 | AM2: 基础 | AN2: 变化 | AO2: 最终值
Z3: 种族： | AA3: =VLOOKUP(AA2,编号表!A:W,2,FALSE) -> #N/A | AC3: =VLOOKUP(AA2,编号表!$A:$R,4,FALSE) -> #N/A | AL3: 闪避 | AM3: =INT(IF(AI12>18,AI12/3,6)) -> #N/A | AO3: =SUM(AM3:AN4) -> #N/A
X4: 性别： | Y4: =VLOOKUP(Y2,A:V,4,FALSE) -> #N/A | Z4: 体型差异 | AA4: =VLOOKUP(Y2,A:V,6,FALSE) -> #N/A | AB4: 极巨类型 | AC4: =VLOOKUP(Y2,A:V,8,FALSE) -> #N/A | AE4: 攻击 | AF4: =VLOOKUP(Y2,A:V,13,FALSE) -> #N/A | AG4: =INT(((VLOOKUP(AA2,编号表!$A:$R,11,FALSE)/(1+0.01*(MAX(0,VLOOKUP(AA2,编号表!$A:$R,11,FALSE)-120)+0.1)^0.8))*(1+VLOOKUP(AF4,其它!$G$21:$H$28,2,FALSE)/12))/6+2.2+$Y$8) -> #N/A | AI4: =AG4+AH4 -> #N/A | AJ4: =INT(AI4/2-5) -> #N/A
Z5: 体型等级 | AA5: =IF(AA4="极巨化","？？？",LOOKUP(((VLOOKUP(AA2,编号表!$A:$R,18,FALSE)*VLOOKUP(AA4,其它!C22:E30,3,FALSE)+1)*(VLOOKUP(AA2,编号表!$A:$R,17,FALSE)*VLOOKUP(AA4,其它!C22:E30,2,FALSE)+1)),{0,10,50,450,700,1000},{1,2,3,4,5,6})) -> #N/A | AB5: 太晶属性 | AC5: =VLOOKUP(Y2,A:V,9,FALSE) -> #N/A | AL5: 命中 | AM5: =INT(IF(AI12>18,AI12/3-6,0)) -> #N/A | AO5: =SUM(AM5:AN6) -> #N/A
X6: 特性： | Y6: =VLOOKUP(AA2,编号表!$A:$R,IF(VLOOKUP(Y2,A:V,5,FALSE)=1,5,IF(VLOOKUP(Y2,A:V,5,FALSE)=2,6,7)),FALSE) -> #N/A | Z6: 当前HP | AB6: 当前EP | AE6: 防御 | AF6: =VLOOKUP(Y2,A:V,14,FALSE) -> #N/A | AG6: =INT(((VLOOKUP(AA2,编号表!$A:$R,12,FALSE)/(1+0.01*(MAX(0,VLOOKUP(AA2,编号表!$A:$R,12,FALSE)-120)+0.1)^0.8))*(1+VLOOKUP(AF6,其它!$G$21:$H$28,2,FALSE)/12))/6+2.2+$Y$8) -> #N/A | AI6: =AG6+AH6 -> #N/A | AJ6: =INT(AI6/2-5) -> #N/A
AA7: =AA6/AI2 -> #N/A
X8: 牵绊： | Y8: =VLOOKUP(Y2,A:V,7,FALSE) -> #N/A | Z8: 指挥度 | AA8: =LOOKUP(Y8,{0,1,2,3,4,5,6,7,8,9,10},{5,5,6,6,7,7,8,9,10,10,10}) -> #N/A | AB8: 移动力 | AC8: =INT(IF(AJ12<0,1,(IF(AJ12>4,AJ12/2+0.5,2)))) -> #N/A | AE8: 特攻 | AF8: =VLOOKUP(Y2,A:V,15,FALSE) -> #N/A | AG8: =INT(((VLOOKUP(AA2,编号表!$A:$R,13,FALSE)/(1+0.01*(MAX(0,VLOOKUP(AA2,编号表!$A:$R,13,FALSE)-120)+0.1)^0.8))*(1+VLOOKUP(AF8,其它!$G$21:$H$28,2,FALSE)/12))/6+2.2+$Y$8) -> #N/A | AI8: =AG8+AH8 -> #N/A | AJ8: =INT(AI8/2-5) -> #N/A | AL8: 其它
AL9: 道具 | AM9: =VLOOKUP(Y2,A:V,11,FALSE) -> #N/A
X10: 特性效果 | Y10: =VLOOKUP(Y6,特性表!B:C,2,FALSE) -> #N/A | AE10: 特防 | AF10: =VLOOKUP(Y2,A:V,16,FALSE) -> #N/A | AG10: =INT(((VLOOKUP(AA2,编号表!$A:$R,14,FALSE)/(1+0.01*(MAX(0,VLOOKUP(AA2,编号表!$A:$R,14,FALSE)-120)+0.1)^0.8))*(1+VLOOKUP(AF10,其它!$G$21:$H$28,2,FALSE)/12))/6+2.2+$Y$8) -> #N/A | AI10: =AG10+AH10 -> #N/A | AJ10: =INT(AI10/2-5) -> #N/A
AE12: 速度 | AF12: =VLOOKUP(Y2,A:V,16,FALSE) -> #N/A | AG12: =INT(((VLOOKUP(AA2,编号表!$A:$R,15,FALSE)/(1+0.01*(MAX(0,VLOOKUP(AA2,编号表!$A:$R,15,FALSE)-120)+0.1)^0.8))*(1+VLOOKUP(AF12,其它!$G$21:$H$28,2,FALSE)/12))/6+2.2+$Y$8) -> #N/A | AI12: =AG12+AH12 -> #N/A | AJ12: =INT(AI12/2-5) -> #N/A
X16: 战斗招式
X17: 名称： | Y17: 名称 | AA17: 属性： | AB17: =IF(Y17="觉醒力量",VLOOKUP(FLOOR((MOD(VLOOKUP(#REF!,其它!AC11:AD18,2,FALSE),2)+2*MOD(VLOOKUP(#REF!,其它!AC11:AD18,2,FALSE),2)+4*MOD(VLOOKUP(#REF!,其它!AC11:AD18,2,FALSE),2)+8*MOD(VLOOKUP(AM3,其它!AC11:AD18,2,FALSE),2)+16*MOD(VLOOKUP(#REF!,其它!AC11:AD18,2,FALSE),2)+32*MOD(VLOOKUP(AM1,其它!AC11:AD18,2,FALSE),2))*15/63,1),其它!AF12:AG28,2,1),VLOOKUP(Y17,招式表!$C:$O,2,FALSE)) -> 属性 | AC17: 分类： | AD17: =VLOOKUP(Y17,招式表!$C:$O,3,FALSE) -> 分类 | AE17: 作用距离： | AF17: =VLOOKUP(Y17,招式表!$C:$O,10,FALSE) -> 作用距离 | AG17: 名称： | AH17: 名称 | AJ17: 属性： | AK17: =IF(AH17="觉醒力量",VLOOKUP(FLOOR((MOD(VLOOKUP(#REF!,其它!#REF!,2,FALSE),2)+2*MOD(VLOOKUP(#REF!,其它!#REF!,2,FALSE),2)+4*MOD(VLOOKUP(#REF!,其它!#REF!,2,FALSE),2)+8*MOD(VLOOKUP(AV3,其它!#REF!,2,FALSE),2)+16*MOD(VLOOKUP(#REF!,其它!#REF!,2,FALSE),2)+32*MOD(VLOOKUP(AV1,其它!#REF!,2,FALSE),2))*15/63,1),其它!AY31:AZ47,2,1),VLOOKUP(AH17,招式表!$C:$O,2,FALSE)) -> 属性 | AL17: 分类： | AM17: =VLOOKUP(AH17,招式表!$C:$O,3,FALSE) -> 分类 | AN17: 作用距离： | AO17: =VLOOKUP(AH17,招式表!$C:$O,10,FALSE) -> 作用距离
X18: 威力骰： | Y18: =VLOOKUP(Y17,招式表!$C:$O,5,FALSE) -> 威力骰 | AA18: 命中骰： | AB18: =VLOOKUP(Y17,招式表!$C:$O,7,FALSE) -> 命中骰 | AC18: EP消耗： | AD18: =VLOOKUP(Y17,招式表!$C:$O,9,FALSE) -> 消耗 | AE18: 优先度： | AF18: =VLOOKUP(Y17,招式表!$C:$O,11,FALSE) -> 优先度 | AG18: 威力骰： | AH18: =VLOOKUP(AH17,招式表!$C:$O,5,FALSE) -> 威力骰 | AJ18: 命中骰： | AK18: =VLOOKUP(AH17,招式表!$C:$O,7,FALSE) -> 命中骰 | AL18: EP消耗： | AM18: =VLOOKUP(AH17,招式表!$C:$O,9,FALSE) -> 消耗 | AN18: 优先度： | AO18: =VLOOKUP(AH17,招式表!$C:$O,11,FALSE) -> 优先度
X19: 效果： | Y19: =VLOOKUP(Y17,招式表!$C:$O,12,FALSE) -> 说明 | AF19: =VLOOKUP(Y17,招式表!$C:$O,13,FALSE) -> 其他分类 | AG19: 效果： | AH19: =VLOOKUP(AH17,招式表!$C:$O,12,FALSE) -> 说明 | AO19: =VLOOKUP(AH17,招式表!$C:$O,13,FALSE) -> 其他分类
X22: 其他分类： | AG22: 其他分类：
X23: 名称： | Y23: 名称 | AA23: 属性： | AB23: =IF(Y23="觉醒力量",VLOOKUP(FLOOR((MOD(VLOOKUP(#REF!,其它!#REF!,2,FALSE),2)+2*MOD(VLOOKUP(#REF!,其它!#REF!,2,FALSE),2)+4*MOD(VLOOKUP(AM1,其它!#REF!,2,FALSE),2)+8*MOD(VLOOKUP(#REF!,其它!#REF!,2,FALSE),2)+16*MOD(VLOOKUP(AM3,其它!#REF!,2,FALSE),2)+32*MOD(VLOOKUP(#REF!,其它!#REF!,2,FALSE),2))*15/63,1),其它!AP35:AQ51,2,1),VLOOKUP(Y23,招式表!$C:$O,2,FALSE)) -> 属性 | AC23: 分类： | AD23: =VLOOKUP(Y23,招式表!$C:$O,3,FALSE) -> 分类 | AE23: 作用距离： | AF23: =VLOOKUP(Y23,招式表!$C:$O,10,FALSE) -> 作用距离 | AG23: 名称： | AH23: 名称 | AJ23: 属性： | AK23: =IF(AH23="觉醒力量",VLOOKUP(FLOOR((MOD(VLOOKUP(#REF!,其它!#REF!,2,FALSE),2)+2*MOD(VLOOKUP(#REF!,其它!#REF!,2,FALSE),2)+4*MOD(VLOOKUP(AV1,其它!#REF!,2,FALSE),2)+8*MOD(VLOOKUP(AV7,其它!#REF!,2,FALSE),2)+16*MOD(VLOOKUP(AV3,其它!#REF!,2,FALSE),2)+32*MOD(VLOOKUP(AV5,其它!#REF!,2,FALSE),2))*15/63,1),其它!AY35:AZ51,2,1),VLOOKUP(AH23,招式表!$C:$O,2,FALSE)) -> 属性 | AL23: 分类： | AM23: =VLOOKUP(AH23,招式表!$C:$O,3,FALSE) -> 分类 | AN23: 作用距离： | AO23: =VLOOKUP(AH23,招式表!$C:$O,10,FALSE) -> 作用距离
X24: 威力骰： | Y24: =VLOOKUP(Y23,招式表!$C:$O,5,FALSE) -> 威力骰 | AA24: 命中骰： | AB24: =VLOOKUP(Y23,招式表!$C:$O,7,FALSE) -> 命中骰 | AC24: EP消耗： | AD24: =VLOOKUP(Y23,招式表!$C:$O,9,FALSE) -> 消耗 | AE24: 优先度： | AF24: =VLOOKUP(Y23,招式表!$C:$O,11,FALSE) -> 优先度 | AG24: 威力骰： | AH24: =VLOOKUP(AH23,招式表!$C:$O,5,FALSE) -> 威力骰 | AJ24: 命中骰： | AK24: =VLOOKUP(AH23,招式表!$C:$O,7,FALSE) -> 命中骰 | AL24: EP消耗： | AM24: =VLOOKUP(AH23,招式表!$C:$O,9,FALSE) -> 消耗 | AN24: 优先度： | AO24: =VLOOKUP(AH23,招式表!$C:$O,11,FALSE) -> 优先度
X25: 效果： | Y25: =VLOOKUP(Y23,招式表!$C:$O,12,FALSE) -> 说明 | AF25: =VLOOKUP(Y23,招式表!$C:$O,13,FALSE) -> 其他分类 | AG25: 效果： | AH25: =VLOOKUP(AH23,招式表!$C:$O,12,FALSE) -> 说明 | AO25: =VLOOKUP(AH23,招式表!$C:$O,13,FALSE) -> 其他分类
X31: 背景与经历 | AH31: 已学习的招式 | AL31: 特殊系统招式计算
X32: 形象描述 | Y32: =VLOOKUP(Y2,A:V,19,FALSE) -> #N/A | AH32: =VLOOKUP(Y2,A:V,18,FALSE) -> #N/A | AL32: 原始招式： | AM32: 名称 | AN32: 类别： | AO32: =VLOOKUP(AM32,招式表!$C:$N,3,FALSE) -> 分类
AL33: 特殊系统： | AM33: Z | AN33: 属性： | AO33: =VLOOKUP(AN34,招式表!$C:$N,2,FALSE) -> 属性
AL34: 特殊系统招式： | AN34: 名称
X35: 思想/信念 | Y35: =VLOOKUP(Y2,A:V,20,FALSE) -> #N/A
AL36: 威力骰： | AM36: =IF(AM33="Z",IFERROR(VLOOKUP(AM32,其它!G56:I127,2,FALSE),LOOKUP(VLOOKUP(AM32,招式表!$C:$N,4,FALSE),其它!G42:G52,其它!H42:H52)),IFERROR(VLOOKUP(AM32,其它!G65:I131,3,FALSE),LOOKUP(VLOOKUP(AM32,招式表!$C:$N,4,FALSE),其它!K42:K49,IF(OR(AO33="格斗",AO33="毒"),其它!M42:M49,其它!L42:L49)))) -> 4D8
X38: 性格/特质 | Y38: =VLOOKUP(Y2,A:V,21,FALSE) -> #N/A | AL38: 专属威力： | AM38: =IFERROR(VLOOKUP(AN34,其它!C62:D79,2,FALSE),"")
AL40: 消耗： | AM40: 8 | AN40: 优先度： | AO40: 0
X41: 背景/经历 | Y41: =VLOOKUP(Y2,A:V,22,FALSE) -> #N/A | AL41: 命中骰： | AM41: 必中 | AN41: 作用距离： | AO41: 10
AL42: 效果： | AM42: =VLOOKUP(AN34,招式表!$C:$N,12,FALSE) -> 说明
X50: 快捷克制查询 | AH50: 首付概率计算器 | AM50: HP快捷计算
X51: 一般 | Y51: 格斗 | Z51: 飞行 | AA51: 毒 | AB51: 地面 | AC51: 岩石 | AD51: 虫 | AE51: 幽灵 | AF51: 钢 | AH51: 当前HP： | AI51: 球种修正 | AJ51: 精灵球 | AK51: =VLOOKUP(AJ51,其它!T3:U38,2,FALSE) -> 1 | AM51: 1/8HP | AN51: 1/6HP | AO51: 1/4HP
X52: =VLOOKUP($AC$2,其它!$AA$23:$AS$42,2,FALSE)*VLOOKUP($AC$3,其它!$AA$23:$AS$42,2,FALSE) -> #N/A | Y52: =VLOOKUP($AC$2,其它!$AA$23:$AS$42,3,FALSE)*VLOOKUP($AC$3,其它!$AA$23:$AS$42,3,FALSE) -> #N/A | Z52: =VLOOKUP($AC$2,其它!$AA$23:$AS$42,4,FALSE)*VLOOKUP($AC$3,其它!$AA$23:$AS$42,4,FALSE) -> #N/A | AA52: =VLOOKUP($AC$2,其它!$AA$23:$AS$42,5,FALSE)*VLOOKUP($AC$3,其它!$AA$23:$AS$42,5,FALSE) -> #N/A | AB52: =VLOOKUP($AC$2,其它!$AA$23:$AS$42,6,FALSE)*VLOOKUP($AC$3,其它!$AA$23:$AS$42,6,FALSE)*IF(OR(Y6="飘浮",Y6="食土"),0,1) -> #N/A | AC52: =VLOOKUP($AC$2,其它!$AA$23:$AS$42,7,FALSE)*VLOOKUP($AC$3,其它!$AA$23:$AS$42,7,FALSE) -> #N/A | AD52: =VLOOKUP($AC$2,其它!$AA$23:$AS$42,8,FALSE)*VLOOKUP($AC$3,其它!$AA$23:$AS$42,8,FALSE) -> #N/A | AE52: =VLOOKUP($AC$2,其它!$AA$23:$AS$42,9,FALSE)*VLOOKUP($AC$3,其它!$AA$23:$AS$42,9,FALSE)*IF(Y6="洁净之盐",0.5,1) -> #N/A | AF52: =VLOOKUP($AC$2,其它!$AA$23:$AS$42,10,FALSE)*VLOOKUP($AC$3,其它!$AA$23:$AS$42,10,FALSE) -> #N/A | AH52: =AA6 -> 0 | AI52: 状态修正 | AJ52: 正常 | AK52: =IF(AJ52="正常",1,IF(AJ52="冰冻",2,IF(AJ52="睡眠",2,IF(AJ52="中毒",1.5,IF(AJ52="麻痹",1.5,IF(AJ52="灼伤",1.5,0)))))) -> 1 | AM52: =INT(IF(AG2>8,(AG2/8),1)) -> #N/A | AN52: =INT(IF(AG2>6,(AG2/6),1)) -> #N/A | AO52: =INT(IF(AG2>4,(AG2/4),1)) -> #N/A
X53: 火 | Y53: 水 | Z53: 草 | AA53: 电 | AB53: 超能力 | AC53: 冰 | AD53: 龙 | AE53: 恶 | AF53: 妖精 | AH53: 捕获率 | AI53: =VLOOKUP(AA2,编号表!$A:$R,16,FALSE) -> #N/A | AJ53: 收服概率 | AK53: =(((AG2*3-AH52*2)*AI53*AK51)/(AG2*3)*AK52)/255 -> #N/A | AM53: 1/3HP | AN53: 1/2HP | AO53: 2/3HP
X54: =VLOOKUP($AC$2,其它!$AA$23:$AS$42,11,FALSE)*VLOOKUP($AC$3,其它!$AA$23:$AS$42,11,FALSE)*IF(Y6="引火",0,1)*IF(OR(Y6="厚脂肪",Y6="水泡",Y6="耐热"),0.5,1)*IF(Y6="毛茸茸",2,1) -> #N/A | Y54: =VLOOKUP($AC$2,其它!$AA$23:$AS$42,12,FALSE)*VLOOKUP($AC$3,其它!$AA$23:$AS$42,12,FALSE)*IF(OR(Y6="储水",Y6="引水",Y6="干燥皮肤"),0,1) -> #N/A | Z54: =VLOOKUP($AC$2,其它!$AA$23:$AS$42,13,FALSE)*VLOOKUP($AC$3,其它!$AA$23:$AS$42,13,FALSE)*IF(Y6="食草",0,1) -> #N/A | AA54: =VLOOKUP($AC$2,其它!$AA$23:$AS$42,14,FALSE)*VLOOKUP($AC$3,其它!$AA$23:$AS$42,14,FALSE)*IF(OR(Y6="避雷针",Y6="蓄电",Y6="电气引擎"),0,1) -> #N/A | AB54: =VLOOKUP($AC$2,其它!$AA$23:$AS$42,15,FALSE)*VLOOKUP($AC$3,其它!$AA$23:$AS$42,15,FALSE) -> #N/A | AC54: =VLOOKUP($AC$2,其它!$AA$23:$AS$42,16,FALSE)*VLOOKUP($AC$3,其它!$AA$23:$AS$42,16,FALSE) -> #N/A | AD54: =VLOOKUP($AC$2,其它!$AA$23:$AS$42,17,FALSE)*VLOOKUP($AC$3,其它!$AA$23:$AS$42,17,FALSE) -> #N/A | AE54: =VLOOKUP($AC$2,其它!$AA$23:$AS$42,18,FALSE)*VLOOKUP($AC$3,其它!$AA$23:$AS$42,18,FALSE) -> #N/A | AF54: =VLOOKUP($AC$2,其它!$AA$23:$AS$42,19,FALSE)*VLOOKUP($AC$3,其它!$AA$23:$AS$42,19,FALSE) -> #N/A | AK54: ="DC"&21-INT(AK53/0.05) -> #N/A | AM54: =INT(IF(AG2>3,(AG2/3),1)) -> #N/A | AN54: =INT(IF(AG2>2,(AG2/2),1)) -> #N/A | AO54: =INT(IF(AG2>1.5,(AG2/1.5),1)) -> #N/A
X57: 升级招式 | Y57: 消耗 | Z57: 可学习 | AB57: 招式学习器 | AC57: 消耗 | AD57: 技能机招式 | AE57: 消耗 | AF57: 技能机招式 | AG57: 消耗 | AI57: 蛋招式 | AJ57: 消耗 | AK57: 教学招式 | AL57: 消耗 | AM57: 其他招式 | AN57: 消耗
X58: =IFERROR(VLOOKUP(MID(SUBSTITUTE(VLOOKUP($AA$2,编号表!$A:$W,19,FALSE),",",""),(ROW(X58)-ROW($X$58))*4+1,4),招式表!$A:$C,3,FALSE),"") | Y58: =IFERROR(VLOOKUP(X58,招式表!$C:$N,9,FALSE),"") | Z58: =IF($AA$8>Y58,"是","") -> #N/A | AB58: =IFERROR(VLOOKUP(MID(SUBSTITUTE(VLOOKUP($AA$2,编号表!$A:$W,20,FALSE),",",""),(ROW(AB58)-ROW($AB$58))*4+1,4),招式表!$A:$C,3,FALSE),"") | AC58: =IFERROR(VLOOKUP(AB58,招式表!$C:$N,9,FALSE),"") | AD58: =IFERROR(VLOOKUP(MID(SUBSTITUTE(VLOOKUP($AA$2,编号表!$A:$W,20,FALSE),",",""),(ROW(AD58)-ROW($AB$58)+50)*4+1,4),招式表!$A:$C,3,FALSE),"") | AE58: =IFERROR(VLOOKUP(AD58,招式表!$C:$N,9,FALSE),"") | AF58: =IFERROR(VLOOKUP(MID(SUBSTITUTE(VLOOKUP($AA$2,编号表!$A:$W,20,FALSE),",",""),(ROW(AF58)-ROW($AF$58)+100)*4+1,4),招式表!$A:$C,3,FALSE),"") | AG58: =IFERROR(VLOOKUP(AF58,招式表!$C:$N,9,FALSE),"") | AI58: =IFERROR(VLOOKUP(MID(SUBSTITUTE(VLOOKUP($AA$2,编号表!$A:$W,21,FALSE),",",""),(ROW(AI58)-ROW($AI$58))*4+1,4),招式表!$A:$C,3,FALSE),"") | AJ58: =IFERROR(VLOOKUP(AI58,招式表!$C:$N,9,FALSE),"") | AK58: =IFERROR(VLOOKUP(MID(SUBSTITUTE(VLOOKUP($AA$2,编号表!$A:$W,22,FALSE),",",""),(ROW(AK58)-ROW($AK$58))*4+1,4),招式表!$A:$C,3,FALSE),"") | AL58: =IFERROR(VLOOKUP(AK58,招式表!$C:$N,9,FALSE),"") | AM58: =IFERROR(VLOOKUP(MID(SUBSTITUTE(VLOOKUP($AA$2,编号表!$A:$W,23,FALSE),",",""),(ROW(AM58)-ROW($AM$58))*4+1,4),招式表!$A:$C,3,FALSE),"") | AN58: =IFERROR(VLOOKUP(AM58,招式表!$C:$N,9,FALSE),"")
X59: =IFERROR(VLOOKUP(MID(SUBSTITUTE(VLOOKUP($AA$2,编号表!$A:$W,19,FALSE),",",""),(ROW(X59)-ROW($X$58))*4+1,4),招式表!$A:$C,3,FALSE),"") | Y59: =IFERROR(VLOOKUP(X59,招式表!$C:$N,9,FALSE),"") | Z59: =IF($AA$8>Y59,"是","") -> #N/A | AB59: =IFERROR(VLOOKUP(MID(SUBSTITUTE(VLOOKUP($AA$2,编号表!$A:$W,20,FALSE),",",""),(ROW(AB59)-ROW($AB$58))*4+1,4),招式表!$A:$C,3,FALSE),"") | AC59: =IFERROR(VLOOKUP(AB59,招式表!$C:$N,9,FALSE),"") | AD59: =IFERROR(VLOOKUP(MID(SUBSTITUTE(VLOOKUP($AA$2,编号表!$A:$W,20,FALSE),",",""),(ROW(AD59)-ROW($AB$58)+50)*4+1,4),招式表!$A:$C,3,FALSE),"") | AE59: =IFERROR(VLOOKUP(AD59,招式表!$C:$N,9,FALSE),"") | AF59: =IFERROR(VLOOKUP(MID(SUBSTITUTE(VLOOKUP($AA$2,编号表!$A:$W,20,FALSE),",",""),(ROW(AF59)-ROW($AF$58)+100)*4+1,4),招式表!$A:$C,3,FALSE),"") | AG59: =IFERROR(VLOOKUP(AF59,招式表!$C:$N,9,FALSE),"") | AI59: =IFERROR(VLOOKUP(MID(SUBSTITUTE(VLOOKUP($AA$2,编号表!$A:$W,21,FALSE),",",""),(ROW(AI59)-ROW($AI$58))*4+1,4),招式表!$A:$C,3,FALSE),"") | AJ59: =IFERROR(VLOOKUP(AI59,招式表!$C:$N,9,FALSE),"") | AK59: =IFERROR(VLOOKUP(MID(SUBSTITUTE(VLOOKUP($AA$2,编号表!$A:$W,22,FALSE),",",""),(ROW(AK59)-ROW($AK$58))*4+1,4),招式表!$A:$C,3,FALSE),"") | AL59: =IFERROR(VLOOKUP(AK59,招式表!$C:$N,9,FALSE),"") | AM59: =IFERROR(VLOOKUP(MID(SUBSTITUTE(VLOOKUP($AA$2,编号表!$A:$W,23,FALSE),",",""),(ROW(AM59)-ROW($AM$58))*4+1,4),招式表!$A:$C,3,FALSE),"") | AN59: =IFERROR(VLOOKUP(AM59,招式表!$C:$N,9,FALSE),"")
X60: =IFERROR(VLOOKUP(MID(SUBSTITUTE(VLOOKUP($AA$2,编号表!$A:$W,19,FALSE),",",""),(ROW(X60)-ROW($X$58))*4+1,4),招式表!$A:$C,3,FALSE),"") | Y60: =IFERROR(VLOOKUP(X60,招式表!$C:$N,9,FALSE),"") | Z60: =IF($AA$8>Y60,"是","") -> #N/A | AB60: =IFERROR(VLOOKUP(MID(SUBSTITUTE(VLOOKUP($AA$2,编号表!$A:$W,20,FALSE),",",""),(ROW(AB60)-ROW($AB$58))*4+1,4),招式表!$A:$C,3,FALSE),"") | AC60: =IFERROR(VLOOKUP(AB60,招式表!$C:$N,9,FALSE),"") | AD60: =IFERROR(VLOOKUP(MID(SUBSTITUTE(VLOOKUP($AA$2,编号表!$A:$W,20,FALSE),",",""),(ROW(AD60)-ROW($AB$58)+50)*4+1,4),招式表!$A:$C,3,FALSE),"") | AE60: =IFERROR(VLOOKUP(AD60,招式表!$C:$N,9,FALSE),"") | AF60: =IFERROR(VLOOKUP(MID(SUBSTITUTE(VLOOKUP($AA$2,编号表!$A:$W,20,FALSE),",",""),(ROW(AF60)-ROW($AF$58)+100)*4+1,4),招式表!$A:$C,3,FALSE),"") | AG60: =IFERROR(VLOOKUP(AF60,招式表!$C:$N,9,FALSE),"") | AI60: =IFERROR(VLOOKUP(MID(SUBSTITUTE(VLOOKUP($AA$2,编号表!$A:$W,21,FALSE),",",""),(ROW(AI60)-ROW($AI$58))*4+1,4),招式表!$A:$C,3,FALSE),"") | AJ60: =IFERROR(VLOOKUP(AI60,招式表!$C:$N,9,FALSE),"") | AK60: =IFERROR(VLOOKUP(MID(SUBSTITUTE(VLOOKUP($AA$2,编号表!$A:$W,22,FALSE),",",""),(ROW(AK60)-ROW($AK$58))*4+1,4),招式表!$A:$C,3,FALSE),"") | AL60: =IFERROR(VLOOKUP(AK60,招式表!$C:$N,9,FALSE),"") | AM60: =IFERROR(VLOOKUP(MID(SUBSTITUTE(VLOOKUP($AA$2,编号表!$A:$W,23,FALSE),",",""),(ROW(AM60)-ROW($AM$58))*4+1,4),招式表!$A:$C,3,FALSE),"") | AN60: =IFERROR(VLOOKUP(AM60,招式表!$C:$N,9,FALSE),"")
X61: =IFERROR(VLOOKUP(MID(SUBSTITUTE(VLOOKUP($AA$2,编号表!$A:$W,19,FALSE),",",""),(ROW(X61)-ROW($X$58))*4+1,4),招式表!$A:$C,3,FALSE),"") | Y61: =IFERROR(VLOOKUP(X61,招式表!$C:$N,9,FALSE),"") | Z61: =IF($AA$8>Y61,"是","") -> #N/A | AB61: =IFERROR(VLOOKUP(MID(SUBSTITUTE(VLOOKUP($AA$2,编号表!$A:$W,20,FALSE),",",""),(ROW(AB61)-ROW($AB$58))*4+1,4),招式表!$A:$C,3,FALSE),"") | AC61: =IFERROR(VLOOKUP(AB61,招式表!$C:$N,9,FALSE),"") | AD61: =IFERROR(VLOOKUP(MID(SUBSTITUTE(VLOOKUP($AA$2,编号表!$A:$W,20,FALSE),",",""),(ROW(AD61)-ROW($AB$58)+50)*4+1,4),招式表!$A:$C,3,FALSE),"") | AE61: =IFERROR(VLOOKUP(AD61,招式表!$C:$N,9,FALSE),"") | AF61: =IFERROR(VLOOKUP(MID(SUBSTITUTE(VLOOKUP($AA$2,编号表!$A:$W,20,FALSE),",",""),(ROW(AF61)-ROW($AF$58)+100)*4+1,4),招式表!$A:$C,3,FALSE),"") | AG61: =IFERROR(VLOOKUP(AF61,招式表!$C:$N,9,FALSE),"") | AI61: =IFERROR(VLOOKUP(MID(SUBSTITUTE(VLOOKUP($AA$2,编号表!$A:$W,21,FALSE),",",""),(ROW(AI61)-ROW($AI$58))*4+1,4),招式表!$A:$C,3,FALSE),"") | AJ61: =IFERROR(VLOOKUP(AI61,招式表!$C:$N,9,FALSE),"") | AK61: =IFERROR(VLOOKUP(MID(SUBSTITUTE(VLOOKUP($AA$2,编号表!$A:$W,22,FALSE),",",""),(ROW(AK61)-ROW($AK$58))*4+1,4),招式表!$A:$C,3,FALSE),"") | AL61: =IFERROR(VLOOKUP(AK61,招式表!$C:$N,9,FALSE),"") | AM61: =IFERROR(VLOOKUP(MID(SUBSTITUTE(VLOOKUP($AA$2,编号表!$A:$W,23,FALSE),",",""),(ROW(AM61)-ROW($AM$58))*4+1,4),招式表!$A:$C,3,FALSE),"") | AN61: =IFERROR(VLOOKUP(AM61,招式表!$C:$N,9,FALSE),"")
X62: =IFERROR(VLOOKUP(MID(SUBSTITUTE(VLOOKUP($AA$2,编号表!$A:$W,19,FALSE),",",""),(ROW(X62)-ROW($X$58))*4+1,4),招式表!$A:$C,3,FALSE),"") | Y62: =IFERROR(VLOOKUP(X62,招式表!$C:$N,9,FALSE),"") | Z62: =IF($AA$8>Y62,"是","") -> #N/A | AB62: =IFERROR(VLOOKUP(MID(SUBSTITUTE(VLOOKUP($AA$2,编号表!$A:$W,20,FALSE),",",""),(ROW(AB62)-ROW($AB$58))*4+1,4),招式表!$A:$C,3,FALSE),"") | AC62: =IFERROR(VLOOKUP(AB62,招式表!$C:$N,9,FALSE),"") | AD62: =IFERROR(VLOOKUP(MID(SUBSTITUTE(VLOOKUP($AA$2,编号表!$A:$W,20,FALSE),",",""),(ROW(AD62)-ROW($AB$58)+50)*4+1,4),招式表!$A:$C,3,FALSE),"") | AE62: =IFERROR(VLOOKUP(AD62,招式表!$C:$N,9,FALSE),"") | AF62: =IFERROR(VLOOKUP(MID(SUBSTITUTE(VLOOKUP($AA$2,编号表!$A:$W,20,FALSE),",",""),(ROW(AF62)-ROW($AF$58)+100)*4+1,4),招式表!$A:$C,3,FALSE),"") | AG62: =IFERROR(VLOOKUP(AF62,招式表!$C:$N,9,FALSE),"") | AI62: =IFERROR(VLOOKUP(MID(SUBSTITUTE(VLOOKUP($AA$2,编号表!$A:$W,21,FALSE),",",""),(ROW(AI62)-ROW($AI$58))*4+1,4),招式表!$A:$C,3,FALSE),"") | AJ62: =IFERROR(VLOOKUP(AI62,招式表!$C:$N,9,FALSE),"") | AK62: =IFERROR(VLOOKUP(MID(SUBSTITUTE(VLOOKUP($AA$2,编号表!$A:$W,22,FALSE),",",""),(ROW(AK62)-ROW($AK$58))*4+1,4),招式表!$A:$C,3,FALSE),"") | AL62: =IFERROR(VLOOKUP(AK62,招式表!$C:$N,9,FALSE),"") | AM62: =IFERROR(VLOOKUP(MID(SUBSTITUTE(VLOOKUP($AA$2,编号表!$A:$W,23,FALSE),",",""),(ROW(AM62)-ROW($AM$58))*4+1,4),招式表!$A:$C,3,FALSE),"") | AN62: =IFERROR(VLOOKUP(AM62,招式表!$C:$N,9,FALSE),"")
X63: =IFERROR(VLOOKUP(MID(SUBSTITUTE(VLOOKUP($AA$2,编号表!$A:$W,19,FALSE),",",""),(ROW(X63)-ROW($X$58))*4+1,4),招式表!$A:$C,3,FALSE),"") | Y63: =IFERROR(VLOOKUP(X63,招式表!$C:$N,9,FALSE),"") | Z63: =IF($AA$8>Y63,"是","") -> #N/A | AB63: =IFERROR(VLOOKUP(MID(SUBSTITUTE(VLOOKUP($AA$2,编号表!$A:$W,20,FALSE),",",""),(ROW(AB63)-ROW($AB$58))*4+1,4),招式表!$A:$C,3,FALSE),"") | AC63: =IFERROR(VLOOKUP(AB63,招式表!$C:$N,9,FALSE),"") | AD63: =IFERROR(VLOOKUP(MID(SUBSTITUTE(VLOOKUP($AA$2,编号表!$A:$W,20,FALSE),",",""),(ROW(AD63)-ROW($AB$58)+50)*4+1,4),招式表!$A:$C,3,FALSE),"") | AE63: =IFERROR(VLOOKUP(AD63,招式表!$C:$N,9,FALSE),"") | AF63: =IFERROR(VLOOKUP(MID(SUBSTITUTE(VLOOKUP($AA$2,编号表!$A:$W,20,FALSE),",",""),(ROW(AF63)-ROW($AF$58)+100)*4+1,4),招式表!$A:$C,3,FALSE),"") | AG63: =IFERROR(VLOOKUP(AF63,招式表!$C:$N,9,FALSE),"") | AI63: =IFERROR(VLOOKUP(MID(SUBSTITUTE(VLOOKUP($AA$2,编号表!$A:$W,21,FALSE),",",""),(ROW(AI63)-ROW($AI$58))*4+1,4),招式表!$A:$C,3,FALSE),"") | AJ63: =IFERROR(VLOOKUP(AI63,招式表!$C:$N,9,FALSE),"") | AK63: =IFERROR(VLOOKUP(MID(SUBSTITUTE(VLOOKUP($AA$2,编号表!$A:$W,22,FALSE),",",""),(ROW(AK63)-ROW($AK$58))*4+1,4),招式表!$A:$C,3,FALSE),"") | AL63: =IFERROR(VLOOKUP(AK63,招式表!$C:$N,9,FALSE),"") | AM63: =IFERROR(VLOOKUP(MID(SUBSTITUTE(VLOOKUP($AA$2,编号表!$A:$W,23,FALSE),",",""),(ROW(AM63)-ROW($AM$58))*4+1,4),招式表!$A:$C,3,FALSE),"") | AN63: =IFERROR(VLOOKUP(AM63,招式表!$C:$N,9,FALSE),"")
X64: =IFERROR(VLOOKUP(MID(SUBSTITUTE(VLOOKUP($AA$2,编号表!$A:$W,19,FALSE),",",""),(ROW(X64)-ROW($X$58))*4+1,4),招式表!$A:$C,3,FALSE),"") | Y64: =IFERROR(VLOOKUP(X64,招式表!$C:$N,9,FALSE),"") | Z64: =IF($AA$8>Y64,"是","") -> #N/A | AB64: =IFERROR(VLOOKUP(MID(SUBSTITUTE(VLOOKUP($AA$2,编号表!$A:$W,20,FALSE),",",""),(ROW(AB64)-ROW($AB$58))*4+1,4),招式表!$A:$C,3,FALSE),"") | AC64: =IFERROR(VLOOKUP(AB64,招式表!$C:$N,9,FALSE),"") | AD64: =IFERROR(VLOOKUP(MID(SUBSTITUTE(VLOOKUP($AA$2,编号表!$A:$W,20,FALSE),",",""),(ROW(AD64)-ROW($AB$58)+50)*4+1,4),招式表!$A:$C,3,FALSE),"") | AE64: =IFERROR(VLOOKUP(AD64,招式表!$C:$N,9,FALSE),"") | AF64: =IFERROR(VLOOKUP(MID(SUBSTITUTE(VLOOKUP($AA$2,编号表!$A:$W,20,FALSE),",",""),(ROW(AF64)-ROW($AF$58)+100)*4+1,4),招式表!$A:$C,3,FALSE),"") | AG64: =IFERROR(VLOOKUP(AF64,招式表!$C:$N,9,FALSE),"") | AI64: =IFERROR(VLOOKUP(MID(SUBSTITUTE(VLOOKUP($AA$2,编号表!$A:$W,21,FALSE),",",""),(ROW(AI64)-ROW($AI$58))*4+1,4),招式表!$A:$C,3,FALSE),"") | AJ64: =IFERROR(VLOOKUP(AI64,招式表!$C:$N,9,FALSE),"") | AK64: =IFERROR(VLOOKUP(MID(SUBSTITUTE(VLOOKUP($AA$2,编号表!$A:$W,22,FALSE),",",""),(ROW(AK64)-ROW($AK$58))*4+1,4),招式表!$A:$C,3,FALSE),"") | AL64: =IFERROR(VLOOKUP(AK64,招式表!$C:$N,9,FALSE),"") | AM64: =IFERROR(VLOOKUP(MID(SUBSTITUTE(VLOOKUP($AA$2,编号表!$A:$W,23,FALSE),",",""),(ROW(AM64)-ROW($AM$58))*4+1,4),招式表!$A:$C,3,FALSE),"") | AN64: =IFERROR(VLOOKUP(AM64,招式表!$C:$N,9,FALSE),"")
X65: =IFERROR(VLOOKUP(MID(SUBSTITUTE(VLOOKUP($AA$2,编号表!$A:$W,19,FALSE),",",""),(ROW(X65)-ROW($X$58))*4+1,4),招式表!$A:$C,3,FALSE),"") | Y65: =IFERROR(VLOOKUP(X65,招式表!$C:$N,9,FALSE),"") | Z65: =IF($AA$8>Y65,"是","") -> #N/A | AB65: =IFERROR(VLOOKUP(MID(SUBSTITUTE(VLOOKUP($AA$2,编号表!$A:$W,20,FALSE),",",""),(ROW(AB65)-ROW($AB$58))*4+1,4),招式表!$A:$C,3,FALSE),"") | AC65: =IFERROR(VLOOKUP(AB65,招式表!$C:$N,9,FALSE),"") | AD65: =IFERROR(VLOOKUP(MID(SUBSTITUTE(VLOOKUP($AA$2,编号表!$A:$W,20,FALSE),",",""),(ROW(AD65)-ROW($AB$58)+50)*4+1,4),招式表!$A:$C,3,FALSE),"") | AE65: =IFERROR(VLOOKUP(AD65,招式表!$C:$N,9,FALSE),"") | AF65: =IFERROR(VLOOKUP(MID(SUBSTITUTE(VLOOKUP($AA$2,编号表!$A:$W,20,FALSE),",",""),(ROW(AF65)-ROW($AF$58)+100)*4+1,4),招式表!$A:$C,3,FALSE),"") | AG65: =IFERROR(VLOOKUP(AF65,招式表!$C:$N,9,FALSE),"") | AI65: =IFERROR(VLOOKUP(MID(SUBSTITUTE(VLOOKUP($AA$2,编号表!$A:$W,21,FALSE),",",""),(ROW(AI65)-ROW($AI$58))*4+1,4),招式表!$A:$C,3,FALSE),"") | AJ65: =IFERROR(VLOOKUP(AI65,招式表!$C:$N,9,FALSE),"") | AK65: =IFERROR(VLOOKUP(MID(SUBSTITUTE(VLOOKUP($AA$2,编号表!$A:$W,22,FALSE),",",""),(ROW(AK65)-ROW($AK$58))*4+1,4),招式表!$A:$C,3,FALSE),"") | AL65: =IFERROR(VLOOKUP(AK65,招式表!$C:$N,9,FALSE),"") | AM65: =IFERROR(VLOOKUP(MID(SUBSTITUTE(VLOOKUP($AA$2,编号表!$A:$W,23,FALSE),",",""),(ROW(AM65)-ROW($AM$58))*4+1,4),招式表!$A:$C,3,FALSE),"") | AN65: =IFERROR(VLOOKUP(AM65,招式表!$C:$N,9,FALSE),"")
X66: =IFERROR(VLOOKUP(MID(SUBSTITUTE(VLOOKUP($AA$2,编号表!$A:$W,19,FALSE),",",""),(ROW(X66)-ROW($X$58))*4+1,4),招式表!$A:$C,3,FALSE),"") | Y66: =IFERROR(VLOOKUP(X66,招式表!$C:$N,9,FALSE),"") | Z66: =IF($AA$8>Y66,"是","") -> #N/A | AB66: =IFERROR(VLOOKUP(MID(SUBSTITUTE(VLOOKUP($AA$2,编号表!$A:$W,20,FALSE),",",""),(ROW(AB66)-ROW($AB$58))*4+1,4),招式表!$A:$C,3,FALSE),"") | AC66: =IFERROR(VLOOKUP(AB66,招式表!$C:$N,9,FALSE),"") | AD66: =IFERROR(VLOOKUP(MID(SUBSTITUTE(VLOOKUP($AA$2,编号表!$A:$W,20,FALSE),",",""),(ROW(AD66)-ROW($AB$58)+50)*4+1,4),招式表!$A:$C,3,FALSE),"") | AE66: =IFERROR(VLOOKUP(AD66,招式表!$C:$N,9,FALSE),"") | AF66: =IFERROR(VLOOKUP(MID(SUBSTITUTE(VLOOKUP($AA$2,编号表!$A:$W,20,FALSE),",",""),(ROW(AF66)-ROW($AF$58)+100)*4+1,4),招式表!$A:$C,3,FALSE),"") | AG66: =IFERROR(VLOOKUP(AF66,招式表!$C:$N,9,FALSE),"") | AI66: =IFERROR(VLOOKUP(MID(SUBSTITUTE(VLOOKUP($AA$2,编号表!$A:$W,21,FALSE),",",""),(ROW(AI66)-ROW($AI$58))*4+1,4),招式表!$A:$C,3,FALSE),"") | AJ66: =IFERROR(VLOOKUP(AI66,招式表!$C:$N,9,FALSE),"") | AK66: =IFERROR(VLOOKUP(MID(SUBSTITUTE(VLOOKUP($AA$2,编号表!$A:$W,22,FALSE),",",""),(ROW(AK66)-ROW($AK$58))*4+1,4),招式表!$A:$C,3,FALSE),"") | AL66: =IFERROR(VLOOKUP(AK66,招式表!$C:$N,9,FALSE),"") | AM66: =IFERROR(VLOOKUP(MID(SUBSTITUTE(VLOOKUP($AA$2,编号表!$A:$W,23,FALSE),",",""),(ROW(AM66)-ROW($AM$58))*4+1,4),招式表!$A:$C,3,FALSE),"") | AN66: =IFERROR(VLOOKUP(AM66,招式表!$C:$N,9,FALSE),"")
X67: =IFERROR(VLOOKUP(MID(SUBSTITUTE(VLOOKUP($AA$2,编号表!$A:$W,19,FALSE),",",""),(ROW(X67)-ROW($X$58))*4+1,4),招式表!$A:$C,3,FALSE),"") | Y67: =IFERROR(VLOOKUP(X67,招式表!$C:$N,9,FALSE),"") | Z67: =IF($AA$8>Y67,"是","") -> #N/A | AB67: =IFERROR(VLOOKUP(MID(SUBSTITUTE(VLOOKUP($AA$2,编号表!$A:$W,20,FALSE),",",""),(ROW(AB67)-ROW($AB$58))*4+1,4),招式表!$A:$C,3,FALSE),"") | AC67: =IFERROR(VLOOKUP(AB67,招式表!$C:$N,9,FALSE),"") | AD67: =IFERROR(VLOOKUP(MID(SUBSTITUTE(VLOOKUP($AA$2,编号表!$A:$W,20,FALSE),",",""),(ROW(AD67)-ROW($AB$58)+50)*4+1,4),招式表!$A:$C,3,FALSE),"") | AE67: =IFERROR(VLOOKUP(AD67,招式表!$C:$N,9,FALSE),"") | AF67: =IFERROR(VLOOKUP(MID(SUBSTITUTE(VLOOKUP($AA$2,编号表!$A:$W,20,FALSE),",",""),(ROW(AF67)-ROW($AF$58)+100)*4+1,4),招式表!$A:$C,3,FALSE),"") | AG67: =IFERROR(VLOOKUP(AF67,招式表!$C:$N,9,FALSE),"") | AI67: =IFERROR(VLOOKUP(MID(SUBSTITUTE(VLOOKUP($AA$2,编号表!$A:$W,21,FALSE),",",""),(ROW(AI67)-ROW($AI$58))*4+1,4),招式表!$A:$C,3,FALSE),"") | AJ67: =IFERROR(VLOOKUP(AI67,招式表!$C:$N,9,FALSE),"") | AK67: =IFERROR(VLOOKUP(MID(SUBSTITUTE(VLOOKUP($AA$2,编号表!$A:$W,22,FALSE),",",""),(ROW(AK67)-ROW($AK$58))*4+1,4),招式表!$A:$C,3,FALSE),"") | AL67: =IFERROR(VLOOKUP(AK67,招式表!$C:$N,9,FALSE),"") | AM67: =IFERROR(VLOOKUP(MID(SUBSTITUTE(VLOOKUP($AA$2,编号表!$A:$W,23,FALSE),",",""),(ROW(AM67)-ROW($AM$58))*4+1,4),招式表!$A:$C,3,FALSE),"") | AN67: =IFERROR(VLOOKUP(AM67,招式表!$C:$N,9,FALSE),"")
X68: =IFERROR(VLOOKUP(MID(SUBSTITUTE(VLOOKUP($AA$2,编号表!$A:$W,19,FALSE),",",""),(ROW(X68)-ROW($X$58))*4+1,4),招式表!$A:$C,3,FALSE),"") | Y68: =IFERROR(VLOOKUP(X68,招式表!$C:$N,9,FALSE),"") | Z68: =IF($AA$8>Y68,"是","") -> #N/A | AB68: =IFERROR(VLOOKUP(MID(SUBSTITUTE(VLOOKUP($AA$2,编号表!$A:$W,20,FALSE),",",""),(ROW(AB68)-ROW($AB$58))*4+1,4),招式表!$A:$C,3,FALSE),"") | AC68: =IFERROR(VLOOKUP(AB68,招式表!$C:$N,9,FALSE),"") | AD68: =IFERROR(VLOOKUP(MID(SUBSTITUTE(VLOOKUP($AA$2,编号表!$A:$W,20,FALSE),",",""),(ROW(AD68)-ROW($AB$58)+50)*4+1,4),招式表!$A:$C,3,FALSE),"") | AE68: =IFERROR(VLOOKUP(AD68,招式表!$C:$N,9,FALSE),"") | AF68: =IFERROR(VLOOKUP(MID(SUBSTITUTE(VLOOKUP($AA$2,编号表!$A:$W,20,FALSE),",",""),(ROW(AF68)-ROW($AF$58)+100)*4+1,4),招式表!$A:$C,3,FALSE),"") | AG68: =IFERROR(VLOOKUP(AF68,招式表!$C:$N,9,FALSE),"") | AI68: =IFERROR(VLOOKUP(MID(SUBSTITUTE(VLOOKUP($AA$2,编号表!$A:$W,21,FALSE),",",""),(ROW(AI68)-ROW($AI$58))*4+1,4),招式表!$A:$C,3,FALSE),"") | AJ68: =IFERROR(VLOOKUP(AI68,招式表!$C:$N,9,FALSE),"") | AK68: =IFERROR(VLOOKUP(MID(SUBSTITUTE(VLOOKUP($AA$2,编号表!$A:$W,22,FALSE),",",""),(ROW(AK68)-ROW($AK$58))*4+1,4),招式表!$A:$C,3,FALSE),"") | AL68: =IFERROR(VLOOKUP(AK68,招式表!$C:$N,9,FALSE),"") | AM68: =IFERROR(VLOOKUP(MID(SUBSTITUTE(VLOOKUP($AA$2,编号表!$A:$W,23,FALSE),",",""),(ROW(AM68)-ROW($AM$58))*4+1,4),招式表!$A:$C,3,FALSE),"") | AN68: =IFERROR(VLOOKUP(AM68,招式表!$C:$N,9,FALSE),"")
X69: =IFERROR(VLOOKUP(MID(SUBSTITUTE(VLOOKUP($AA$2,编号表!$A:$W,19,FALSE),",",""),(ROW(X69)-ROW($X$58))*4+1,4),招式表!$A:$C,3,FALSE),"") | Y69: =IFERROR(VLOOKUP(X69,招式表!$C:$N,9,FALSE),"") | Z69: =IF($AA$8>Y69,"是","") -> #N/A | AB69: =IFERROR(VLOOKUP(MID(SUBSTITUTE(VLOOKUP($AA$2,编号表!$A:$W,20,FALSE),",",""),(ROW(AB69)-ROW($AB$58))*4+1,4),招式表!$A:$C,3,FALSE),"") | AC69: =IFERROR(VLOOKUP(AB69,招式表!$C:$N,9,FALSE),"") | AD69: =IFERROR(VLOOKUP(MID(SUBSTITUTE(VLOOKUP($AA$2,编号表!$A:$W,20,FALSE),",",""),(ROW(AD69)-ROW($AB$58)+50)*4+1,4),招式表!$A:$C,3,FALSE),"") | AE69: =IFERROR(VLOOKUP(AD69,招式表!$C:$N,9,FALSE),"") | AF69: =IFERROR(VLOOKUP(MID(SUBSTITUTE(VLOOKUP($AA$2,编号表!$A:$W,20,FALSE),",",""),(ROW(AF69)-ROW($AF$58)+100)*4+1,4),招式表!$A:$C,3,FALSE),"") | AG69: =IFERROR(VLOOKUP(AF69,招式表!$C:$N,9,FALSE),"") | AI69: =IFERROR(VLOOKUP(MID(SUBSTITUTE(VLOOKUP($AA$2,编号表!$A:$W,21,FALSE),",",""),(ROW(AI69)-ROW($AI$58))*4+1,4),招式表!$A:$C,3,FALSE),"") | AJ69: =IFERROR(VLOOKUP(AI69,招式表!$C:$N,9,FALSE),"") | AK69: =IFERROR(VLOOKUP(MID(SUBSTITUTE(VLOOKUP($AA$2,编号表!$A:$W,22,FALSE),",",""),(ROW(AK69)-ROW($AK$58))*4+1,4),招式表!$A:$C,3,FALSE),"") | AL69: =IFERROR(VLOOKUP(AK69,招式表!$C:$N,9,FALSE),"") | AM69: =IFERROR(VLOOKUP(MID(SUBSTITUTE(VLOOKUP($AA$2,编号表!$A:$W,23,FALSE),",",""),(ROW(AM69)-ROW($AM$58))*4+1,4),招式表!$A:$C,3,FALSE),"") | AN69: =IFERROR(VLOOKUP(AM69,招式表!$C:$N,9,FALSE),"")
... X107: =IFERROR(VLOOKUP(MID(SUBSTITUTE(VLOOKUP($AA$2,编号表!$A:$W,19,FALSE),",",""),(ROW(X107)-ROW($X$58))*4+1,4),招式表!$A:$C,3,FALSE),"") | Y107: =IFERROR(VLOOKUP(X107,招式表!$C:$N,9,FALSE),"") | Z107: =IF($AA$8>Y107,"是","") -> #N/A | AB107: =IFERROR(VLOOKUP(MID(SUBSTITUTE(VLOOKUP($AA$2,编号表!$A:$W,20,FALSE),",",""),(ROW(AB107)-ROW($AB$58))*4+1,4),招式表!$A:$C,3,FALSE),"") | AC107: =IFERROR(VLOOKUP(AB107,招式表!$C:$N,9,FALSE),"") | AD107: =IFERROR(VLOOKUP(MID(SUBSTITUTE(VLOOKUP($AA$2,编号表!$A:$W,20,FALSE),",",""),(ROW(AD107)-ROW($AB$58)+50)*4+1,4),招式表!$A:$C,3,FALSE),"") | AE107: =IFERROR(VLOOKUP(AD107,招式表!$C:$N,9,FALSE),"") | AF107: =IFERROR(VLOOKUP(MID(SUBSTITUTE(VLOOKUP($AA$2,编号表!$A:$W,20,FALSE),",",""),(ROW(AF107)-ROW($AF$58)+100)*4+1,4),招式表!$A:$C,3,FALSE),"") | AG107: =IFERROR(VLOOKUP(AF107,招式表!$C:$N,9,FALSE),"") | AI107: =IFERROR(VLOOKUP(MID(SUBSTITUTE(VLOOKUP($AA$2,编号表!$A:$W,21,FALSE),",",""),(ROW(AI107)-ROW($AI$58))*4+1,4),招式表!$A:$C,3,FALSE),"") | AJ107: =IFERROR(VLOOKUP(AI107,招式表!$C:$N,9,FALSE),"") | AK107: =IFERROR(VLOOKUP(MID(SUBSTITUTE(VLOOKUP($AA$2,编号表!$A:$W,22,FALSE),",",""),(ROW(AK107)-ROW($AK$58))*4+1,4),招式表!$A:$C,3,FALSE),"") | AL107: =IFERROR(VLOOKUP(AK107,招式表!$C:$N,9,FALSE),"") | AM107: =IFERROR(VLOOKUP(MID(SUBSTITUTE(VLOOKUP($AA$2,编号表!$A:$W,23,FALSE),",",""),(ROW(AM107)-ROW($AM$58))*4+1,4),招式表!$A:$C,3,FALSE),"") | AN107: =IFERROR(VLOOKUP(AM107,招式表!$C:$N,9,FALSE),"")

Sheet 编号表
A1: 编号 | B1: 宝可梦 | C1: 第一属性 | D1: 第二属性 | E1: 第一特性 | F1: 第二特性 | G1: 隐藏特性 | H1: 第一蛋群 | I1: 第二蛋群 | J1: HP | K1: 物攻 | L1: 物防 | M1: 特攻 | N1: 特防 | O1: 速度 | P1: 捕获率 | Q1: 身高 | R1: 体重 | S1: 升级招式 | T1: 招式学习器 | U1: 蛋招式 | V1: 教学招式 | W1: 其它招式
A2: 1 | B2: 妙蛙种子 | C2: 草 | D2: 毒 | E2: 茂盛 | F2: 茂盛 | G2: 叶绿素 | H2: 怪兽 | I2: 植物 | J2: 45 | K2: 49 | L2: 49 | M2: 65 | N2: 65 | O2: 45 | P2: 45 | Q2: 0.7 | R2: 6.9 | S2: 0038,0045,0074,0073,0077,0438,0075,0402,0079,0076,0230,0235,0033,0036,0022,0388 | T2: 0491,0133,0213,0034,0331,0445,0204,0590,0174,0015,0038,0104,0497,0203,0412,0263,0206,0148,0218,0202,0447,0520,0803,0580,0270,0237,0282,0437,0113,0345,0363,0267,0438,0182,0156,0216,0249,0496,0219,0290,0402,0214,0188,0173,0076,0070,0164,0241,0207,0014,0036,0851,0092,0885,0474,0311,0526 | U2: 0133,0204,0174,0203,0202,0320,0580,0275,0437,0113,0345,0267,0080,0438,0219,0130,0124,0092 | V2: 0020,0034,0111,0038,0203,0210,0202,0520,0803,0029,0282,0102,0189,0402,0214,0173,0081,0164,0207,0014,0235,0388 | W2: 0117,0335,0606,0338,0072,0200,0099,0013,0115
A3: 2 | B3: 妙蛙草 | C3: 草 | D3: 毒 | E3: 茂盛 | F3: 茂盛 | G3: 叶绿素 | H3: 怪兽 | I3: 植物 | J3: 60 | K3: 62 | L3: 63 | M3: 80 | N3: 80 | O3: 60 | P3: 45 | Q3: 1 | R3: 13 | S3: 0038,0045,0074,0073,0077,0438,0075,0402,0079,0076,0230,0235,0033,0036,0022,0388 | T3: 0491,0133,0213,0034,0331,0445,0204,0590,0174,0015,0038,0104,0497,0203,0412,0263,0206,0148,0218,0202,0447,0520,0803,0580,0270,0237,0282,0437,0113,0345,0363,0267,0438,0182,0156,0216,0046,0249,0496,0219,0290,0402,0214,0188,0173,0076,0070,0164,0241,0207,0014,0036,0851,0092,0885,0474,0311,0526 | U3: 0133,0204,0174,0203,0202,0320,0580,0275,0437,0113,0345,0267,0080,0438,0219,0130,0124,0092 | V3: 0020,0034,0111,0038,0203,0210,0202,0520,0803,0029,0282,0102,0189,0402,0214,0173,0081,0164,0207,0014,0235,0388 | W3: 0117,0072,0200,0099,0115
A4: 3 | B4: 妙蛙花 | C4: 草 | D4: 毒 | E4: 茂盛 | F4: 茂盛 | G4: 叶绿素 | H4: 怪兽 | I4: 植物 | J4: 80 | K4: 82 | L4: 83 | M4: 100 | N4: 100 | O4: 80 | P4: 45 | Q4: 2 | R4: 100 | S4: 0038,0045,0074,0073,0572,0080,0077,0438,0075,0402,0079,0076,0230,0235,0033,0036,0022,0388 | T4: 0491,0133,0213,0034,0523,0331,0445,0204,0590,0174,0015,0038,0104,0414,0089,0497,0203,0412,0263,0206,0148,0338,0218,0202,0416,0447,0520,0803,0580,0270,0237,0063,0282,0437,0113,0345,0363,0267,0200,0572,0398,0438,0182,0156,0216,0046,0431,0249,0496,0219,0184,0290,0402,0214,0188,0173,0076,0707,0070,0164,0241,0207,0014,0036,0851,0092,0885,0474,0311,0526 | U4: 0133,0204,0174,0203,0202,0320,0580,0275,0437,0113,0345,0267,0080,0438,0219,0130,0124,0092 | V4: 0020,0335,0034,0111,0038,0203,0338,0210,0202,0520,0803,0029,0282,0102,0189,0200,0402,0214,0173,0707,0081,0164,0207,0014,0235,0805,0388 | W4: 0117,0072,0099,0115
A5: 3.1 | B5: 超级妙蛙花 | C5: 草 | D5: 毒 | E5: 厚脂肪 | F5: 厚脂肪 | G5: 厚脂肪 | H5: 怪兽 | I5: 植物 | J5: 80 | K5: 100 | L5: 123 | M5: 122 | N5: 120 | O5: 80 | P5: 45 | Q5: 2.4 | R5: 155.5
A6: 4 | B6: 小火龙 | C6: 火 | D6: 无 | E6: 猛火 | F6: 猛火 | G6: 太阳之力 | H6: 怪兽 | I6: 龙 | J6: 39 | K6: 52 | L6: 43 | M6: 60 | N6: 50 | O6: 65 | P6: 45 | Q6: 0.6 | R6: 8.5 | S6: 0225,0082,0052,0424,0083,0481,0053,0394,0045,0517,0232,0099,0184,0010,0163,0108 | T6: 0512,0332,0213,0251,0034,0784,0280,0445,0590,0242,0015,0091,0104,0337,0349,0406,0525,0497,0203,0263,0206,0126,0424,0519,0007,0083,0488,0053,0394,0374,0411,0264,0218,0257,0270,0237,0468,0510,0231,0025,0005,0232,0363,0200,0315,0612,0182,0156,0216,0046,0157,0249,0317,0496,0184,0290,0421,0214,0173,0070,0164,0241,0207,0129,0014,0036,0915,0851,0009,0092,0311,0261,0526 | U6: 0314,0246,0251,0187,0044,0068,0242,0349,0406,0407,0525,0394,0264,0231,0232,0200,0157,0014,0017 | V6: 0034,0068,0111,0038,0406,0223,0203,0519,0007,0264,0210,0029,0257,0231,0025,0005,0102,0189,0200,0157,0069,0214,0173,0164,0207,0129,0014,0009 | W6: 0117,0307,0335,0606,0174,0154,0336,0043,0098,0115,0130,0066
A7: 5 | B7: 火恐龙 | C7: 火 | D7: 无 | E7: 猛火 | F7: 猛火 | G7: 太阳之力 | H7: 怪兽 | I7: 龙 | J7: 58 | K7: 64 | L7: 58 | M7: 80 | N7: 65 | O7: 80 | P7: 45 | Q7: 1.1 | R7: 19 | S7: 0225,0082,0052,0424,0083,0481,0053,0394,0045,0517,0232,0099,0184,0010,0163,0108 | T7: 0512,0332,0213,0251,0034,0784,0280,0445,0590,0242,0015,0091,0104,0337,0349,0406,0525,0497,0203,0263,0206,0126,0424,0519,0007,0083,0488,0053,0394,0374,0411,0264,0218,0257,0270,0237,0468,0510,0231,0025,0005,0363,0200,0315,0612,0182,0156,0216,0046,0157,0249,0317,0496,0184,0290,0421,0214,0173,0070,0164,0241,0207,0129,0014,0036,0915,0851,0009,0092,0311,0261,0526 | U7: 0314,0246,0251,0187,0044,0068,0242,0349,0406,0407,0525,0394,0264,0231,0232,0200,0157,0014,0017 | V7: 0034,0068,0111,0038,0406,0223,0203,0519,0007,0264,0210,0029,0257,0231,0025,0005,0102,0189,0200,0157,0069,0214,0173,0164,0207,0129,0014,0009 | W7: 0117,0174,0154,0043,0115,0130,0066
A8: 6 | B8: 喷火龙 | C8: 火 | D8: 飞行 | E8: 猛火 | F8: 猛火 | G8: 太阳之力 | H8: 怪兽 | I8: 龙 | J8: 78 | K8: 84 | L8: 78 | M8: 109 | N8: 85 | O8: 100 | P8: 45 | Q8: 1.7 | R8: 90.5 | S8: 0403,0225,0337,0082,0052,0424,0083,0481,0053,0394,0045,0257,0517,0232,0099,0184,0010,0421,0163,0108,0017 | T8: 0512,0332,0314,0403,0213,0251,0307,0299,0034,0784,0280,0693,0523,0445,0590,0242,0015,0432,0091,0038,0104,0913,0337,0349,0406,0525,0089,0497,0203,0263,0206,0126,0424,0519,0007,0083,0488,0053,0394,0374,0019,0411,0264,0218,0416,0535,0257,0270,0237,0468,0542,0063,0510,0231,0025,0005,0595,0363,0200,0315,0612,0182,0156,0216,0046,0157,0249,0317,0355,0496,0201,0184,0815,0290,0421,0507,0214,0173,0076,0211,0070,0164,0241,0207,0129,0014,0036,0915,0851,0009,0092,0311,0261,0526 | U8: 0314,0246,0251,0187,0044,0068,0242,0349,0406,0407,0525,0394,0264,0231,0232,0200,0157,0014,0017 | V8: 0314,0307,0034,0068,0111,0432,0038,0406,0814,0223,0203,0519,0007,0264,0210,0029,0257,0231,0025,0005,0102,0189,0466,0200,0157,0355,0799,0815,0069,0214,0173,0164,0207,0129,0014,0366,0009,0239 | W8: 0187,0117,0174,0090,0154,0607,0043,0115,0130,0066
A9: 6.1 | B9: 超级喷火龙X | C9: 火 | D9: 龙 | E9: 硬爪 | F9: 硬爪 | G9: 硬爪 | H9: 怪兽 | I9: 龙 | J9: 78 | K9: 130 | L9: 111 | M9: 130 | N9: 85 | O9: 100 | P9: 45 | Q9: 1.7 | R9: 110.5
A10: 6.2 | B10: 超级喷火龙Y | C10: 火 | D10: 飞行 | E10: 日照 | F10: 日照 | G10: 日照 | H10: 怪兽 | I10: 龙 | J10: 78 | K10: 104 | L10: 78 | M10: 159 | N10: 115 | O10: 100 | P10: 45 | Q10: 1.7 | R10: 100.5
A11: 7 | B11: 杰尼龟 | C11: 水 | D11: 无 | E11: 激流 | F11: 激流 | G11: 雨盘 | H11: 怪兽 | I11: 水中1 | J11: 44 | K11: 48 | L11: 65 | M11: 50 | N11: 64 | O11: 43 | P11: 45 | Q11: 0.5 | R11: 9 | S11: 0401,0044,0145,0056,0334,0182,0240,0229,0504,0130,0033,0039,0055,0352,0834,0110 | T11: 0213,0396,0059,0034,0280,0362,0445,0886,0590,0091,0291,0038,0104,0406,0203,0263,0206,0374,0812,0264,0218,0360,0258,0114,0270,0237,0056,0058,0008,0861,0196,0334,0231,0710,0025,0005,0330,0341,0363,0612,0182,0240,0156,0216,0249,0317,0496,0503,0290,0214,0173,0070,0164,0057,0207,0036,0851,0092,0127,0518,0352,0311,0250,0526,0428 | U11: 0453,0392,0396,0362,0406,0252,0175,0193,0114,0791,0243,0054,0330,0300,0287,0323,0281 | V11: 0401,0034,0068,0111,0291,0038,0406,0223,0203,0812,0264,0029,0008,0196,0334,0231,0025,0005,0102,0189,0205,0069,0214,0173,0164,0207,0518,0352,0428 | W11: 0117,0335,0061,0606,0093,0174,0266,0308,0200,0099,0115,0157,0066
A12: 8 | B12: 卡咪龟 | C12: 水 | D12: 无 | E12: 激流 | F12: 激流 | G12: 雨盘 | H12: 怪兽 | I12: 水中1 | J12: 59 | K12: 63 | L12: 80 | M12: 65 | N12: 80 | O12: 58 | P12: 45 | Q12: 1 | R12: 22.5 | S12: 0401,0044,0145,0056,0334,0182,0240,0229,0504,0130,0033,0039,0055,0352,0834,0110 | T12: 0213,0396,0059,0034,0280,0362,0445,0886,0590,0091,0291,0038,0104,0406,0203,0263,0206,0374,0812,0264,0218,0360,0258,0114,0270,0237,0056,0058,0008,0861,0196,0334,0231,0710,0025,0005,0330,0341,0363,0612,0182,0240,0156,0216,0249,0317,0496,0503,0290,0214,0173,0070,0164,0057,0207,0036,0851,0092,0127,0518,0352,0311,0250,0526,0428 | U12: 0453,0392,0396,0362,0406,0252,0175,0193,0114,0791,0243,0054,0330,0300,0287,0323,0281 | V12: 0401,0034,0068,0111,0291,0038,0406,0223,0203,0812,0264,0029,0008,0196,0334,0231,0025,0005,0102,0189,0205,0069,0214,0173,0164,0207,0518,0352,0428 | W12: 0117,0061,0174,0200,0099,0115,0157,0066
A13: 9 | B13: 水箭龟 | C13: 水 | D13: 无 | E13: 激流 | F13: 激流 | G13: 雨盘 | H13: 怪兽 | I13: 水中1 | J13: 79 | K13: 83 | L13: 100 | M13: 85 | N13: 105 | O13: 78 | P13: 45 | Q13: 1.6 | R13: 85.5 | S13: 0401,0044,0145,0430,0056,0334,0182,0240,0229,0504,0130,0033,0039,0055,0352,0834,0110 | T13: 0213,0396,0419,0059,0776,0034,0280,0362,0523,0445,0886,0590,0242,0399,0091,0291,0038,0104,0406,0525,0089,0203,0263,0206,0430,0374,0812,0411,0264,0218,0416,0360,0258,0114,0270,0237,0308,0056,0063,0058,0008,0861,0196,0334,0231,0710,0025,0005,0330,0341,0363,0200,0612,0182,0240,0156,0216,0046,0431,0157,0249,0317,0496,0503,0184,0290,0214,0479,0173,0070,0164,0057,0207,0036,0851,0092,0127,0518,0352,0311,0250,0526,0428 | U13: 0453,0392,0396,0362,0406,0252,0175,0193,0114,0791,0243,0054,0330,0300,0287,0323,0281 | V13: 0401,0034,0068,0111,0291,0038,0406,0223,0203,0812,0264,0029,0308,0008,0196,0334,0231,0710,0025,0005,0102,0189,0200,0205,0069,0324,0214,0173,0164,0207,0805,0518,0352,0428 | W13: 0453,0117,0061,0174,0252,0090,0099,0115,0066
A14: 9.1 | B14: 超级水箭龟 | C14: 水 | D14: 无 | E14: 超级发射器 | F14: 超级发射器 | G14: 超级发射器 | H14: 怪兽 | I14: 水中1 | J14: 79 | K14: 103 | L14: 120 | M14: 135 | N14: 115 | O14: 78 | P14: 45 | Q14: 1.6 | R14: 101.1
A15: 10 | B15: 绿毛虫 | C15: 虫 | D15: 无 | E15: 鳞粉 | F15: 鳞粉 | G15: 逃跑 | H15: 虫 | I15: 无 | J15: 45 | K15: 30 | L15: 35 | M15: 20 | N15: 20 | O15: 45 | P15: 255 | Q15: 0.3 | R15: 2.9 | S15: 0450,0081,0033 | T15: 0527 | V15: 0450,0527,0173,0081
A16: 11 | B16: 铁甲蛹 | C16: 虫 | D16: 无 | E16: 蜕皮 | F16: 蜕皮 | G16: 蜕皮 | H16: 虫 | I16: 无 | J16: 50 | K16: 20 | L16: 55 | M16: 25 | N16: 25 | O16: 30 | P16: 120 | Q16: 0.7 | R16: 9.9 | S16: 0106 | T16: 0527,0334 | V16: 0450,0527,0334,0081
A17: 12 | B17: 巴大蝶 | C17: 虫 | D17: 飞行 | E17: 复眼 | F17: 复眼 | G17: 有色眼镜 | H17: 虫 | I17: 无 | J17: 60 | K17: 45 | L17: 50 | M17: 90 | N17: 80 | O17: 70 | P17: 45 | Q17: 1.1 | R17: 32 | S17: 0403,0450,0405,0445,0093,0016,0106,0077,0060,0483,0476,0219,0318,0079,0081,0078,0048,0033,0366,0018 | T17: 0512,0332,0403,0213,0226,0405,0445,0590,0432,0104,0577,0138,0527,0203,0412,0263,0148,0218,0202,0416,0237,0542,0063,0611,0334,0363,0676,0182,0094,0244,0240,0156,0216,0355,0496,0219,0290,0247,0318,0285,0214,0173,0076,0522,0164,0241,0207,0129,0168,0092,0369,0474 | V17: 0314,0450,0432,0038,0138,0814,0527,0203,0202,0102,0171,0466,0355,0324,0285,0214,0173,0081,0164,0207,0129,0366,0239 | W17: 0117,0174,0029,0072,0234,0149,0099,0013,0115,0230,0036,0100
A18: 13 | B18: 独角虫 | C18: 虫 | D18: 毒 | E18: 鳞粉 | F18: 鳞粉 | G18: 逃跑 | H18: 虫 | I18: 无 | J18: 40 | K18: 35 | L18: 30 | M18: 20 | N18: 20 | O18: 50 | P18: 255 | Q18: 0.3 | R18: 3.2 | S18: 0450,0040,0081 | V18: 0450,0527,0081
A19: 14 | B19: 铁壳蛹 | C19: 虫 | D19: 毒 | E19: 蜕皮 | F19: 蜕皮 | G19: 蜕皮 | H19: 虫 | I19: 无 | J19: 45 | K19: 25 | L19: 50 | M19: 25 | N19: 25 | O19: 35 | P19: 120 | Q19: 0.6 | R19: 10 | S19: 0106 | V19: 0450,0527,0334,0081
A20: 15 | B20: 大针蜂 | C20: 虫 | D20: 毒 | E20: 虫之预感 | F20: 虫之预感 | G20: 狙击手 | H20: 虫 | I20: 无 | J20: 65 | K20: 90 | L20: 40 | M20: 45 | N20: 80 | O20: 75 | P20: 45 | Q20: 1 | R20: 29.5 | S20: 0097,0372,0283,0565,0116,0031,0042,0398,0228,0099,0390,0041,0474 | T20: 0512,0332,0213,0280,0693,0445,0590,0015,0432,0104,0203,0263,0206,0148,0218,0202,0416,0237,0063,0611,0363,0371,0398,0182,0156,0216,0249,0355,0496,0290,0318,0214,0188,0076,0522,0164,0241,0207,0014,0168,0092,0369,0474,0404 | V20: 0314,0450,0432,0038,0529,0527,0283,0203,0210,0202,0282,0673,0102,0466,0355,0214,0173,0081,0164,0207,0129,0014,0366,0675 | W20: 0226,0117,0174,0029,0072,0200,0064,0115,0130,0230,0036
A21: 15.1 | B21: 超级大针蜂 | C21: 虫 | D21: 毒 | E21: 适应力 | F21: 适应力 | G21: 适应力 | H21: 虫 | I21: 无 | J21: 65 | K21: 150 | L21: 40 | M21: 15 | N21: 80 | O21: 145 | P21: 45 | Q21: 1.4 | R21: 40.5
A22: 16 | B22: 波波 | C22: 一般 | D22: 飞行 | E22: 锐利目光 | F22: 蹒跚 | G22: 健壮胸肌 | H22: 飞行 | I22: 无 | J22: 40 | K22: 45 | L22: 40 | M22: 35 | N22: 35 | O22: 56 | P22: 255 | Q22: 0.3 | R22: 1.8 | S22: 0097,0403,0297,0016,0542,0119,0098,0355,0028,0033,0366,0239,0018,0017 | T22: 0332,0213,0445,0590,0432,0104,0203,0263,0019,0218,0237,0363,0365,0182,0240,0156,0216,0355,0496,0290,0214,0211,0164,0241,0207,0168,0092,0369,0526 | U22: 0314,0403,0413,0432,0185,0193,0228,0211,0253 | V22: 0314,0432,0038,0203,0257,0102,0189,0466,0355,0143,0214,0173,0164,0207,0129,0366,0239,0253 | W22: 0117,0174,0197,0029,0099,0013,0115,0036
A23: 17 | B23: 比比鸟 | C23: 一般 | D23: 飞行 | E23: 锐利目光 | F23: 蹒跚 | G23: 健壮胸肌 | H23: 飞行 | I23: 无 | J23: 63 | K23: 60 | L23: 55 | M23: 50 | N23: 50 | O23: 71 | P23: 120 | Q23: 1.1 | R23: 30 | S23: 0097,0403,0297,0016,0542,0119,0098,0355,0028,0033,0366,0239,0018,0017 | T23: 0332,0213,0445,0590,0432,0104,0203,0263,0019,0218,0237,0363,0365,0182,0240,0156,0216,0355,0496,0290,0214,0211,0164,0241,0207,0168,0092,0369,0526 | U23: 0314,0403,0413,0432,0185,0193,0228,0211,0253 | V23: 0314,0432,0038,0203,0257,0102,0189,0466,0355,0143,0214,0173,0164,0207,0129,0366,0239,0253 | W23: 0117,0174,0197,0029,0099,0013,0115,0287,0036
A24: 18 | B24: 大比鸟 | C24: 一般 | D24: 飞行 | E24: 锐利目光 | F24: 蹒跚 | G24: 健壮胸肌 | H24: 飞行 | I24: 无 | J24: 83 | K24: 80 | L24: 75 | M24: 70 | N24: 70 | O24: 101 | P24: 45 | Q24: 1.5 | R24: 39.5 | S24: 0097,0403,0297,0016,0542,0119,0098,0355,0028,0033,0366,0239,0018,0017 | T24: 0332,0213,0445,0590,0432,0104,0203,0263,0019,0218,0416,0237,0063,0363,0365,0182,0240,0156,0216,0355,0496,0290,0214,0211,0164,0241,0207,0168,0092,0369,0526 | U24: 0314,0403,0413,0432,0185,0193,0228,0211,0253 | V24: 0314,0432,0038,0203,0257,0673,0102,0189,0466,0355,0143,0214,0173,0164,0207,0129,0366,0239,0253 | W24: 0117,0174,0197,0029,0099,0013,0115,0036
A25: 18.1 | B25: 超级大比鸟 | C25: 一般 | D25: 飞行 | E25: 无防守 | F25: 无防守 | G25: 无防守 | H25: 飞行 | I25: 无 | J25: 83 | K25: 80 | L25: 80 | M25: 135 | N25: 80 | O25: 121 | P25: 45 | Q25: 2.2 | R25: 50.5
A26: 19 | B26: 小拉达 | C26: 一般 | D26: 无 | E26: 逃跑 | F26: 毅力 | G26: 活力 | H26: 陆上 | I26: 无 | J26: 30 | K26: 56 | L26: 35 | M26: 25 | N26: 35 | O26: 72 | P26: 255 | Q26: 0.3 | R26: 3.5 | S26: 0372,0044,0242,0038,0283,0116,0158,0228,0098,0389,0162,0033,0039 | T26: 0213,0059,0445,0451,0590,0015,0091,0104,0203,0263,0218,0447,0237,0058,0231,0363,0365,0182,0240,0156,0514,0216,0249,0496,0290,0247,0351,0214,0164,0241,0207,0269,0168,0087,0085,0086,0092,0369,0528,0526 | U26: 0044,0068,0515,0172,0154,0387,0382,0279,0179,0103,0207,0253 | V26: 0034,0068,0343,0111,0038,0283,0203,0029,0196,0231,0387,0102,0189,0351,0214,0173,0164,0389,0162,0207,0129,0086,0253,0428 | W26: 0117,0061,0174,0099,0130,0036,0055
A27: 19.1 | B27: 小拉达-阿罗拉的样子 | C27: 恶 | D27: 一般 | E27: 贪吃鬼 | F27: 活力 | G27: 厚脂肪 | H27: 陆上 | I27: 无 | J27: 30 | K27: 56 | L27: 35 | M27: 25 | N27: 35 | O27: 72 | P27: 255 | Q27: 0.3 | R27: 3.8 | S27: 0372,0044,0242,0038,0283,0116,0158,0228,0098,0389,0162,0033,0039 | T27: 0213,0059,0590,0399,0104,0373,0263,0218,0447,0237,0058,0182,0511,0240,0156,0216,0496,0247,0421,0214,0188,0555,0164,0241,0207,0269,0168,0259,0092,0369 | U27: 0068,0515,0154,0382,0279,0179,0289,0254,0256,0415,0253 | V27: 0343,0283,0196,0231,0387,0351,0289,0173,0162,0253,0428 | W27: 0091,0029
A28: 20 | B28: 拉达 | C28: 一般 | D28: 无 | E28: 逃跑 | F28: 毅力 | G28: 活力 | H28: 陆上 | I28: 无 | J28: 55 | K28: 81 | L28: 60 | M28: 50 | N28: 70 | O28: 97 | P28: 127 | Q28: 0.7 | R28: 18.5 | S28: 0372,0044,0242,0038,0283,0116,0158,0228,0098,0184,0389,0162,0014,0033,0039 | T28: 0213,0059,0445,0451,0590,0015,0091,0104,0203,0263,0218,0416,0447,0237,0063,0058,0231,0363,0365,0182,0240,0156,0514,0216,0046,0249,0496,0290,0247,0351,0214,0070,0164,0241,0207,0014,0269,0168,0087,0085,0086,0092,0369,0528,0526 | U28: 0044,0068,0515,0172,0154,0387,0382,0279,0179,0103,0207,0253 | V28: 0034,0068,0343,0111,0038,0283,0203,0029,0196,0231,0387,0102,0189,0351,0214,0173,0707,0164,0389,0162,0207,0129,0675,0086,0253,0428 | W28: 0117,0061,0174,0154,0099,0287,0130,0036,0055
A29: 20.1 | B29: 拉达-阿罗拉的样子 | C29: 恶 | D29: 一般 | E29: 贪吃鬼 | F29: 活力 | G29: 厚脂肪 | H29: 陆上 | I29: 无 | J29: 75 | K29: 71 | L29: 70 | M29: 40 | N29: 80 | O29: 77 | P29: 127 | Q29: 0.7 | R29: 25.5 | S29: 0372,0044,0242,0038,0283,0116,0158,0228,0098,0184,0389,0162,0014,0033,0039 | T29: 0213,0059,0339,0590,0399,0104,0373,0263,0218,0416,0447,0237,0063,0058,0182,0511,0240,0156,0216,0046,0496,0247,0421,0214,0188,0482,0555,0164,0241,0207,0014,0269,0168,0259,0092,0369,0474 | U29: 0068,0515,0154,0382,0279,0179,0289,0254,0256,0415,0253 | V29: 0343,0283,0196,0231,0282,0387,0351,0289,0173,0707,0162,0675,0253,0428 | W29: 0068,0091,0154,0029
A30: 21 | B30: 烈雀 | C30: 一般 | D30: 飞行 | E30: 锐利目光 | F30: 锐利目光 | G30: 狙击手 | H30: 飞行 | I30: 无 | J30: 40 | K30: 60 | L30: 30 | M30: 31 | N30: 31 | O30: 70 | P30: 255 | Q30: 0.3 | R30: 2 | S30: 0332,0097,0372,0065,0116,0031,0045,0043,0119,0064,0228,0355 | T30: 0332,0213,0445,0590,0432,0104,0497,0203,0263,0206,0019,0218,0237,0363,0365,0182,0240,0156,0216,0355,0496,0290,0214,0211,0164,0241,0207,0168,0092,0369,0526 | U30: 0310,0206,0297,0185,0098,0013,0184,0143,0211,0161,0253,0018 | V30: 0314,0432,0038,0529,0203,0257,0102,0189,0466,0355,0143,0214,0173,0164,0207,0129,0366,0239,0253 | W30: 0226,0117,0174,0197,0029,0099,0036
A31: 22 | B31: 大嘴雀 | C31: 一般 | D31: 飞行 | E31: 锐利目光 | F31: 锐利目光 | G31: 狙击手 | H31: 飞行 | I31: 无 | J31: 65 | K31: 90 | L31: 65 | M31: 61 | N31: 61 | O31: 100 | P31: 90 | Q31: 1.2 | R31: 38 | S31: 0332,0097,0372,0065,0529,0116,0031,0045,0043,0119,0064,0365,0228,0355 | T31: 0332,0213,0445,0590,0432,0104,0497,0203,0263,0206,0019,0218,0416,0237,0063,0363,0365,0182,0240,0156,0216,0355,0496,0290,0214,0211,0164,0241,0207,0168,0092,0369,0526 | U31: 0310,0206,0297,0185,0098,0013,0184,0143,0211,0161,0253,0018 | V31: 0314,0432,0038,0529,0203,0257,0673,0102,0189,0466,0355,0143,0214,0173,0164,0207,0129,0366,0675,0239,0253 | W31: 0117,0174,0197,0029,0098,0099,0013,0036,0161,0018
A32: 23 | B32: 阿柏蛇 | C32: 毒 | D32: 无 | E32: 威吓 | F32: 蜕皮 | G32: 紧张感 | H32: 陆上 | I32: 龙 | J32: 35 | K32: 60 | L32: 44 | M32: 40 | N32: 54 | O32: 55 | P32: 255 | Q32: 2 | R32: 6.9 | S32: 0051,0491,0562,0044,0489,0380,0137,0441,0114,0043,0426,0040,0103,0188,0255,0254,0256,0035 | T32: 0491,0213,0693,0523,0445,0590,0242,0399,0091,0038,0104,0089,0203,0263,0424,0218,0202,0441,0114,0237,0611,0231,0282,0808,0141,0341,0189,0363,0371,0398,0342,0182,0706,0240,0156,0216,0157,0317,0496,0799,0184,0290,0402,0806,0214,0188,0482,0555,0289,0180,0070,0164,0241,0207,0036,0851,0168,0259,0092,0390,0885,0474 | U32: 0251,0050,0231,0305,0342,0228,0184,0021,0289,0180,0389,0415 | V32: 0401,0020,0034,0399,0038,0203,0380,0202,0441,0029,0231,0102,0157,0402,0214,0289,0173,0180,0164,0207 | W32: 0117,0174,0090,0072,0099,0130
A33: 24 | B33: 阿柏怪 | C33: 毒 | D33: 无 | E33: 威吓 | F33: 蜕皮 | G33: 紧张感 | H33: 陆上 | I33: 龙 | J33: 60 | K33: 95 | L33: 69 | M33: 65 | N33: 79 | O33: 80 | P33: 90 | Q33: 3.5 | R33: 65 | S33: 0051,0491,0562,0044,0489,0242,0424,0380,0137,0441,0114,0423,0043,0426,0040,0103,0188,0255,0254,0256,0422,0035 | T33: 0491,0213,0034,0784,0693,0523,0445,0590,0242,0399,0091,0038,0104,0525,0089,0203,0263,0424,0218,0202,0416,0441,0114,0237,0063,0423,0611,0231,0282,0808,0141,0341,0189,0363,0220,0371,0398,0342,0182,0706,0240,0156,0216,0157,0317,0496,0799,0184,0290,0402,0806,0214,0188,0482,0555,0289,0180,0707,0070,0164,0241,0207,0036,0851,0168,0675,0422,0259,0092,0390,0885,0474 | U33: 0251,0050,0231,0305,0342,0228,0184,0021,0289,0180,0389,0415 | V33: 0401,0020,0034,0399,0038,0203,0380,0202,0441,0029,0231,0102,0157,0402,0214,0289,0173,0180,0707,0164,0207,0675 | W33: 0117,0174,0090,0072,0099,0287,0130,0021,0389
A34: 25 | B34: 皮卡丘 | C34: 电 | D34: 无 | E34: 静电 | F34: 静电 | G34: 避雷针 | H34: 陆上 | I34: 妖精 | J34: 35 | K34: 55 | L34: 40 | M34: 50 | N34: 50 | O34: 90 | P34: 190 | Q34: 0.4 | R34: 6 | S34: 0097,0204,0435,0104,0486,0364,0045,0231,0113,0417,0609,0589,0098,0021,0209,0186,0039,0087,0085,0084,0086,0528 | T34: 0097,0914,0213,0034,0280,0445,0268,0451,0204,0590,0091,0574,0104,0577,0497,0598,0604,0486,0527,0227,0283,0203,0263,0313,0148,0374,0264,0218,0447,0270,0237,0231,0282,0113,0025,0005,0417,0363,0006,0583,0182,0240,0115,0156,0216,0179,0249,0496,0290,0351,0214,0173,0070,0164,0057,0207,0129,0036,0851,0168,0087,0085,0009,0086,0092,0885,0918,0253,0521,0528 | U34: 0516,0117,0268,0574,0003,0604,0227,0203,0252,0175,0381,0217,0179,0009,0321,0344,0273 | V34: 0034,0068,0343,0111,0038,0223,0527,0203,0264,0029,0270,0231,0282,0673,0393,0025,0005,0102,0189,0804,0205,0069,0351,0324,0214,0173,0164,0207,0129,0009,0086,0344 | W34: 0516,0117,0347,0606,0174,0197,0024,0245,0252,0019,0603,0531,0607,0387,0217,0099,0287,0047,0130,0066,0230,0298,0273,0281,0192
A35: 25.1 | B35: 搭档皮卡丘 | C35: 电 | D35: 无 | E35: 静电 | F35: 静电 | G35: 避雷针 | H35: 陆上 | I35: 妖精 | J35: 45 | K35: 80 | L35: 50 | M35: 75 | N35: 60 | O35: 120 | P35: 45 | Q35: 0.4 | R35: 6
A36: 26 | B36: 雷丘 | C36: 电 | D36: 无 | E36: 静电 | F36: 静电 | G36: 避雷针 | H36: 陆上 | I36: 妖精 | J36: 60 | K36: 90 | L36: 55 | M36: 90 | N36: 80 | O36: 110 | P36: 75 | Q36: 0.8 | R36: 30 | S36: 0097,0204,0435,0104,0486,0364,0045,0231,0113,0417,0609,0589,0098,0021,0209,0186,0039,0087,0085,0009,0084,0086 | T36: 0097,0914,0213,0034,0280,0693,0445,0268,0451,0204,0590,0091,0574,0104,0577,0497,0598,0604,0486,0527,0227,0283,0203,0263,0313,0148,0374,0411,0264,0218,0416,0447,0270,0237,0063,0231,0282,0113,0025,0005,0417,0363,0006,0583,0182,0240,0115,0156,0216,0179,0249,0496,0219,0290,0351,0214,0173,0683,0070,0164,0057,0207,0129,0036,0851,0168,0087,0085,0009,0086,0092,0885,0918,0253,0521,0528 | U36: 0516,0117,0268,0574,0003,0604,0227,0203,0252,0175,0381,0217,0179,0009,0321,0344,0273 | V36: 0034,0068,0343,0111,0038,0223,0527,0203,0264,0029,0270,0231,0282,0673,0393,0025,0005,0102,0189,0804,0205,0069,0351,0324,0214,0173,0164,0207,0129,0009,0086 | W36: 0117,0347,0174,0197,0252,0099,0130,0066,0192
A37: 26.1 | B37: 雷丘-阿罗拉的样子 | C37: 电 | D37: 超能力 | E37: 冲浪之尾 | F37: 冲浪之尾 | G37: 冲浪之尾 | H37: 陆上 | I37: 妖精 | J37: 60 | K37: 85 | L37: 50 | M37: 95 | N37: 85 | O37: 110 | P37: 75 | Q37: 0.7 | R37: 21 | S37: 0097,0204,0435,0104,0486,0364,0045,0231,0113,0417,0609,0589,0094,0098,0021,0209,0683,0186,0039,0087,0085,0084,0086 | T37: 0097,0914,0502,0213,0034,0280,0347,0268,0451,0204,0590,0091,0104,0577,0497,0598,0604,0486,0527,0227,0283,0203,0797,0263,0313,0374,0411,0264,0218,0248,0416,0447,0270,0237,0063,0231,0282,0113,0478,0025,0005,0417,0006,0583,0182,0094,0917,0678,0473,0240,0115,0156,0216,0179,0496,0219,0285,0214,0173,0683,0500,0164,0057,0207,0129,0036,0851,0168,0087,0085,0009,0086,0092,0885,0918,0253,0521,0528 | U37: 0516,0117,0268,0574,0003,0604,0227,0203,0252,0175,0381,0217,0179,0009,0321,0344,0273 | V37: 0502,0343,0527,0797,0264,0270,0231,0282,0673,0277,0478,0393,0278,0804,0351,0324,0173,0477,0009 | W37: 0252,0029,0069,0100
A38: 26.2 | B38: 超级雷丘X | C38: 电 | D38: 无 | E38: 电气制造者 | F38: 电气制造者 | G38: 电气制造者 | H38: 陆上 | I38: 妖精 | J38: 60 | K38: 135 | L38: 95 | M38: 90 | N38: 95 | O38: 110 | P38: 75 | Q38: 1.2 | R38: 38
A39: 26.3 | B39: 超级雷丘Y | C39: 电 | D39: 无 | E39: 无防守 | F39: 无防守 | G39: 无防守 | H39: 陆上 | I39: 妖精 | J39: 60 | K39: 100 | L39: 55 | M39: 160 | N39: 80 | O39: 130 | P39: 75 | Q39: 1 | R39: 26
A40: 27 | B40: 穿山鼠 | C40: 地面 | D40: 无 | E40: 沙隐 | F40: 沙隐 | G40: 拨沙 | H40: 陆上 | I40: 无 | J40: 50 | K40: 75 | L40: 85 | M40: 20 | N40: 30 | O40: 40 | P40: 255 | Q40: 0.6 | R40: 12 | S40: 0097,0523,0111,0091,0089,0210,0154,0360,0222,0040,0229,0205,0028,0201,0328,0010,0163,0129,0014 | T40: 0332,0097,0133,0213,0034,0280,0523,0445,0590,0174,0015,0091,0038,0104,0414,0089,0283,0203,0263,0206,0374,0264,0218,0360,0237,0667,0468,0231,0282,0141,0067,0232,0341,0189,0363,0398,0182,0156,0216,0431,0157,0249,0317,0496,0219,0201,0328,0815,0290,0421,0214,0479,0173,0191,0446,0707,0444,0070,0164,0241,0162,0207,0129,0014,0036,0851,0168,0675,0092,0526,0404 | U40: 0498,0068,0306,0203,0175,0468,0232,0341,0189,0400,0229,0431,0157,0563,0219,0014 | V40: 0034,0068,0343,0111,0038,0223,0414,0203,0264,0210,0029,0231,0282,0102,0189,0157,0205,0815,0069,0214,0173,0446,0798,0707,0164,0162,0207,0129,0014 | W40: 0117,0197,0090,0099,0130,0066
A41: 27.1 | B41: 穿山鼠-阿罗拉的样子 | C41: 冰 | D41: 钢 | E41: 雪隐 | F41: 雪隐 | G41: 拨雪 | H41: 陆上 | I41: 无 | J41: 50 | K41: 75 | L41: 90 | M41: 10 | N41: 35 | O41: 40 | P41: 255 | Q41: 0.7 | R41: 40 | S41: 0117,0059,0111,0210,0154,0360,0258,0301,0334,0442,0232,0054,0181,0229,0205,0010,0163,0883,0129,0014 | T41: 0332,0133,0213,0694,0419,0059,0034,0280,0523,0590,0174,0091,0038,0104,0089,0283,0203,0263,0430,0374,0264,0524,0218,0360,0258,0237,0058,0008,0861,0333,0196,0334,0442,0231,0282,0141,0067,0232,0398,0182,0156,0216,0157,0317,0496,0219,0421,0214,0173,0883,0446,0796,0164,0241,0162,0207,0129,0014,0036,0851,0168,0675,0092,0813,0526,0404 | U41: 0133,0498,0068,0306,0174,0203,0175,0468,0420,0556,0333,0232,0243,0400 | V41: 0401,0343,0264,0008,0196,0334,0442,0231,0282,0173,0446,0796,0798,0162,0675,0813 | W41: 0029,0069
A42: 28 | B42: 穿山王 | C42: 地面 | D42: 无 | E42: 沙隐 | F42: 沙隐 | G42: 拨沙 | H42: 陆上 | I42: 无 | J42: 75 | K42: 100 | L42: 110 | M42: 45 | N42: 55 | O42: 65 | P42: 90 | Q42: 1 | R42: 29.5 | S42: 0523,0306,0111,0091,0089,0210,0154,0360,0222,0040,0229,0205,0028,0201,0328,0010,0163,0129,0014 | T42: 0332,0097,0133,0213,0034,0280,0523,0445,0590,0174,0015,0091,0038,0104,0529,0414,0089,0283,0203,0263,0206,0374,0411,0264,0218,0416,0441,0360,0237,0667,0468,0063,0231,0282,0141,0067,0232,0341,0189,0363,0042,0398,0182,0156,0216,0431,0157,0249,0317,0496,0219,0201,0328,0815,0290,0421,0214,0479,0173,0191,0446,0707,0444,0070,0164,0241,0162,0207,0129,0014,0036,0851,0168,0675,0092,0526,0404 | U42: 0498,0068,0306,0203,0175,0468,0232,0341,0189,0400,0229,0431,0157,0563,0219,0014 | V42: 0034,0068,0343,0111,0038,0223,0414,0203,0264,0210,0029,0231,0282,0102,0189,0157,0205,0815,0069,0214,0173,0446,0798,0707,0164,0162,0207,0129,0014 | W42: 0117,0197,0090,0099,0130,0066
A43: 28.1 | B43: 穿山王-阿罗拉的样子 | C43: 冰 | D43: 钢 | E43: 雪隐 | F43: 雪隐 | G43: 拨雪 | H43: 陆上 | I43: 无 | J43: 75 | K43: 100 | L43: 120 | M43: 25 | N43: 65 | O43: 65 | P43: 90 | Q43: 1.2 | R43: 55 | S43: 0059,0111,0210,0154,0360,0258,0301,0556,0333,0334,0442,0368,0232,0054,0181,0229,0205,0010,0163,0883,0129,0014 | T43: 0332,0097,0133,0213,0694,0419,0059,0034,0280,0523,0590,0174,0091,0038,0104,0529,0089,0283,0203,0263,0206,0430,0374,0411,0264,0524,0218,0416,0360,0258,0237,0063,0058,0008,0861,0333,0196,0334,0442,0231,0282,0141,0067,0232,0042,0398,0182,0156,0216,0157,0317,0496,0219,0421,0214,0173,0883,0191,0446,0796,0164,0241,0162,0207,0129,0014,0036,0851,0168,0675,0092,0813,0526,0404 | U43: 0133,0498,0068,0306,0174,0203,0175,0468,0420,0556,0333,0232,0243,0400 | V43: 0401,0343,0529,0264,0008,0196,0334,0442,0231,0282,0173,0446,0796,0798,0162,0675,0813 | W43: 0117,0068,0029,0420,0069
A44: 29 | B44: 尼多兰 | C44: 毒 | D44: 无 | E44: 毒刺 | F44: 斗争心 | G44: 活力 | H44: 怪兽 | I44: 陆上 | J44: 55 | K44: 47 | L44: 52 | M44: 40 | N44: 40 | O44: 41 | P44: 235 | Q44: 0.4 | R44: 7 | S44: 0044,0445,0242,0024,0414,0260,0154,0045,0270,0305,0040,0010,0039,0092,0390 | T44: 0332,0213,0251,0059,0034,0445,0204,0590,0242,0015,0091,0104,0414,0497,0203,0263,0116,0218,0270,0237,0468,0058,0231,0363,0398,0182,0240,0156,0216,0249,0496,0290,0421,0351,0214,0188,0173,0070,0164,0241,0207,0168,0087,0085,0092,0390,0599,0474,0352 | U44: 0251,0204,0498,0068,0050,0203,0116,0231,0305,0342,0228,0130,0048,0036,0599 | V44: 0034,0068,0111,0038,0203,0029,0270,0231,0102,0189,0351,0214,0173,0164,0162,0207,0352 | W44: 0117,0174,0197,0099,0115,0389,0033
A45: 30 | B45: 尼多娜 | C45: 毒 | D45: 无 | E45: 毒刺 | F45: 斗争心 | G45: 活力 | H45: 未发现 | I45: 无 | J45: 70 | K45: 62 | L45: 67 | M45: 55 | N45: 55 | O45: 56 | P45: 120 | Q45: 0.8 | R45: 20 | S45: 0044,0445,0242,0024,0414,0260,0154,0045,0270,0305,0040,0010,0039,0092,0390 | T45: 0332,0213,0251,0059,0034,0445,0204,0590,0242,0015,0091,0104,0414,0497,0203,0263,0116,0218,0270,0237,0468,0058,0231,0363,0398,0182,0240,0156,0216,0249,0496,0290,0421,0351,0214,0188,0173,0707,0070,0164,0241,0207,0168,0087,0085,0092,0390,0599,0474,0352 | U45: 0251,0204,0498,0068,0050,0203,0116,0231,0305,0342,0228,0130,0048,0036,0599 | V45: 0034,0068,0111,0038,0203,0029,0270,0231,0102,0189,0351,0214,0173,0707,0164,0162,0207,0352 | W45: 0117,0061,0174,0197,0032,0099,0115,0130,0033,0036,0055
A46: 31 | B46: 尼多后 | C46: 毒 | D46: 地面 | E46: 毒刺 | F46: 斗争心 | G46: 强行 | H46: 未发现 | I46: 无 | J46: 90 | K46: 92 | L46: 87 | M46: 75 | N46: 85 | O46: 76 | P46: 45 | Q46: 1.3 | R46: 60 | S46: 0044,0034,0498,0242,0024,0414,0260,0154,0045,0270,0040,0010,0276,0039,0092,0390 | T46: 0332,0213,0419,0251,0059,0776,0034,0280,0523,0445,0204,0590,0242,0015,0091,0104,0406,0525,0529,0414,0089,0497,0203,0263,0126,0007,0053,0374,0411,0116,0264,0218,0416,0270,0506,0237,0667,0468,0063,0058,0008,0196,0510,0231,0025,0005,0341,0363,0200,0006,0398,0612,0182,0511,0240,0156,0216,0046,0350,0431,0157,0249,0317,0496,0201,0328,0290,0247,0421,0351,0214,0188,0482,0479,0173,0446,0707,0444,0070,0164,0241,0276,0057,0207,0269,0168,0675,0087,0085,0009,0259,0092,0390,0253,0599,0474,0352,0250 | U46: 0251,0204,0498,0068,0050,0203,0116,0231,0305,0342,0228,0130,0048,0036,0599 | V46: 0401,0034,0068,0111,0038,0406,0529,0223,0414,0203,0007,0264,0210,0029,0270,0008,0196,0231,0025,0005,0102,0189,0200,0157,0815,0069,0351,0214,0173,0446,0707,0164,0162,0276,0207,0675,0009,0253,0352 | W46: 0117,0061,0174,0197,0090,0032,0099,0115,0130,0066,0048,0033,0036,0055
A47: 32 | B47: 尼多朗 | C47: 毒 | D47: 无 | E47: 毒刺 | F47: 斗争心 | G47: 活力 | H47: 怪兽 | I47: 陆上 | J47: 46 | K47: 57 | L47: 40 | M47: 40 | N47: 40 | O47: 50 | P47: 235 | Q47: 0.5 | R47: 9 | S47: 0445,0024,0414,0260,0116,0031,0270,0030,0032,0043,0064,0398,0040,0092,0390 | T47: 0133,0213,0251,0059,0034,0445,0590,0015,0091,0104,0529,0414,0497,0203,0263,0116,0218,0270,0237,0468,0058,0231,0363,0398,0182,0240,0156,0216,0249,0496,0290,0421,0351,0214,0188,0684,0173,0070,0164,0241,0207,0168,0087,0085,0092,0390,0599,0474,0352 | U47: 0133,0251,0498,0093,0068,0050,0203,0457,0032,0231,0342,0389,0048,0036,0037,0599 | V47: 0034,0068,0111,0038,0529,0203,0029,0270,0231,0102,0189,0351,0214,0173,0164,0389,0162,0207,0352 | W47: 0117,0174,0197,0099,0115,0130,0033
A48: 33 | B48: 尼多力诺 | C48: 毒 | D48: 无 | E48: 毒刺 | F48: 斗争心 | G48: 活力 | H48: 怪兽 | I48: 陆上 | J48: 61 | K48: 72 | L48: 57 | M48: 55 | N48: 55 | O48: 65 | P48: 120 | Q48: 0.9 | R48: 19.5 | S48: 0445,0024,0414,0260,0116,0031,0270,0030,0032,0043,0064,0398,0040,0092,0390 | T48: 0133,0213,0251,0059,0034,0445,0590,0015,0091,0104,0529,0414,0497,0203,0263,0116,0218,0270,0237,0468,0058,0231,0363,0398,0182,0240,0156,0216,0249,0496,0290,0421,0351,0214,0188,0684,0173,0707,0070,0164,0241,0207,0168,0087,0085,0092,0390,0599,0474,0352 | U48: 0133,0251,0498,0093,0068,0050,0203,0457,0032,0231,0342,0389,0048,0036,0037,0599 | V48: 0034,0068,0111,0038,0529,0203,0029,0270,0231,0102,0189,0351,0214,0173,0707,0164,0389,0162,0207,0352 | W48: 0117,0061,0174,0197,0099,0115,0130,0033,0036,0055
A49: 34 | B49: 尼多王 | C49: 毒 | D49: 地面 | E49: 毒刺 | F49: 斗争心 | G49: 强行 | H49: 怪兽 | I49: 陆上 | J49: 81 | K49: 102 | L49: 77 | M49: 85 | N49: 75 | O49: 85 | P49: 45 | Q49: 1.3 | R49: 62 | S49: 0498,0024,0414,0260,0116,0031,0270,0030,0043,0224,0064,0398,0040,0037,0092,0390 | T49: 0133,0213,0419,0251,0059,0776,0034,0280,0523,0445,0590,0015,0091,0104,0406,0525,0529,0414,0089,0497,0203,0263,0126,0007,0053,0374,0411,0116,0264,0218,0416,0270,0506,0237,0667,0468,0063,0058,0008,0196,0510,0231,0224,0025,0005,0341,0363,0200,0006,0398,0612,0182,0511,0240,0156,0216,0046,0350,0431,0157,0249,0317,0496,0201,0328,0290,0247,0421,0351,0214,0188,0482,0479,0684,0173,0446,0707,0444,0070,0164,0241,0276,0057,0207,0269,0168,0675,0087,0085,0009,0259,0092,0390,0253,0599,0474,0352,0250 | U49: 0133,0251,0498,0093,0068,0050,0203,0457,0032,0231,0342,0389,0048,0036,0037,0599 | V49: 0401,0034,0068,0111,0038,0406,0529,0223,0414,0203,0007,0264,0210,0029,0270,0008,0196,0231,0025,0005,0102,0189,0200,0157,0815,0069,0351,0214,0173,0446,0707,0164,0389,0162,0276,0207,0675,0009,0253,0352 | W49: 0117,0061,0174,0197,0090,0032,0099,0115,0130,0066,0048,0033,0036,0055
A50: 35 | B50: 皮皮 | C50: 妖精 | D50: 无 | E50: 迷人之躯 | F50: 魔法防守 | G50: 友情防守 | H50: 妖精 | I50: 无 | J50: 70 | K50: 45 | L50: 48 | M50: 60 | N50: 65 | O50: 35 | P50: 150 | Q50: 0.6 | R50: 7.5 | S50: 0495,0516,0034,0204,0383,0322,0111,0574,0003,0227,0266,0356,0045,0361,0791,0113,0381,0309,0118,0107,0585,0236,0001,0047,0150,0671,0500,0186,0358 | T50: 0914,0502,0133,0213,0226,0059,0034,0340,0280,0347,0445,0451,0204,0886,0590,0322,0605,0091,0574,0038,0104,0577,0409,0138,0814,0497,0227,0283,0203,0263,0313,0126,0007,0053,0148,0374,0264,0218,0447,0356,0270,0237,0304,0058,0008,0196,0286,0510,0231,0282,0113,0345,0025,0005,0800,0118,0802,0581,0595,0363,0101,0583,0612,0182,0060,0094,0244,0473,0240,0278,0115,0156,0514,0216,0249,0496,0219,0290,0247,0351,0285,0214,0289,0173,0076,0446,0500,0070,0164,0241,0207,0129,0036,0477,0851,0168,0087,0085,0009,0086,0092,0161,0271,0253,0352,0472,0526,0428 | V50: 0495,0034,0340,0068,0343,0111,0038,0409,0138,0814,0223,0283,0203,0007,0264,0356,0029,0215,0270,0304,0008,0196,0231,0282,0387,0277,0025,0005,0800,0118,0102,0802,0189,0171,0244,0278,0272,0205,0069,0351,0324,0214,0289,0173,0135,0446,0164,0207,0477,0009,0086,0271,0352,0472,0428 | W50: 0117,0061,0174,0197,0149,0099,0130,0066,0100,0055,0192
A51: 36 | B51: 皮可西 | C51: 妖精 | D51: 无 | E51: 迷人之躯 | F51: 魔法防守 | G51: 纯朴 | H51: 妖精 | I51: 无 | J51: 95 | K51: 70 | L51: 73 | M51: 95 | N51: 90 | O51: 60 | P51: 25 | Q51: 1.3 | R51: 40 | S51: 0495,0204,0383,0322,0111,0574,0003,0227,0266,0356,0045,0361,0791,0309,0118,0107,0585,0236,0001,0047,0150,0671,0500,0186 | T51: 0914,0502,0133,0213,0226,0059,0034,0340,0280,0347,0445,0451,0204,0886,0590,0322,0605,0091,0574,0038,0104,0577,0409,0138,0814,0497,0227,0283,0203,0263,0313,0126,0007,0053,0148,0374,0411,0264,0218,0248,0416,0447,0356,0270,0237,0063,0304,0058,0008,0196,0286,0510,0231,0282,0113,0345,0025,0005,0800,0118,0802,0581,0595,0363,0101,0583,0612,0182,0060,0094,0244,0473,0240,0278,0115,0156,0514,0216,0249,0496,0219,0290,0247,0351,0285,0214,0289,0173,0076,0446,0500,0070,0164,0241,0207,0129,0036,0477,0851,0168,0087,0085,0009,0086,0092,0161,0271,0253,0352,0472,0526,0428 | V51: 0495,0034,0340,0068,0343,0111,0038,0409,0138,0814,0223,0283,0203,0007,0264,0356,0029,0215,0270,0304,0008,0196,0231,0282,0673,0387,0277,0025,0005,0800,0118,0102,0802,0189,0171,0244,0278,0272,0205,0069,0351,0324,0214,0289,0173,0135,0446,0164,0207,0477,0009,0086,0271,0352,0472,0428 | W51: 0117,0061,0174,0197,0149,0099,0130,0066,0100,0055,0192
A52: 36.1 | B52: 超级皮可西 | C52: 妖精 | D52: 飞行 | E52: 魔法镜 | F52: 魔法镜 | G52: 魔法镜 | H52: 妖精 | I52: 无 | J52: 95 | K52: 80 | L52: 93 | M52: 135 | N52: 110 | O52: 70 | P52: 25 | Q52: 1.7 | R52: 42.3
A53: 37 | B53: 六尾 | C53: 火 | D53: 无 | E53: 引火 | F53: 引火 | G53: 日照 | H53: 陆上 | I53: 无 | J53: 38 | K53: 41 | L53: 40 | M53: 50 | N53: 65 | O53: 65 | P53: 190 | Q53: 0.6 | R53: 9.9 | S53: 0608,0445,0109,0050,0052,0326,0185,0126,0083,0481,0053,0288,0506,0286,0510,0517,0371,0098,0046,0219,0180,0039,0261 | T53: 0097,0213,0226,0034,0807,0445,0204,0590,0109,0399,0091,0038,0104,0227,0203,0412,0263,0126,0083,0488,0053,0394,0492,0218,0257,0270,0506,0237,0286,0510,0231,0595,0417,0363,0315,0220,0371,0384,0182,0244,0156,0216,0046,0496,0219,0290,0214,0555,0173,0180,0164,0241,0207,0129,0541,0036,0851,0092,0311,0261,0428 | U53: 0608,0445,0050,0412,0326,0185,0175,0488,0394,0361,0257,0506,0336,0095,0262,0384,0244,0046,0290,0180,0541 | V53: 0034,0807,0343,0399,0038,0203,0492,0029,0257,0231,0102,0466,0220,0272,0214,0173,0180,0164,0207,0129,0428 | W53: 0117,0174,0099,0115,0130,0033
A54: 37.1 | B54: 六尾-阿罗拉的样子 | C54: 冰 | D54: 无 | E54: 雪隐 | F54: 雪隐 | G54: 降雪 | H54: 陆上 | I54: 无 | J54: 28 | K54: 41 | L54: 40 | M54: 50 | N54: 65 | O54: 65 | P54: 190 | Q54: 0.6 | R54: 9.9 | S54: 0062,0694,0608,0059,0445,0109,0050,0326,0185,0573,0288,0506,0058,0420,0196,0286,0054,0371,0181,0046,0219,0329,0180,0039 | T54: 0097,0213,0694,0226,0059,0034,0204,0886,0590,0109,0399,0605,0091,0574,0038,0104,0577,0227,0203,0263,0313,0492,0524,0218,0258,0270,0506,0237,0058,0333,0196,0286,0231,0581,0417,0220,0371,0583,0384,0182,0244,0240,0156,0216,0046,0496,0219,0214,0173,0883,0180,0500,0164,0207,0129,0541,0036,0851,0092,0311,0428 | U54: 0097,0608,0204,0050,0227,0326,0175,0573,0336,0095,0585,0384,0046,0290,0180,0541 | V54: 0401,0343,0492,0215,0196,0231,0220,0272,0173,0180,0428 | W54: 0606,0029,0115,0033
A55: 38 | B55: 九尾 | C55: 火 | D55: 无 | E55: 引火 | F55: 引火 | G55: 日照 | H55: 陆上 | I55: 无 | J55: 73 | K55: 76 | L55: 75 | M55: 81 | N55: 100 | O55: 100 | P55: 75 | Q55: 1.1 | R55: 19.9 | S55: 0109,0050,0052,0326,0126,0083,0053,0288,0286,0510,0517,0417,0098,0219,0180,0039,0261 | T55: 0097,0213,0226,0034,0807,0347,0445,0204,0590,0109,0399,0091,0038,0104,0138,0227,0203,0412,0263,0313,0126,0083,0488,0053,0394,0492,0218,0416,0257,0270,0506,0237,0063,0286,0510,0231,0595,0417,0363,0101,0315,0220,0371,0384,0182,0244,0473,0156,0216,0046,0496,0219,0815,0290,0247,0214,0555,0173,0076,0180,0500,0164,0241,0207,0129,0541,0036,0851,0092,0311,0261,0428 | U55: 0608,0445,0050,0412,0326,0185,0175,0488,0394,0361,0257,0506,0336,0095,0262,0384,0244,0046,0290,0180,0541 | V55: 0034,0807,0343,0399,0038,0203,0492,0029,0257,0231,0673,0102,0466,0220,0272,0815,0214,0173,0180,0164,0207,0129,0428 | W55: 0117,0174,0095,0099,0115,0130,0033
A56: 38.1 | B56: 九尾-阿罗拉的样子 | C56: 冰 | D56: 妖精 | E56: 雪隐 | F56: 雪隐 | G56: 降雪 | H56: 陆上 | I56: 无 | J56: 73 | K56: 67 | L56: 75 | M56: 81 | N56: 100 | O56: 109 | P56: 75 | Q56: 1.1 | R56: 19.9 | S56: 0062,0694,0059,0109,0605,0050,0326,0573,0288,0058,0420,0196,0286,0054,0417,0181,0219,0329,0180,0039 | T56: 0097,0213,0694,0419,0226,0059,0034,0347,0204,0886,0590,0109,0399,0605,0091,0574,0038,0104,0577,0138,0227,0203,0263,0313,0492,0524,0218,0416,0258,0270,0506,0237,0063,0058,0333,0196,0286,0231,0581,0417,0220,0371,0583,0384,0182,0244,0473,0240,0156,0216,0046,0496,0219,0214,0173,0883,0076,0180,0500,0164,0207,0129,0541,0036,0851,0092,0813,0311,0472,0428 | U56: 0097,0608,0204,0050,0227,0326,0175,0573,0336,0095,0585,0384,0046,0290,0180,0541 | V56: 0401,0343,0492,0215,0196,0231,0673,0220,0272,0173,0180,0813,0472,0428 | W56: 0029,0095,0115,0033
A57: 39 | B57: 胖丁 | C57: 一般 | D57: 妖精 | E57: 迷人之躯 | F57: 好胜 | G57: 友情防守 | H57: 妖精 | I57: 无 | J57: 115 | K57: 45 | L57: 20 | M57: 45 | N57: 25 | O57: 20 | P57: 170 | Q57: 0.5 | R57: 5.5 | S57: 0034,0204,0383,0343,0111,0050,0574,0038,0003,0497,0360,0304,0102,0589,0583,0001,0156,0205,0496,0047,0255,0254,0256,0186,0358 | T57: 0914,0502,0133,0213,0226,0059,0776,0034,0340,0280,0347,0445,0451,0204,0886,0590,0399,0605,0091,0574,0038,0104,0577,0409,0138,0497,0227,0283,0203,0412,0263,0313,0126,0007,0053,0148,0374,0264,0218,0447,0356,0360,0270,0237,0304,0058,0008,0861,0196,0510,0282,0113,0345,0025,0005,0118,0802,0581,0417,0363,0220,0583,0612,0182,0094,0917,0244,0473,0240,0278,0115,0156,0514,0216,0496,0219,0201,0103,0290,0120,0247,0351,0285,0214,0289,0173,0076,0446,0500,0070,0164,0241,0207,0129,0036,0269,0851,0168,0087,0085,0009,0086,0092,0885,0161,0253,0352,0528,0526,0428 | V57: 0502,0034,0340,0068,0343,0111,0038,0409,0138,0223,0283,0203,0007,0264,0356,0029,0215,0270,0304,0008,0196,0282,0387,0277,0025,0005,0102,0802,0189,0171,0220,0244,0278,0272,0205,0069,0351,0214,0289,0173,0446,0798,0164,0207,0477,0009,0086,0352 | W57: 0117,0061,0174,0197,0149,0099,0130,0066,0100,0055,0192
A58: 40 | B58: 胖可丁 | C58: 一般 | D58: 妖精 | E58: 迷人之躯 | F58: 好胜 | G58: 察觉 | H58: 妖精 | I58: 无 | J58: 140 | K58: 70 | L58: 45 | M58: 85 | N58: 50 | O58: 45 | P58: 50 | Q58: 1 | R58: 12 | S58: 0034,0204,0383,0343,0111,0050,0574,0038,0003,0497,0360,0304,0102,0583,0001,0156,0496,0047,0255,0254,0256,0186 | T58: 0914,0502,0133,0213,0226,0059,0776,0034,0340,0280,0347,0445,0451,0204,0886,0590,0399,0605,0091,0574,0038,0104,0577,0409,0138,0497,0227,0283,0203,0412,0797,0263,0313,0126,0007,0053,0148,0374,0411,0264,0218,0416,0447,0356,0360,0270,0237,0063,0304,0058,0008,0861,0196,0510,0282,0113,0345,0478,0025,0005,0118,0802,0581,0417,0363,0220,0583,0612,0182,0094,0917,0244,0473,0240,0278,0115,0156,0514,0216,0496,0219,0201,0103,0290,0120,0247,0351,0285,0214,0289,0173,0076,0446,0500,0070,0164,0241,0207,0129,0036,0269,0851,0168,0087,0085,0009,0086,0092,0885,0161,0253,0352,0528,0526,0428 | V58: 0502,0034,0340,0068,0343,0111,0038,0409,0138,0223,0283,0203,0797,0007,0264,0356,0029,0215,0270,0304,0008,0196,0282,0673,0387,0277,0478,0025,0005,0102,0802,0189,0171,0220,0244,0278,0272,0205,0069,0351,0214,0289,0173,0446,0798,0164,0207,0477,0009,0086,0352 | W58: 0117,0061,0174,0197,0107,0149,0099,0130,0066,0100,0055,0192
A59: 41 | B59: 超音蝠 | C59: 毒 | D59: 飞行 | E59: 精神力 | F59: 精神力 | G59: 穿透 | H59: 飞行 | I59: 无 | J59: 40 | K59: 45 | L59: 35 | M59: 30 | N59: 40 | O59: 55 | P59: 255 | Q59: 0.8 | R59: 7.5 | S59: 0071,0512,0314,0403,0310,0044,0109,0114,0141,0212,0305,0501,0048,0129,0474,0017 | T59: 0512,0332,0097,0403,0372,0213,0413,0445,0590,0242,0432,0104,0203,0263,0019,0218,0202,0257,0237,0141,0417,0363,0371,0365,0182,0240,0156,0216,0355,0496,0290,0247,0214,0188,0289,0173,0211,0164,0241,0207,0129,0269,0168,0259,0092,0253,0369,0599,0474,0428 | U59: 0413,0174,0432,0185,0202,0016,0095,0417,0228,0098,0211,0599,0018,0017,0428 | V59: 0314,0432,0038,0814,0203,0202,0257,0102,0466,0355,0214,0289,0173,0164,0162,0207,0129,0366,0239,0253,0428 | W59: 0117,0197,0029,0072,0099,0013,0036
A60: 42 | B60: 大嘴蝠 | C60: 毒 | D60: 飞行 | E60: 精神力 | F60: 精神力 | G60: 穿透 | H60: 飞行 | I60: 无 | J60: 75 | K60: 80 | L60: 70 | M60: 65 | N60: 75 | O60: 90 | P60: 90 | Q60: 1.6 | R60: 55 | S60: 0071,0512,0314,0403,0310,0044,0109,0114,0141,0212,0305,0501,0103,0048,0129,0474,0017 | T60: 0512,0332,0097,0403,0372,0213,0413,0445,0590,0242,0432,0104,0203,0263,0019,0218,0202,0416,0257,0237,0063,0141,0417,0363,0371,0365,0182,0240,0156,0216,0355,0496,0103,0290,0247,0214,0188,0289,0173,0211,0164,0241,0207,0129,0269,0168,0259,0092,0253,0369,0599,0474,0428 | U60: 0413,0174,0432,0185,0202,0016,0095,0417,0228,0098,0211,0599,0018,0017,0428 | V60: 0314,0432,0038,0814,0203,0202,0257,0102,0466,0355,0214,0289,0173,0164,0162,0207,0129,0366,0239,0253,0428 | W60: 0117,0174,0197,0029,0072,0098,0099,0013,0036,0018
A61: 43 | B61: 走路草 | C61: 草 | D61: 毒 | E61: 叶绿素 | F61: 叶绿素 | G61: 逃跑 | H61: 植物 | I61: 无 | J61: 45 | K61: 50 | L61: 55 | M61: 75 | N61: 65 | O61: 30 | P61: 255 | Q61: 0.5 | R61: 5.4 | S61: 0071,0051,0202,0580,0074,0381,0072,0585,0236,0363,0080,0077,0079,0078,0230,0092 | T61: 0491,0213,0331,0445,0204,0590,0015,0605,0104,0203,0412,0263,0148,0218,0202,0447,0803,0580,0270,0237,0611,0437,0345,0363,0267,0182,0156,0216,0496,0290,0402,0214,0188,0173,0076,0164,0241,0207,0014,0851,0092,0885,0474 | U61: 0495,0204,0175,0275,0073,0267,0075,0290,0668,0014,0235,0298,0321 | V61: 0495,0038,0203,0380,0202,0803,0102,0402,0214,0173,0164,0207,0014,0235,0388 | W61: 0117,0174,0029,0099,0115,0036
A62: 44 | B62: 臭臭花 | C62: 草 | D62: 毒 | E62: 叶绿素 | F62: 叶绿素 | G62: 恶臭 | H62: 植物 | I62: 无 | J62: 60 | K62: 65 | L62: 70 | M62: 85 | N62: 75 | O62: 40 | P62: 120 | Q62: 0.8 | R62: 8.6 | S62: 0071,0051,0202,0580,0074,0381,0072,0585,0236,0363,0572,0080,0077,0079,0078,0230,0092 | T62: 0491,0213,0331,0445,0204,0590,0015,0605,0104,0409,0203,0412,0263,0148,0374,0218,0202,0447,0803,0580,0270,0237,0611,0437,0345,0363,0267,0572,0676,0182,0156,0216,0496,0290,0402,0214,0188,0173,0076,0164,0241,0207,0014,0851,0092,0885,0474 | U62: 0495,0204,0175,0275,0073,0267,0075,0290,0668,0014,0235,0298,0321 | V62: 0495,0038,0409,0203,0380,0202,0803,0102,0402,0214,0173,0164,0207,0014,0235,0388 | W62: 0117,0174,0029,0099,0075,0115,0036
A63: 45 | B63: 霸王花 | C63: 草 | D63: 毒 | E63: 叶绿素 | F63: 叶绿素 | G63: 孢子 | H63: 植物 | I63: 无 | J63: 75 | K63: 80 | L63: 85 | M63: 110 | N63: 90 | O63: 50 | P63: 45 | Q63: 1.2 | R63: 18.6 | S63: 0071,0051,0312,0202,0580,0074,0072,0585,0236,0572,0080,0077,0079,0076,0078,0230,0092 | T63: 0491,0213,0034,0331,0445,0204,0590,0015,0605,0104,0409,0203,0412,0263,0148,0374,0218,0202,0416,0447,0803,0580,0270,0237,0063,0611,0437,0345,0363,0267,0572,0676,0182,0156,0216,0496,0219,0290,0402,0214,0188,0482,0173,0076,0669,0164,0241,0207,0014,0851,0092,0885,0474,0311 | U63: 0495,0204,0175,0275,0073,0267,0075,0290,0668,0014,0235,0298,0321 | V63: 0495,0034,0810,0038,0409,0203,0380,0202,0803,0102,0402,0214,0173,0164,0207,0014,0235,0388 | W63: 0117,0174,0029,0099,0115,0036
A64: 46 | B64: 派拉斯 | C64: 虫 | D64: 草 | E64: 孢子 | F64: 干燥皮肤 | G64: 湿气 | H64: 虫 | I64: 植物 | J64: 35 | K64: 70 | L64: 55 | M64: 45 | N64: 55 | O64: 25 | P64: 190 | Q64: 0.3 | R64: 5.4 | S64: 0071,0312,0210,0202,0074,0141,0077,0476,0010,0163,0147,0078,0404 | T64: 0332,0213,0280,0331,0445,0590,0015,0091,0104,0203,0412,0263,0206,0148,0218,0202,0447,0237,0468,0141,0113,0363,0267,0182,0156,0216,0249,0496,0290,0214,0188,0076,0522,0164,0241,0207,0014,0168,0092,0474,0404 | U64: 0097,0450,0068,0440,0203,0206,0565,0175,0580,0073,0113,0232,0363,0060,0228,0563,0103,0230,0469 | V64: 0495,0034,0450,0068,0038,0203,0210,0202,0282,0102,0402,0214,0173,0081,0164,0207,0014,0235,0388 | W64: 0117,0174,0154,0029,0072,0099,0115,0287,0130,0079,0036
A65: 47 | B65: 派拉斯特 | C65: 虫 | D65: 草 | E65: 孢子 | F65: 干燥皮肤 | G65: 湿气 | H65: 虫 | I65: 植物 | J65: 60 | K65: 95 | L65: 80 | M65: 60 | N65: 80 | O65: 30 | P65: 75 | Q65: 1 | R65: 29.5 | S65: 0071,0312,0440,0210,0202,0074,0141,0077,0476,0010,0163,0147,0078,0404 | T65: 0332,0213,0280,0331,0445,0590,0015,0091,0104,0203,0412,0263,0206,0148,0218,0202,0416,0447,0237,0468,0063,0141,0113,0363,0267,0182,0156,0216,0249,0496,0290,0214,0188,0076,0522,0164,0241,0207,0014,0168,0092,0474,0404 | U65: 0097,0450,0068,0440,0203,0206,0565,0175,0580,0073,0113,0232,0363,0060,0228,0563,0103,0230,0469 | V65: 0495,0034,0450,0068,0038,0203,0210,0202,0282,0102,0402,0214,0173,0081,0164,0207,0014,0235,0675,0388 | W65: 0117,0174,0154,0029,0073,0072,0099,0115,0103,0130,0079,0230,0036
A66: 48 | B66: 毛球 | C66: 虫 | D66: 毒 | E66: 复眼 | F66: 有色眼镜 | G66: 逃跑 | H66: 虫 | I66: 无 | J66: 60 | K66: 55 | L66: 50 | M66: 40 | N66: 55 | O66: 45 | P66: 190 | Q66: 1 | R66: 30 | S66: 0405,0093,0050,0193,0141,0305,0077,0060,0094,0324,0079,0078,0048,0033,0428 | T66: 0491,0097,0213,0226,0450,0405,0445,0590,0109,0104,0283,0203,0412,0263,0148,0218,0202,0237,0611,0141,0679,0363,0101,0884,0182,0060,0094,0917,0156,0216,0496,0290,0285,0806,0214,0188,0076,0522,0164,0241,0207,0129,0036,0851,0168,0092,0390,0474,0428 | U66: 0097,0226,0450,0202,0234,0476,0103,0290,0324,0285,0390,0474 | V66: 0450,0038,0203,0202,0102,0324,0285,0214,0173,0081,0164,0207,0129,0428 | W66: 0117,0174,0029,0072,0149,0099,0115,0230
A67: 49 | B67: 摩鲁蛾 | C67: 虫 | D67: 毒 | E67: 鳞粉 | F67: 有色眼镜 | G67: 奇迹皮肤 | H67: 虫 | I67: 无 | J67: 70 | K67: 65 | L67: 60 | M67: 90 | N67: 75 | O67: 90 | P67: 75 | Q67: 1.5 | R67: 12.5 | S67: 0403,0405,0093,0050,0193,0016,0141,0305,0077,0060,0094,0483,0324,0318,0079,0078,0048,0033,0428 | T67: 0491,0512,0332,0097,0314,0403,0213,0226,0450,0405,0445,0590,0109,0432,0038,0104,0283,0203,0412,0263,0148,0218,0202,0416,0237,0063,0611,0141,0679,0363,0101,0884,0182,0060,0094,0917,0156,0216,0355,0496,0290,0318,0285,0806,0214,0188,0482,0076,0522,0164,0241,0207,0129,0036,0851,0168,0092,0390,0369,0474,0428 | U67: 0097,0226,0450,0202,0234,0476,0103,0290,0324,0285,0390,0474 | V67: 0314,0450,0432,0038,0203,0202,0102,0466,0355,0324,0285,0214,0173,0081,0164,0207,0129,0366,0239,0428 | W67: 0117,0174,0138,0029,0072,0149,0099,0013,0115,0287,0103,0230,0100,0018
A68: 50 | B68: 地鼠 | C68: 地面 | D68: 无 | E68: 沙隐 | F68: 沙穴 | G68: 沙之力 | H68: 陆上 | I68: 无 | J68: 10 | K68: 55 | L68: 25 | M68: 35 | N68: 45 | O68: 95 | P68: 255 | Q68: 0.2 | R68: 0.8 | S68: 0310,0523,0091,0414,0089,0090,0154,0045,0222,0426,0189,0028,0201,0010,0163,0389 | T68: 0332,0097,0502,0372,0213,0251,0034,0523,0445,0204,0590,0174,0015,0091,0038,0104,0414,0089,0497,0283,0203,0263,0492,0218,0270,0237,0468,0341,0189,0363,0182,0156,0216,0179,0350,0157,0249,0317,0496,0201,0328,0815,0103,0290,0421,0214,0188,0479,0173,0446,0707,0444,0164,0241,0207,0014,0036,0851,0168,0675,0092,0253,0526 | U68: 0246,0310,0251,0203,0185,0515,0029,0468,0262,0426,0228,0179,0157,0103,0253 | V68: 0034,0038,0414,0203,0102,0189,0157,0815,0214,0173,0446,0707,0164,0389,0207,0253 | W68: 0117,0099
A69: 50.1 | B69: 地鼠-阿罗拉的样子 | C69: 地面 | D69: 钢 | E69: 沙隐 | F69: 卷发 | G69: 沙之力 | H69: 陆上 | I69: 无 | J69: 10 | K69: 55 | L69: 30 | M69: 35 | N69: 45 | O69: 90 | P69: 255 | Q69: 0.2 | R69: 1 | S69: 0310,0523,0091,0414,0089,0090,0045,0442,0222,0232,0426,0189,0028,0201,0389 | T69: 0332,0097,0502,0372,0213,0251,0034,0523,0204,0590,0091,0104,0414,0089,0497,0203,0263,0430,0492,0218,0270,0237,0334,0442,0232,0319,0341,0189,0182,0156,0216,0179,0350,0157,0317,0496,0201,0328,0184,0815,0103,0421,0214,0188,0479,0173,0446,0796,0707,0444,0164,0241,0207,0014,0036,0851,0168,0092,0253,0526 | U69: 0246,0251,0203,0185,0515,0029,0468,0262,0319,0228,0179,0037 | V69: 0414,0334,0442,0815,0173,0446,0796,0707 | W69: 0154,0010,0163
A70: 51 | B70: 三地鼠 | C70: 地面 | D70: 无 | E70: 沙隐 | F70: 沙穴 | G70: 沙之力 | H70: 陆上 | I70: 无 | J70: 35 | K70: 100 | L70: 50 | M70: 50 | N70: 70 | O70: 120 | P70: 50 | Q70: 0.7 | R70: 33.3 | S70: 0310,0523,0091,0414,0089,0090,0154,0045,0222,0426,0189,0400,0563,0028,0201,0328,0010,0163,0389,0161 | T70: 0332,0097,0502,0372,0213,0251,0034,0523,0445,0204,0590,0174,0015,0091,0038,0104,0414,0089,0497,0283,0203,0263,0492,0218,0416,0270,0237,0667,0468,0063,0341,0189,0363,0182,0156,0216,0179,0350,0157,0249,0317,0496,0201,0328,0184,0815,0103,0290,0421,0214,0188,0482,0479,0173,0446,0707,0444,0164,0241,0207,0014,0036,0851,0168,0675,0092,0161,0253,0526 | U70: 0246,0310,0251,0203,0185,0515,0029,0468,0262,0426,0228,0179,0157,0103,0253 | V70: 0034,0038,0414,0203,0102,0189,0157,0815,0214,0173,0446,0707,0164,0389,0207,0253 | W70: 0117,0029,0099
... A73: 52.1 | B73: 喵喵-阿罗拉的样子 | C73: 恶 | D73: 无 | E73: 捡拾 | F73: 技术高手 | G73: 胆怯 | H73: 陆上 | I73: 无 | J73: 40 | K73: 35 | L73: 35 | M73: 50 | N73: 40 | O73: 90 | P73: 255 | Q73: 0.4 | R73: 4.2 | S73: 0372,0044,0445,0399,0252,0364,0185,0154,0045,0417,0400,0006,0583,0010,0103,0163,0269 | T73: 0332,0097,0133,0372,0213,0034,0204,0886,0590,0109,0174,0399,0091,0038,0104,0138,0497,0373,0283,0203,0263,0313,0492,0218,0441,0270,0237,0304,0196,0231,0282,0808,0232,0417,0371,0006,0583,0408,0182,0244,0511,0240,0156,0514,0216,0496,0103,0402,0247,0421,0214,0555,0173,0180,0164,0241,0207,0129,0036,0269,0851,0168,0675,0087,0085,0086,0259,0092,0885,0253,0369,0526 | U73: 0133,0274,0204,0343,0175,0260,0492,0095,0575,0386,0289,0180 | V73: 0343,0492,0441,0304,0196,0231,0282,0808,0387,0402,0351,0289,0173,0180,0675,0253,0352 | W73: 0029
A74: 52.2 | B74: 喵喵-伽勒尔的样子 | C74: 钢 | D74: 无 | E74: 捡拾 | F74: 硬爪 | G74: 紧张感 | H74: 陆上 | I74: 无 | J74: 50 | K74: 65 | L74: 55 | M74: 40 | N74: 40 | O74: 40 | P74: 255 | Q74: 0.4 | R74: 7.5 | S74: 0252,0154,0045,0468,0232,0319,0006,0010,0103,0163,0207,0269,0037 | T74: 0332,0133,0372,0213,0034,0280,0204,0242,0174,0399,0091,0038,0283,0203,0263,0313,0206,0430,0374,0492,0441,0360,0270,0304,0334,0442,0231,0282,0808,0232,0319,0118,0417,0371,0006,0583,0182,0240,0156,0514,0496,0103,0402,0247,0421,0214,0173,0180,0446,0796,0164,0241,0014,0036,0269,0851,0168,0675,0087,0085,0885,0253,0369,0526,0404 | U74: 0343,0174,0038,0175,0400,0180 | V74: 0808,0796
A75: 53 | B75: 猫老大 | C75: 一般 | D75: 无 | E75: 柔软 | F75: 技术高手 | G75: 紧张感 | H75: 陆上 | I75: 无 | J75: 65 | K75: 70 | L75: 60 | M75: 65 | N75: 65 | O75: 115 | P75: 90 | Q75: 1 | R75: 32 | S75: 0372,0044,0445,0252,0364,0185,0154,0045,0417,0400,0006,0583,0408,0010,0103,0163,0207,0129,0415,0269 | T75: 0332,0097,0133,0372,0213,0034,0445,0204,0886,0590,0015,0399,0091,0038,0104,0138,0497,0373,0283,0203,0263,0313,0206,0148,0492,0218,0416,0441,0270,0237,0468,0063,0304,0196,0231,0282,0808,0232,0417,0363,0220,0371,0006,0583,0408,0182,0244,0240,0156,0514,0216,0046,0496,0103,0290,0402,0247,0421,0351,0806,0214,0555,0289,0173,0180,0164,0241,0207,0129,0036,0269,0851,0168,0675,0087,0085,0086,0259,0092,0885,0253,0369,0352,0526 | U75: 0133,0274,0204,0343,0175,0492,0095,0231,0387,0316,0244,0386,0289,0180,0039 | V75: 0034,0343,0399,0111,0038,0138,0203,0492,0441,0029,0304,0196,0231,0282,0808,0387,0102,0189,0171,0244,0402,0351,0806,0214,0289,0173,0180,0164,0207,0129,0675,0253,0352 | W75: 0117,0061,0174,0197,0095,0099,0130,0055,0192
A76: 53.1 | B76: 猫老大-阿罗拉的样子 | C76: 恶 | D76: 无 | E76: 毛皮大衣 | F76: 技术高手 | G76: 胆怯 | H76: 陆上 | I76: 无 | J76: 65 | K76: 60 | L76: 60 | M76: 75 | N76: 65 | O76: 115 | P76: 90 | Q76: 1.1 | R76: 33 | S76: 0372,0044,0445,0399,0252,0364,0185,0154,0045,0417,0400,0006,0583,0408,0511,0010,0103,0163,0129,0415,0269 | T76: 0332,0097,0133,0372,0213,0251,0034,0807,0204,0886,0590,0109,0174,0399,0091,0038,0104,0138,0497,0373,0283,0203,0263,0313,0492,0218,0416,0441,0270,0237,0063,0304,0196,0231,0282,0808,0232,0417,0371,0006,0583,0408,0182,0244,0511,0240,0156,0514,0216,0046,0496,0103,0402,0247,0421,0806,0214,0479,0555,0173,0180,0164,0241,0207,0129,0036,0269,0851,0168,0675,0087,0085,0086,0259,0092,0885,0253,0369,0526 | U76: 0133,0274,0204,0343,0175,0260,0492,0095,0575,0386,0289,0180 | V76: 0807,0343,0492,0441,0304,0196,0231,0282,0808,0387,0402,0351,0806,0289,0173,0180,0675,0253,0352 | W76: 0029,0095
A77: 54 | B77: 可达鸭 | C77: 水 | D77: 无 | E77: 湿气 | F77: 无关天气 | G77: 悠游自如 | H77: 水中1 | I77: 陆上 | J77: 50 | K77: 52 | L77: 48 | M77: 65 | N77: 50 | O77: 55 | P77: 190 | Q77: 0.8 | R77: 19.6 | S77: 0133,0401,0093,0050,0154,0056,0244,0010,0103,0487,0039,0055,0352,0346,0472,0428 | T77: 0332,0133,0213,0059,0034,0280,0362,0347,0445,0886,0590,0109,0091,0291,0038,0104,0227,0283,0203,0263,0148,0374,0812,0264,0218,0248,0258,0114,0270,0237,0468,0056,0058,0008,0196,0231,0282,0113,0710,0067,0490,0025,0005,0118,0330,0341,0417,0363,0006,0612,0182,0060,0094,0917,0244,0473,0240,0156,0216,0249,0496,0503,0103,0290,0421,0285,0214,0173,0070,0164,0057,0207,0129,0036,0269,0477,0851,0168,0092,0885,0410,0127,0352,0250,0472,0428 | U77: 0499,0109,0238,0227,0193,0248,0095,0113,0426,0060,0094,0287,0290,0493,0214,0485,0281 | V77: 0401,0034,0068,0291,0038,0223,0203,0264,0029,0008,0196,0231,0025,0005,0102,0189,0244,0272,0069,0324,0214,0173,0164,0207,0129,0477,0352,0472,0388,0428 | W77: 0117,0061,0174,0300,0099,0130,0066
A78: 55 | B78: 哥达鸭 | C78: 水 | D78: 无 | E78: 湿气 | F78: 无关天气 | G78: 悠游自如 | H78: 水中1 | I78: 陆上 | J78: 80 | K78: 82 | L78: 78 | M78: 95 | N78: 80 | O78: 85 | P78: 75 | Q78: 1.7 | R78: 76.6 | S78: 0133,0453,0401,0093,0050,0154,0056,0382,0244,0010,0103,0487,0039,0055,0352,0346,0472,0428 | T78: 0332,0133,0213,0059,0034,0280,0362,0347,0445,0886,0590,0109,0091,0291,0038,0104,0227,0283,0203,0263,0148,0374,0812,0411,0264,0218,0248,0416,0447,0258,0114,0270,0237,0468,0056,0063,0058,0008,0196,0231,0282,0113,0710,0067,0490,0025,0005,0118,0330,0341,0417,0363,0006,0408,0612,0182,0060,0094,0917,0244,0473,0240,0156,0216,0431,0249,0496,0503,0103,0290,0421,0285,0214,0173,0070,0164,0057,0207,0129,0036,0269,0477,0851,0168,0092,0885,0410,0127,0352,0250,0472,0428 | U78: 0499,0109,0238,0227,0193,0248,0095,0113,0426,0060,0094,0287,0290,0493,0214,0485,0281 | V78: 0401,0034,0068,0291,0038,0223,0203,0812,0264,0210,0029,0008,0196,0231,0673,0710,0067,0025,0005,0102,0189,0244,0272,0069,0324,0214,0173,0164,0207,0129,0477,0352,0472,0388,0428 | W78: 0117,0061,0204,0174,0099,0130,0066,0281
A79: 56 | B79: 猴怪 | C79: 格斗 | D79: 无 | E79: 干劲 | F79: 愤怒穴位 | G79: 不服输 | H79: 陆上 | I79: 无 | J79: 40 | K79: 80 | L79: 35 | M79: 35 | N79: 45 | O79: 70 | P79: 190 | Q79: 0.5 | R79: 28 | S79: 0372,0370,0343,0238,0515,0116,0154,0002,0043,0067,0200,0386,0228,0010,0103,0069,0707,0207,0037 | T79: 0512,0332,0213,0034,0280,0339,0523,0445,0370,0590,0174,0091,0038,0104,0409,0089,0227,0283,0203,0263,0007,0374,0411,0264,0218,0441,0270,0237,0468,0008,0231,0808,0067,0490,0118,0363,0200,0315,0371,0398,0612,0182,0240,0156,0514,0216,0179,0431,0157,0249,0317,0496,0184,0290,0402,0421,0214,0479,0180,0707,0444,0070,0164,0241,0207,0129,0036,0269,0851,0168,0675,0087,0085,0009,0092,0253,0369,0526 | U79: 0251,0370,0068,0174,0227,0264,0193,0096,0400,0681,0279,0179,0157,0214,0265,0180 | V79: 0034,0068,0343,0111,0038,0530,0223,0283,0203,0007,0264,0441,0029,0270,0008,0231,0067,0025,0005,0118,0102,0189,0200,0244,0157,0272,0402,0069,0214,0173,0180,0707,0164,0207,0129,0009,0253,0410 | W79: 0117,0197,0006,0099,0130,0066
A80: 57 | B80: 火暴猴 | C80: 格斗 | D80: 无 | E80: 干劲 | F80: 愤怒穴位 | G80: 不服输 | H80: 陆上 | I80: 无 | J80: 65 | K80: 105 | L80: 60 | M80: 60 | N80: 70 | O80: 95 | P80: 75 | Q80: 1 | R80: 32 | S80: 0372,0370,0238,0515,0374,0116,0154,0002,0043,0067,0200,0386,0228,0099,0889,0010,0103,0069,0707,0207,0037 | T80: 0512,0332,0213,0034,0280,0339,0523,0445,0370,0590,0174,0091,0038,0104,0409,0089,0227,0283,0203,0263,0007,0374,0411,0264,0218,0416,0441,0270,0237,0468,0063,0008,0231,0808,0067,0490,0118,0363,0200,0315,0371,0398,0612,0182,0240,0156,0514,0216,0179,0431,0157,0249,0317,0496,0184,0290,0402,0421,0214,0479,0180,0446,0707,0444,0070,0164,0241,0207,0129,0036,0269,0851,0168,0675,0087,0085,0009,0092,0253,0369,0410,0526 | U80: 0251,0370,0068,0174,0227,0264,0193,0096,0400,0681,0279,0179,0157,0214,0265,0180 | V80: 0034,0068,0343,0111,0038,0530,0223,0283,0203,0007,0264,0441,0029,0270,0008,0231,0067,0025,0005,0118,0102,0189,0200,0244,0157,0272,0402,0069,0214,0173,0180,0707,0164,0207,0129,0675,0009,0253,0410 | W80: 0117,0197,0006,0130,0066
A81: 58 | B81: 卡蒂狗 | C81: 火 | D81: 无 | E81: 威吓 | F81: 引火 | G81: 正义之心 | H81: 陆上 | I81: 无 | J81: 55 | K81: 70 | L81: 45 | M81: 70 | N81: 50 | O81: 60 | P81: 190 | Q81: 0.7 | R81: 19 | S81: 0097,0044,0242,0052,0424,0481,0053,0172,0394,0257,0270,0336,0043,0316,0200,0583,0514,0179,0046,0036 | T81: 0332,0097,0213,0034,0445,0204,0370,0590,0242,0174,0091,0038,0104,0203,0263,0126,0424,0083,0488,0053,0394,0218,0257,0270,0237,0510,0231,0363,0200,0315,0583,0182,0706,0156,0514,0216,0179,0046,0249,0496,0219,0184,0290,0214,0555,0173,0070,0164,0241,0207,0129,0036,0915,0851,0168,0422,0092,0528,0261 | U81: 0034,0682,0370,0343,0242,0038,0024,0083,0394,0257,0336,0231,0234,0833,0219,0037 | V81: 0034,0343,0038,0203,0029,0257,0270,0231,0102,0189,0200,0214,0173,0164,0207,0129 | W81: 0117,0225,0082,0099,0115,0130
A82: 58.1 | B82: 卡蒂狗-洗翠的样子 | C82: 火 | D82: 岩石 | E82: 威吓 | F82: 引火 | G82: 坚硬脑袋 | H82: 陆上 | I82: 无 | J82: 60 | K82: 75 | L82: 45 | M82: 65 | N82: 50 | O82: 55 | P82: 190 | Q82: 0.8 | R82: 22.7 | S82: 0044,0242,0052,0424,0053,0172,0394,0270,0336,0043,0514,0179,0046,0157,0036 | T82: 0097,0034,0370,0242,0091,0038,0203,0263,0126,0424,0083,0488,0053,0394,0257,0270,0200,0315,0408,0182,0706,0156,0179,0046,0350,0157,0317,0201,0184,0815,0214,0479,0684,0446,0444,0164,0241,0036,0915,0851,0422,0528,0261 | U82: 0343,0038,0024,0457,0234,0037
A83: 59 | B83: 风速狗 | C83: 火 | D83: 无 | E83: 威吓 | F83: 引火 | G83: 正义之心 | H83: 陆上 | I83: 无 | J83: 90 | K83: 110 | L83: 80 | M83: 100 | N83: 80 | O83: 95 | P83: 75 | Q83: 1.9 | R83: 155 | S83: 0097,0044,0682,0242,0052,0245,0424,0053,0172,0394,0270,0336,0043,0316,0583,0514,0179,0046,0036,0422 | T83: 0332,0097,0213,0034,0523,0445,0204,0370,0590,0242,0174,0091,0038,0104,0406,0203,0263,0126,0424,0083,0488,0053,0394,0218,0416,0535,0257,0270,0237,0063,0304,0510,0442,0231,0363,0200,0315,0583,0182,0706,0156,0514,0216,0179,0046,0431,0249,0496,0219,0184,0815,0290,0214,0555,0173,0076,0070,0164,0241,0207,0129,0036,0915,0851,0168,0422,0092,0528,0261 | U83: 0034,0682,0370,0343,0242,0038,0024,0083,0394,0257,0336,0231,0234,0833,0219,0037 | V83: 0034,0343,0038,0406,0203,0029,0257,0270,0442,0231,0673,0102,0189,0200,0815,0214,0173,0164,0207,0129 | W83: 0117,0225,0082,0099,0115,0130,0276,0100
A84: 59.1 | B84: 风速狗-洗翠的样子 | C84: 火 | D84: 岩石 | E84: 威吓 | F84: 引火 | G84: 坚硬脑袋 | H84: 陆上 | I84: 无 | J84: 95 | K84: 115 | L84: 80 | M84: 95 | N84: 80 | O84: 90 | P84: 75 | Q84: 2 | R84: 168 | S84: 0097,0044,0242,0052,0245,0424,0053,0172,0394,0270,0336,0043,0833,0514,0179,0046,0157,0088,0036 | T84: 0332,0097,0034,0523,0370,0242,0091,0038,0406,0203,0263,0126,0424,0083,0488,0053,0394,0416,0535,0257,0270,0063,0304,0442,0200,0315,0408,0182,0706,0156,0179,0046,0350,0157,0317,0201,0184,0815,0214,0479,0684,0555,0076,0446,0444,0164,0241,0036,0915,0851,0168,0422,0528,0261 | U84: 0343,0038,0024,0457,0234,0037
A85: 60 | B85: 蚊香蝌蚪 | C85: 水 | D85: 无 | E85: 储水 | F85: 湿气 | G85: 悠游自如 | H85: 水中1 | I85: 无 | J85: 40 | K85: 50 | L85: 40 | M85: 40 | N85: 40 | O85: 90 | P85: 255 | Q85: 0.6 | R85: 12.4 | S85: 0187,0034,0145,0061,0038,0003,0414,0056,0095,0426,0341,0001,0240,0358,0055,0346 | T85: 0133,0213,0059,0034,0523,0445,0886,0590,0091,0291,0038,0104,0414,0227,0283,0203,0263,0264,0218,0258,0114,0270,0237,0056,0058,0196,0710,0067,0330,0341,0189,0363,0182,0094,0240,0156,0216,0496,0503,0290,0214,0173,0164,0057,0207,0129,0036,0851,0168,0092,0127,0352,0311,0250 | U85: 0061,0227,0283,0203,0114,0301,0170,0054,0330,0341,0287,0150,0352,0346 | V85: 0034,0111,0291,0038,0283,0203,0029,0270,0196,0102,0214,0173,0164,0207,0352 | W85: 0117,0174,0149,0099,0130,0186
A86: 61 | B86: 蚊香君 | C86: 水 | D86: 无 | E86: 储水 | F86: 湿气 | G86: 悠游自如 | H86: 水中1 | I86: 无 | J86: 65 | K86: 65 | L86: 65 | M86: 50 | N86: 50 | O86: 90 | P86: 120 | Q86: 1 | R86: 20 | S86: 0187,0034,0145,0061,0038,0003,0414,0056,0095,0426,0341,0001,0240,0358,0055,0346 | T86: 0133,0213,0059,0034,0280,0523,0445,0886,0590,0091,0291,0038,0104,0414,0089,0227,0283,0203,0263,0374,0264,0218,0258,0114,0270,0237,0056,0058,0008,0196,0710,0067,0490,0025,0005,0118,0330,0341,0189,0363,0612,0182,0094,0244,0240,0156,0216,0249,0496,0503,0290,0214,0173,0070,0164,0057,0207,0129,0036,0851,0168,0092,0127,0352,0311,0250 | U86: 0061,0227,0283,0203,0114,0301,0170,0054,0330,0341,0287,0150,0352,0346 | V86: 0034,0068,0111,0291,0038,0283,0203,0264,0029,0270,0008,0196,0025,0005,0118,0102,0189,0069,0214,0173,0164,0207,0352 | W86: 0117,0174,0197,0090,0149,0099,0130,0066
A87: 62 | B87: 蚊香泳士 | C87: 水 | D87: 格斗 | E87: 储水 | F87: 湿气 | G87: 悠游自如 | H87: 水中1 | I87: 无 | J87: 90 | K87: 95 | L87: 95 | M87: 70 | N87: 90 | O87: 70 | P87: 45 | Q87: 1.3 | R87: 54 | S87: 0187,0034,0061,0509,0038,0003,0223,0414,0056,0095,0170,0341,0001,0240,0066,0055 | T87: 0133,0213,0226,0059,0034,0280,0339,0523,0445,0886,0370,0811,0590,0663,0091,0291,0038,0104,0409,0414,0089,0227,0283,0203,0263,0374,0411,0264,0218,0416,0258,0114,0270,0237,0667,0056,0063,0058,0008,0196,0282,0710,0067,0490,0025,0005,0118,0330,0341,0189,0363,0371,0398,0612,0182,0094,0244,0240,0156,0216,0179,0431,0157,0249,0317,0496,0503,0184,0290,0214,0173,0070,0164,0276,0057,0207,0129,0036,0269,0851,0168,0675,0092,0918,0410,0127,0352,0311,0250,0526 | U87: 0061,0227,0283,0203,0114,0301,0170,0054,0330,0341,0287,0150,0352,0346 | V87: 0034,0811,0068,0111,0291,0038,0530,0223,0283,0203,0264,0029,0270,0008,0196,0025,0005,0118,0102,0189,0069,0214,0173,0164,0207,0675,0410,0352 | W87: 0117,0145,0174,0197,0090,0054,0149,0099,0130
A88: 63 | B88: 凯西 | C88: 超能力 | D88: 无 | E88: 同步 | F88: 精神力 | G88: 魔法防守 | H88: 人型 | I88: 无 | J88: 25 | K88: 20 | L88: 15 | M88: 105 | N88: 55 | O88: 90 | P88: 200 | Q88: 0.9 | R88: 19.5 | S88: 0100 | T88: 0502,0213,0034,0347,0445,0451,0590,0605,0104,0409,0138,0373,0227,0203,0412,0263,0007,0148,0374,0264,0492,0218,0447,0385,0237,0008,0231,0113,0478,0025,0005,0118,0363,0384,0182,0094,0678,0244,0473,0240,0278,0115,0156,0216,0496,0219,0290,0247,0351,0285,0214,0289,0173,0683,0164,0241,0207,0129,0269,0477,0168,0009,0086,0259,0092,0161,0271,0433,0472,0428 | U88: 0502,0112,0093,0227,0007,0470,0385,0008,0282,0277,0379,0678,0375,0285,0009 | V88: 0502,0034,0068,0038,0409,0138,0223,0203,0007,0264,0492,0356,0029,0008,0231,0282,0277,0478,0025,0005,0118,0102,0171,0244,0278,0272,0069,0351,0324,0285,0214,0289,0173,0164,0207,0477,0009,0086,0271,0472,0428 | W88: 0117,0174,0149,0099,0130,0066,0036,0192
A89: 64 | B89: 勇基拉 | C89: 超能力 | D89: 无 | E89: 同步 | F89: 精神力 | G89: 魔法防守 | H89: 人型 | I89: 无 | J89: 40 | K89: 35 | L89: 30 | M89: 120 | N89: 70 | O89: 105 | P89: 100 | Q89: 1.3 | R89: 56.5 | S89: 0502,0347,0093,0050,0248,0134,0357,0060,0094,0427,0473,0105,0115,0272,0477,0100,0271 | T89: 0502,0213,0034,0347,0445,0451,0590,0605,0104,0409,0138,0373,0227,0203,0412,0263,0007,0148,0374,0264,0492,0218,0248,0447,0385,0237,0008,0231,0113,0478,0025,0005,0118,0363,0384,0182,0094,0678,0427,0244,0473,0240,0278,0115,0156,0216,0496,0219,0290,0247,0351,0285,0214,0289,0173,0683,0164,0241,0207,0129,0269,0477,0168,0009,0086,0259,0092,0161,0271,0433,0472,0428 | U89: 0502,0112,0093,0227,0007,0470,0385,0008,0282,0277,0379,0678,0375,0285,0009 | V89: 0502,0034,0068,0038,0409,0138,0223,0203,0797,0007,0264,0492,0356,0029,0008,0231,0282,0277,0478,0025,0005,0118,0102,0171,0244,0278,0272,0069,0351,0324,0285,0214,0289,0173,0164,0207,0477,0009,0086,0271,0472,0428 | W89: 0117,0174,0091,0101,0149,0099,0130,0066,0036,0192
A90: 65 | B90: 胡地 | C90: 超能力 | D90: 无 | E90: 同步 | F90: 精神力 | G90: 魔法防守 | H90: 人型 | I90: 无 | J90: 55 | K90: 50 | L90: 45 | M90: 135 | N90: 95 | O90: 120 | P90: 50 | Q90: 1.5 | R90: 48 | S90: 0502,0347,0093,0050,0248,0134,0357,0060,0094,0427,0473,0105,0115,0272,0477,0100,0271 | T90: 0502,0213,0034,0347,0445,0451,0590,0605,0104,0409,0138,0373,0227,0203,0412,0263,0007,0148,0374,0411,0264,0492,0218,0248,0416,0447,0385,0237,0063,0008,0286,0231,0113,0478,0025,0005,0118,0417,0363,0384,0182,0094,0678,0427,0244,0473,0240,0278,0115,0156,0216,0496,0219,0290,0247,0351,0285,0214,0289,0173,0683,0500,0164,0241,0207,0129,0269,0477,0168,0009,0086,0259,0092,0161,0271,0433,0472,0428 | U90: 0502,0112,0093,0227,0007,0470,0385,0008,0282,0277,0379,0678,0375,0285,0009 | V90: 0502,0034,0068,0038,0409,0138,0223,0203,0797,0007,0264,0492,0356,0029,0008,0231,0282,0673,0277,0478,0025,0005,0118,0102,0171,0244,0278,0272,0069,0351,0324,0285,0214,0289,0173,0164,0207,0477,0009,0086,0271,0472,0428 | W90: 0112,0117,0174,0091,0101,0149,0099,0130,0066,0036,0192
A91: 65.1 | B91: 超级胡地 | C91: 超能力 | D91: 无 | E91: 复制 | F91: 复制 | G91: 复制 | H91: 人型 | I91: 无 | J91: 55 | K91: 50 | L91: 65 | M91: 175 | N91: 105 | O91: 150 | P91: 50 | Q91: 1.2 | R91: 48
A92: 66 | B92: 腕力 | C92: 格斗 | D92: 无 | E92: 毅力 | F92: 无防守 | G92: 不屈之心 | H92: 人型 | I92: 无 | J92: 70 | K92: 80 | L92: 50 | M92: 35 | N92: 35 | O92: 35 | P92: 180 | Q92: 0.8 | R92: 19.5 | S92: 0339,0238,0038,0530,0223,0116,0193,0002,0282,0043,0067,0490,0279,0184,0069,0070,0066,0233,0358 | T92: 0213,0034,0280,0339,0523,0445,0370,0590,0091,0104,0089,0227,0203,0263,0126,0007,0053,0374,0411,0116,0264,0218,0484,0270,0237,0008,0510,0113,0067,0490,0025,0005,0118,0363,0371,0398,0612,0182,0240,0156,0514,0216,0279,0179,0431,0157,0249,0317,0496,0184,0290,0214,0479,0173,0070,0164,0241,0276,0207,0168,0009,0092,0526 | U92: 0418,0370,0068,0227,0007,0484,0008,0282,0113,0096,0379,0501,0157,0027,0265,0066,0009,0321 | V92: 0034,0811,0068,0038,0530,0223,0203,0007,0264,0029,0270,0008,0282,0067,0025,0005,0118,0102,0189,0157,0272,0069,0214,0173,0164,0276,0207,0009,0410 | W92: 0117,0174,0197,0090,0099,0130,0036
A93: 67 | B93: 豪力 | C93: 格斗 | D93: 无 | E93: 毅力 | F93: 无防守 | G93: 不屈之心 | H93: 人型 | I93: 无 | J93: 80 | K93: 100 | L93: 70 | M93: 50 | N93: 60 | O93: 45 | P93: 90 | Q93: 1.5 | R93: 70.5 | S93: 0339,0238,0038,0530,0223,0116,0193,0002,0282,0043,0067,0490,0279,0184,0069,0070,0066,0233,0358 | T93: 0213,0034,0280,0339,0523,0445,0370,0590,0091,0104,0089,0227,0203,0263,0126,0007,0053,0374,0411,0116,0264,0218,0484,0270,0237,0008,0510,0113,0067,0490,0025,0005,0118,0363,0371,0398,0612,0182,0240,0156,0514,0216,0279,0179,0431,0157,0249,0317,0496,0184,0290,0214,0479,0173,0707,0070,0164,0241,0276,0207,0168,0009,0092,0526 | U93: 0418,0370,0068,0227,0007,0484,0008,0282,0113,0096,0379,0501,0157,0027,0265,0066,0009,0321 | V93: 0034,0811,0068,0038,0530,0223,0203,0007,0264,0029,0270,0008,0282,0067,0025,0005,0118,0102,0189,0157,0272,0069,0214,0173,0707,0164,0276,0207,0009,0410 | W93: 0117,0174,0197,0090,0099,0130,0036
A94: 68 | B94: 怪力 | C94: 格斗 | D94: 无 | E94: 毅力 | F94: 无防守 | G94: 不屈之心 | H94: 人型 | I94: 无 | J94: 90 | K94: 130 | L94: 80 | M94: 65 | N94: 85 | O94: 55 | P94: 45 | Q94: 1.6 | R94: 130 | S94: 0339,0238,0038,0530,0223,0116,0193,0002,0282,0043,0067,0490,0279,0184,0069,0070,0066,0233,0358,0469 | T94: 0372,0213,0034,0280,0339,0523,0445,0370,0590,0440,0663,0091,0104,0089,0227,0203,0263,0126,0007,0053,0374,0411,0116,0264,0218,0416,0484,0270,0237,0667,0063,0008,0510,0113,0067,0490,0025,0005,0118,0363,0371,0398,0612,0182,0240,0156,0514,0216,0279,0179,0350,0431,0157,0249,0317,0496,0184,0290,0214,0479,0173,0707,0444,0070,0164,0241,0276,0207,0168,0675,0009,0092,0526 | U94: 0418,0370,0068,0227,0007,0484,0008,0282,0113,0096,0379,0501,0157,0027,0265,0066,0009,0321 | V94: 0034,0811,0068,0038,0530,0223,0203,0007,0264,0029,0270,0008,0282,0067,0025,0005,0118,0102,0189,0157,0272,0069,0214,0173,0707,0164,0276,0207,0675,0009,0410 | W94: 0117,0174,0197,0090,0501,0099,0130,0036
A95: 69 | B95: 喇叭芽 | C95: 草 | D95: 毒 | E95: 叶绿素 | F95: 叶绿素 | G95: 贪吃鬼 | H95: 植物 | I95: 无 | J95: 50 | K95: 75 | L95: 35 | M95: 70 | N95: 30 | O95: 40 | P95: 255 | Q95: 0.7 | R95: 4 | S95: 0051,0380,0074,0282,0398,0077,0438,0075,0021,0079,0078,0230,0022,0035,0378 | T95: 0491,0213,0331,0445,0590,0015,0104,0227,0203,0412,0263,0148,0218,0202,0447,0803,0580,0237,0611,0282,0437,0141,0679,0345,0363,0267,0398,0884,0182,0115,0156,0216,0496,0290,0402,0214,0188,0482,0076,0164,0241,0207,0014,0851,0168,0092,0885,0474,0311 | U95: 0491,0562,0331,0499,0227,0202,0275,0141,0345,0363,0438,0115,0668,0389,0014,0235,0321,0311,0388 | V95: 0020,0038,0203,0380,0202,0282,0102,0402,0214,0173,0164,0389,0207,0014,0235,0388 | W95: 0117,0174,0029,0072,0099,0036,0298
A96: 70 | B96: 口呆花 | C96: 草 | D96: 毒 | E96: 叶绿素 | F96: 叶绿素 | G96: 贪吃鬼 | H96: 植物 | I96: 无 | J96: 65 | K96: 90 | L96: 50 | M96: 85 | N96: 45 | O96: 55 | P96: 120 | Q96: 1 | R96: 6.4 | S96: 0051,0380,0074,0282,0398,0077,0438,0075,0021,0079,0078,0230,0022,0035,0378 | T96: 0491,0213,0034,0450,0331,0445,0590,0015,0104,0227,0203,0412,0263,0148,0218,0202,0447,0803,0580,0237,0611,0282,0437,0141,0679,0345,0363,0267,0398,0884,0182,0115,0156,0216,0496,0290,0402,0214,0188,0482,0076,0164,0241,0207,0129,0014,0851,0168,0092,0885,0474,0311 | U96: 0491,0562,0331,0499,0227,0202,0275,0141,0345,0363,0438,0115,0668,0389,0014,0235,0321,0311,0388 | V96: 0020,0450,0038,0203,0380,0202,0282,0102,0402,0214,0173,0164,0389,0207,0014,0235,0388 | W96: 0117,0174,0029,0072,0234,0099,0036
A97: 71 | B97: 大食花 | C97: 草 | D97: 毒 | E97: 叶绿素 | F97: 叶绿素 | G97: 贪吃鬼 | H97: 植物 | I97: 无 | J97: 80 | K97: 105 | L97: 65 | M97: 100 | N97: 70 | O97: 70 | P97: 45 | Q97: 1.7 | R97: 15.5 | S97: 0380,0348,0437,0536,0438,0075,0079,0255,0254,0256,0230,0022 | T97: 0491,0213,0034,0450,0331,0445,0590,0015,0104,0227,0203,0412,0263,0148,0218,0202,0416,0447,0803,0580,0237,0063,0611,0282,0437,0141,0679,0345,0363,0267,0398,0884,0182,0115,0156,0216,0496,0184,0290,0402,0214,0188,0482,0076,0164,0241,0207,0129,0014,0851,0168,0092,0885,0474,0311 | U97: 0491,0562,0331,0499,0227,0202,0275,0141,0345,0363,0438,0115,0668,0389,0014,0235,0321,0311,0388 | V97: 0020,0034,0450,0038,0203,0380,0202,0282,0102,0402,0214,0173,0164,0389,0207,0014,0235,0388 | W97: 0051,0117,0499,0174,0074,0029,0072,0077,0099,0078,0036,0035
A98: 71.1 | B98: 超级大食花 | C98: 草 | D98: 毒 | E98: 飞出的内在物 | F98: 飞出的内在物 | G98: 飞出的内在物 | H98: 植物 | I98: 无 | J98: 80 | K98: 125 | L98: 85 | M98: 135 | N98: 95 | O98: 70 | P98: 45 | Q98: 4.5 | R98: 125.5
A99: 72 | B99: 玛瑙水母 | C99: 水 | D99: 毒 | E99: 恒净之躯 | F99: 污泥浆 | G99: 雨盘 | H99: 水中3 | I99: 无 | J99: 40 | K99: 40 | L99: 35 | M99: 50 | N99: 100 | O99: 70 | P99: 190 | Q99: 0.9 | R99: 45.5 | S99: 0051,0151,0491,0112,0362,0061,0132,0506,0056,0398,0040,0103,0482,0048,0057,0390,0055,0352,0035,0378 | T99: 0491,0213,0059,0362,0693,0445,0886,0590,0109,0440,0015,0605,0291,0104,0203,0263,0812,0218,0202,0441,0258,0114,0506,0237,0056,0058,0196,0611,0282,0710,0330,0341,0363,0371,0398,0884,0182,0240,0156,0216,0496,0219,0503,0103,0290,0214,0188,0482,0173,0164,0057,0207,0129,0014,0851,0168,0675,0092,0390,0474,0127,0352,0250 | U99: 0367,0392,0062,0145,0109,0114,0282,0243,0330,0229,0219,0321 | V99: 0020,0291,0038,0203,0202,0196,0282,0277,0102,0214,0173,0164,0207,0014,0352 | W99: 0117,0174,0029,0072,0099,0115,0130,0036
A100: 73 | B100: 毒刺水母 | C100: 水 | D100: 毒 | E100: 恒净之躯 | F100: 污泥浆 | G100: 雨盘 | H100: 水中3 | I100: 无 | J100: 80 | K100: 70 | L100: 65 | M100: 80 | N100: 120 | O100: 100 | P100: 60 | Q100: 1.6 | R100: 55 | S100: 0051,0151,0491,0112,0362,0061,0132,0506,0056,0398,0040,0513,0103,0482,0048,0057,0390,0055,0352,0035,0378 | T100: 0491,0213,0059,0362,0693,0445,0886,0590,0109,0440,0015,0605,0291,0104,0203,0263,0812,0218,0202,0416,0441,0258,0114,0506,0237,0056,0063,0058,0196,0611,0282,0710,0330,0341,0363,0371,0398,0884,0182,0240,0156,0216,0496,0219,0503,0184,0103,0290,0806,0214,0188,0482,0173,0164,0057,0207,0129,0014,0851,0168,0675,0092,0390,0599,0474,0127,0352,0311,0250 | U100: 0367,0392,0062,0145,0109,0114,0282,0243,0330,0229,0219,0321 | V100: 0020,0810,0291,0038,0203,0202,0196,0282,0277,0102,0214,0173,0164,0207,0014,0352 | W100: 0117,0174,0029,0072,0243,0099,0115,0130,0036
A101: 74 | B101: 小拳石 | C101: 岩石 | D101: 地面 | E101: 坚硬脑袋 | F101: 结实 | G101: 沙隐 | H101: 矿物 | I101: 无 | J101: 40 | K101: 80 | L101: 100 | M101: 30 | N101: 30 | O101: 20 | P101: 255 | Q101: 0.4 | R101: 20 | S101: 0523,0111,0038,0089,0153,0222,0300,0350,0397,0088,0205,0120,0479,0446,0444,0033 | T101: 0213,0034,0280,0523,0445,0590,0174,0091,0038,0104,0414,0089,0203,0153,0263,0126,0007,0053,0374,0264,0218,0360,0237,0667,0510,0334,0005,0118,0341,0189,0363,0267,0612,0182,0156,0216,0350,0431,0397,0157,0249,0317,0496,0201,0184,0290,0214,0479,0446,0707,0444,0070,0164,0241,0207,0036,0851,0009,0092 | U101: 0475,0335,0174,0223,0203,0175,0264,0359,0005,0431,0157,0469 | V101: 0246,0335,0034,0068,0111,0038,0223,0414,0203,0153,0007,0264,0029,0334,0005,0118,0102,0189,0157,0205,0069,0120,0214,0173,0446,0164,0389,0276,0207,0009 | W101: 0117,0090,0106,0099,0028,0066
A102: 74.1 | B102: 小拳石-阿罗拉的样子 | C102: 岩石 | D102: 电 | E102: 磁力 | F102: 结实 | G102: 电气皮肤 | H102: 矿物 | I102: 无 | J102: 40 | K102: 80 | L102: 100 | M102: 30 | N102: 30 | O102: 20 | P102: 255 | Q102: 0.4 | R102: 20.3 | S102: 0268,0111,0435,0038,0153,0350,0397,0088,0205,0120,0479,0209,0446,0444,0033,0009 | T102: 0213,0034,0280,0693,0523,0268,0451,0590,0174,0091,0038,0104,0414,0089,0527,0203,0153,0263,0126,0007,0053,0374,0264,0218,0360,0237,0667,0334,0341,0189,0267,0182,0156,0216,0350,0397,0157,0317,0496,0201,0214,0479,0446,0444,0164,0241,0916,0207,0036,0851,0087,0085,0009,0086,0092,0521,0528 | U102: 0475,0335,0068,0174,0203,0175,0393,0431,0103,0469,0192 | V102: 0335,0414,0527,0007,0264,0334,0393,0173,0446,0276,0009 | W102: 0117,0029,0069,0084
...

Sheet 招式表
A1: 编号 | B1: 英文名称 | C1: 名称 | D1: 属性 | E1: 分类 | F1: 威力 | G1: 威力骰 | H1: 命中 | I1: 命中骰 | J1: PP | K1: 消耗 | L1: 作用距离 | M1: 优先度 | N1: 说明 | O1: 其他分类
A2: 0001 | B2: Pound | C2: 拍击 | D2: 一般 | E2: 物理 | F2: 40 | G2: 1D8 | H2: 100 | I2: D20+6 | J2: 35 | K2: 2 | L2: 临近 | M2: 0 | N2: 使用长长的尾巴或手等拍打对手进行攻击。对临近的1个目标造成1D8的一般属性物理伤害。 | O2: 接触
A3: 0002 | B3: KarateChop | C3: 空手劈 | D3: 格斗 | E3: 物理 | F3: 50 | G3: 1D10 | H3: 100 | I3: D20+6 | J3: 25 | K3: 4 | L3: 临近 | M3: 0 | N3: 用锋利的手刀劈向对手进行攻击。对临近的1个目标造成1D10的格斗属性物理伤害。该招式额外具有1级击中要害等级。 | O3: 接触
A4: 0003 | B4: DoubleSlap | C4: 连环巴掌 | D4: 一般 | E4: 物理 | F4: 15 | G4: 1D4 | H4: 85 | I4: D20+3 | J4: 10 | K4: 5 | L4: 临近 | M4: 0 | N4: 用连环巴掌拍打对手进行攻击。对临近的1个目标进行2~5次攻击，每进行一次攻击就对目标造成1D4的一般属性物理伤害。投掷1D8判定攻击的次数，出目为1～3时攻击2次、4～6时攻击3次、7时攻击4次、8时攻击5次。 | O4: 接触 连续攻击
A5: 0004 | B5: CometPunch | C5: 连续拳 | D5: 一般 | E5: 物理 | F5: 18 | G5: 1D4 | H5: 85 | I5: D20+3 | J5: 15 | K5: 5 | L5: 临近 | M5: 0 | N5: 用拳头连续对临近的1个目标进行攻击。对临近的1个目标进行2~5次攻击，每进行一次攻击，就对目标造成1D4的一般属性物理伤害。投掷1D8进行判定攻击的次数，出目为1～3时攻击2次，4～6时攻击3次，7时攻击4次，8时攻击5次。 | O5: 接触 连续攻击 拳
A6: 0005 | B6: MegaPunch | C6: 百万吨重拳 | D6: 一般 | E6: 物理 | F6: 80 | G6: 2D8 | H6: 85 | I6: D20+3 | J6: 20 | K6: 6 | L6: 临近 | M6: 0 | N6: 用充满力量的拳头攻击对手。对临近的1个目标造成2D8的一般属性物理伤害。 | O6: 接触 拳
A7: 0006 | B7: PayDay | C7: 聚宝功 | D7: 一般 | E7: 物理 | F7: 40 | G7: 1D8 | H7: 100 | I7: D20+6 | J7: 20 | K7: 4 | L7: 临近 | M7: 0 | N7: 向对手的身体投掷小金币进行攻击。对3格内的1个目标造成1D8的一般属性物理伤害。在使用该招式后，战斗结束时可以获得与牵绊等级×10的宝可元。
A8: 0007 | B8: FirePunch | C8: 火焰拳 | D8: 火 | E8: 物理 | F8: 75 | G8: 2D4+1D6 | H8: 100 | I8: D20+6 | J8: 15 | K8: 6 | L8: 临近 | M8: 0 | N8: 用充满火焰的拳头攻击对手。 对临近的1个目标造成2D4+1D6的火属性物理伤害。攻击命中后进行DC19的检定，检定成功则使目标陷入灼伤状态。 | O8: 接触 拳 追加效果
A9: 0008 | B9: IcePunch | C9: 冰冻拳 | D9: 冰 | E9: 物理 | F9: 75 | G9: 2D4+1D6 | H9: 100 | I9: D20+6 | J9: 15 | K9: 6 | L9: 临近 | M9: 0 | N9: 用充满寒气的拳头攻击对手。对临近的1个目标造成2D4+1D6的冰属性物理伤害。攻击命中后进行DC19的检定，检定成功则使目标陷入冰冻状态。 | O9: 接触 拳 追加效果
A10: 0009 | B10: ThunderPunch | C10: 雷电拳 | D10: 电 | E10: 物理 | F10: 75 | G10: 2D4+1D6 | H10: 100 | I10: D20+6 | J10: 15 | K10: 6 | L10: 临近 | M10: 0 | N10: 用充满电流的拳头攻击对手。对临近的1个目标造成2D4+1D6的电属性物理伤害。攻击命中后进行DC19的检定，检定成功则使目标陷入麻痹状态。 | O10: 接触 拳 追加效果
A11: 0010 | B11: Scratch | C11: 抓 | D11: 一般 | E11: 物理 | F11: 40 | G11: 1D8 | H11: 100 | I11: D20+6 | J11: 35 | K11: 2 | L11: 临近 | M11: 0 | N11: 用坚硬且无比锋利的爪子抓对手进行攻击。对临近的1个目标造成1D8的一般属性物理伤害。 | O11: 接触
A12: 0011 | B12: ViseGrip | C12: 夹住 | D12: 一般 | E12: 物理 | F12: 55 | G12: 1D6+1D4 | H12: 100 | I12: D20+6 | J12: 30 | K12: 4 | L12: 临近 | M12: 0 | N12: 将对手从两侧夹住进行攻击。对临近的1个目标造成1D6+1D4的一般属性物理伤害。 | O12: 接触
A13: 0012 | B13: Guillotine | C13: 极落钳 | D13: 一般 | E13: 物理 | F13: 变化 | G13: MAX | H13: 变化 | I13: D20-10 | J13: 5 | K13: 8 | L13: 临近 | M13: 0 | N13: 用大钳子或剪刀等夹断对手进行攻击。对临近的1个目标造成等同于目标最大HP的固定伤害。该招式不计算任何命中与闪避的加成，只以基础值进行命中判定。 | O13: 接触
A14: 0012.1 | C14: 断头钳 | D14: 一般 | E14: 物理 | F14: 变化 | G14: MAX | H14: 变化 | I14: D20-10 | J14: 5 | K14: 8 | L14: 临近 | M14: 0 | N14: 用大钳子或剪刀等夹断对手进行攻击。对临近的1个目标造成等同于目标最大HP的固定伤害。该招式不计算任何命中与闪避的加成，只以基础值进行命中判定。 | O14: 接触
A15: 0013 | B15: RazorWind | C15: 旋风刀 | D15: 一般 | E15: 特殊 | F15: 80 | G15: 2D8 | H15: 100 | I15: D20+6 | J15: 10 | K15: 6 | L15: 5 | M15: 0 | N15: 制造风之刃，在第1回合进行蓄力，于第2回合攻击对手。对5格内的一处2x2矩形区域内的所有单位造成2D8点一般属性特殊伤害。该招式额外具有1级击中要害等级。
A16: 0014 | B16: SwordsDance | C16: 剑舞 | D16: 一般 | E16: 变化 | F16: — | G16: — | H16: — | I16: — | J16: 20 | K16: 6 | L16: 自身 | M16: 0 | N16: 激烈地跳起战舞提高气势。使自身的攻击上升2级。 | O16: 跳舞
A17: 0015 | B17: Cut | C17: 居合劈 | D17: 一般 | E17: 物理 | F17: 50 | G17: 1D10 | H17: 95 | I17: D20+5 | J17: 30 | K17: 4 | L17: 临近 | M17: 0 | N17: 用镰刀或爪子等切斩对手进行攻击。对临近的1个目标造成1D10的一般属性物理伤害。 | O17: 接触 切割
A18: 0015.1 | C18: 居合斩 | D18: 一般 | E18: 物理 | F18: 50 | G18: 1D10 | H18: 95 | I18: D20+5 | J18: 30 | K18: 4 | L18: 临近 | M18: 0 | N18: 用镰刀或爪子等切斩对手进行攻击。对临近的1个目标造成1D10的一般属性物理伤害。 | O18: 接触 切割
A19: 0016 | B19: Gust | C19: 起风 | D19: 飞行 | E19: 特殊 | F19: 40 | G19: 1D8 | H19: 100 | I19: D20+6 | J19: 35 | K19: 2 | L19: 3 | M19: 0 | N19: 用翅膀将刮起的狂风袭向对手进行攻击。对直线3格内的第1个目标造成1D8的飞行属性特殊伤害。 | O19: 风
A20: 0017 | B20: WingAttack | C20: 翅膀攻击 | D20: 飞行 | E20: 物理 | F20: 60 | G20: 2D6 | H20: 100 | I20: D20+6 | J20: 35 | K20: 5 | L20: 临近 | M20: 0 | N20: 大大地展开美丽的翅膀，将其撞向对手进行攻击。对临近的1个目标造成2D6的飞行属性物理伤害。 | O20: 接触
A21: 0018 | B21: Whirlwind | C21: 吹飞 | D21: 一般 | E21: 变化 | F21: — | G21: — | H21: 100 | I21: 必中 | J21: 20 | K21: 5 | L21: 4 | M21: -6 | N21: 吹飞对手。使直线4格内的第1个目标后退至距离自身至多4格的位置，或使其逃脱。这个招式的优先度-6。 | O21: 风
A22: 0019 | B22: Fly | C22: 飞翔 | D22: 飞行 | E22: 物理 | F22: 90 | G22: 3D6 | H22: 95 | I22: D20+5 | J22: 15 | K22: 6 | L22: 临近 | M22: 0 | N22: 第1回合飞上天空，进入潜行状态，第2回合俯冲进行攻击。对临近的1个目标造成3D6的飞行属性物理伤害。 | O22: 接触
A23: 0020 | B23: Bind | C23: 绑紧 | D23: 一般 | E23: 物理 | F23: 15 | G23: 1D4 | H23: 85 | I23: D20+3 | J23: 20 | K23: 5 | L23: 临近 | M23: 0 | N23: 使用长长的身体或藤蔓绑紧对手进行攻击。对临近的1个目标造成1D4的一般属性物理伤害。并使目标陷入束缚状态，可以选择以自身作为束缚源。 | O23: 接触
A24: 0021 | B24: Slam | C24: 摔打 | D24: 一般 | E24: 物理 | F24: 80 | G24: 2D8 | H24: 75 | I24: D20+1 | J24: 20 | K24: 6 | L24: 临近 | M24: 0 | N24: 使用长长的尾巴或藤蔓等摔打对手进行攻击。对临近的1个目标造成2D8的一般属性物理伤害。 | O24: 接触
A25: 0022 | B25: VineWhip | C25: 藤鞭 | D25: 草 | E25: 物理 | F25: 45 | G25: 2D4 | H25: 100 | I25: D20+6 | J25: 25 | K25: 3 | L25: 3 | M25: 0 | N25: 用如同鞭子般弯曲而细长的藤蔓摔打对手进行攻击。对直线3格内的第1个目标，或自身前方扇形1格内的所有单位造成2D4的草属性物理伤害。 | O25: 接触
A26: 0023 | B26: Stomp | C26: 踩踏 | D26: 一般 | E26: 物理 | F26: 65 | G26: 3D4 | H26: 100 | I26: D20+6 | J26: 20 | K26: 5 | L26: 临近 | M26: 0 | N26: 用大脚踩踏对手进行攻击。对临近的1个目标造成3D4的一般属性物理伤害。攻击命中后进行DC15的检定，检定成功则使目标陷入畏缩状态。 | O26: 接触 压击 追加效果
A27: 0024 | B27: DoubleKick | C27: 二连踢 | D27: 格斗 | E27: 物理 | F27: 30 | G27: 1D6 | H27: 100 | I27: D20+6 | J27: 30 | K27: 5 | L27: 临近 | M27: 0 | N27: 用2只脚踢飞对手进行攻击。对临近的1个目标连续攻击2次，每次攻击造成1D6的格斗属性物理伤害。 | O27: 接触 连续攻击
A28: 0025 | B28: MegaKick | C28: 百万吨重踢 | D28: 一般 | E28: 物理 | F28: 120 | G28: 3D8 | H28: 75 | I28: D20+1 | J28: 5 | K28: 8 | L28: 临近 | M28: 0 | N28: 使出力大无穷的重踢踢飞对手进行攻击。对临近的1个目标造成3D8的一般属性物理伤害。 | O28: 接触
A29: 0026 | B29: JumpKick | C29: 飞踢 | D29: 格斗 | E29: 物理 | F29: 100 | G29: 2D10 | H29: 95 | I29: D20+5 | J29: 10 | K29: 7 | L29: 临近 | M29: 0 | N29: 使出高高的腾空踢攻击对手。突进2格后对临近的1个目标造成2D10的格斗属性物理伤害。命中后自身也会受到2D10+体力调整值的伤害。 | O29: 接触 反作用
A30: 0027 | B30: RollingKick | C30: 回旋踢 | D30: 格斗 | E30: 物理 | F30: 60 | G30: 2D6 | H30: 85 | I30: D20+3 | J30: 15 | K30: 5 | L30: 临近 | M30: 0 | N30: 一边使身体快速旋转一边踢飞对手进行攻击。对临近的1个目标造成2D6的格斗属性物理伤害。攻击命中后进行DC15的检定，检定成功则使目标陷入畏缩状态。 | O30: 接触 追加效果
A31: 0028 | B31: SandAttack | C31: 泼沙 | D31: 地面 | E31: 变化 | F31: — | G31: — | H31: 100 | I31: D20+6 | J31: 15 | K31: 4 | L31: 2 | M31: 0 | N31: 向对手脸上泼沙子。使直线2格内的第1个目标命中降低1级。
A32: 0029 | B32: Headbutt | C32: 头锤 | D32: 一般 | E32: 物理 | F32: 70 | G32: 1D8+1D6 | H32: 100 | I32: D20+6 | J32: 15 | K32: 6 | L32: 临近 | M32: 0 | N32: 将头伸出笔直地扑向对手进行攻击。对临近的1个目标造成1D8+1D6的一般属性物理伤害。攻击命中后进行DC15的检定，检定成功则使目标陷入畏缩状态。 | O32: 接触 追加效果
A33: 0030 | B33: HornAttack | C33: 角撞 | D33: 一般 | E33: 物理 | F33: 65 | G33: 3D4 | H33: 100 | I33: D20+6 | J33: 25 | K33: 5 | L33: 临近 | M33: 0 | N33: 用尖锐的角刺向临近的1个目标进行攻击。对目标造成3D4的一般属性物理伤害。 | O33: 接触
A34: 0031 | B34: FuryAttack | C34: 乱击 | D34: 一般 | E34: 物理 | F34: 15 | G34: 1D4 | H34: 85 | I34: D20+3 | J34: 20 | K34: 5 | L34: 临近 | M34: 0 | N34: 用角或喙刺向对手进行攻击。对临近的1个目标进行2~5次攻击，每进行一次攻击，就对目标造成1D4的一般属性物理伤害。投掷1D8进行判定攻击的次数，出目为1～3时攻击2次，4～6时攻击3次，7时攻击4次，8时攻击5次。 | O34: 接触 连续攻击
A35: 0032 | B35: HornDrill | C35: 角钻 | D35: 一般 | E35: 物理 | F35: 变化 | G35: MAX | H35: 变化 | I35: D20-10 | J35: 5 | K35: 8 | L35: 临近 | M35: 0 | N35: 用旋转的角刺入对手进行攻击。对临近的1个目标造成等同于目标最大HP的固定伤害。该招式不计算任何命中与闪避的加成，只以基础值进行命中判定。 | O35: 接触
A36: 0033 | B36: Tackle | C36: 撞击 | D36: 一般 | E36: 物理 | F36: 40 | G36: 1D8 | H36: 100 | I36: D20+6 | J36: 35 | K36: 2 | L36: 临近 | M36: 0 | N36: 用整个身体撞向对手进行攻击。对临近的1个目标造成1D8的一般属性物理伤害。 | O36: 接触
A37: 0034 | B37: BodySlam | C37: 泰山压顶 | D37: 一般 | E37: 物理 | F37: 85 | G37: 2D6+1D4 | H37: 100 | I37: D20+6 | J37: 15 | K37: 6 | L37: 临近 | M37: 0 | N37: 用整个身体压住对手进行攻击。对临近的1个目标造成2D6+1D4的一般属性物理伤害。攻击命中后进行DC15的检定，检定成功则让对手陷入麻痹状态。 | O37: 接触 压击 追加效果
A38: 0035 | B38: Wrap | C38: 紧束 | D38: 一般 | E38: 物理 | F38: 15 | G38: 1D4 | H38: 90 | I38: D20+4 | J38: 20 | K38: 5 | L38: 临近 | M38: 0 | N38: 使用长长的身体或藤蔓等紧束对手进行攻击。对临近的1个目标造成1D4的一般属性物理伤害。并使目标陷入束缚状态，可以选择以自身为束缚源。 | O38: 接触
A39: 0036 | B39: TakeDown | C39: 猛撞 | D39: 一般 | E39: 物理 | F39: 90 | G39: 3D6 | H39: 85 | I39: D20+3 | J39: 20 | K39: 6 | L39: 临近 | M39: 0 | N39: 以惊人的气势撞向对手进行攻击。突进2格后对临近的1个目标造成3D6的一般属性物理伤害。攻击命中后自身也会受到造成的伤害1/4的固定伤害。 | O39: 接触 反作用
A40: 0037 | B40: Thrash | C40: 大闹一番 | D40: 一般 | E40: 物理 | F40: 120 | G40: 3D8 | H40: 100 | I40: D20+6 | J40: 10 | K40: 7 | L40: 临近 | M40: 0 | N40: 乱打一气地攻击对手。对临近的所有单位造成3D8的一般属性物理伤害。并且使自身进入2回合的热衷状态。 | O40: 接触
A41: 0038 | B41: DoubleEdge | C41: 舍身冲撞 | D41: 一般 | E41: 物理 | F41: 120 | G41: 3D8 | H41: 100 | I41: D20+6 | J41: 15 | K41: 7 | L41: 临近 | M41: 0 | N41: 拼命地猛撞向对手进行攻击。突进3格后对临近的1个目标造成3D8的一般属性物理伤害。攻击命中后自身也会受到造成的伤害1/3的固定伤害。 | O41: 接触 反作用
A42: 0039 | B42: TailWhip | C42: 摇尾巴 | D42: 一般 | E42: 变化 | F42: — | G42: — | H42: 100 | I42: D20+6 | J42: 30 | K42: 3 | L42: 4 | M42: 0 | N42: 可爱地左右摇晃尾巴诱使对手疏忽大意。使锥形4格内的所有单位的防御下降1级。
A43: 0040 | B43: PoisonSting | C43: 毒针 | D43: 毒 | E43: 物理 | F43: 15 | G43: 1D4 | H43: 100 | I43: D20+6 | J43: 35 | K43: 2 | L43: 2 | M43: 0 | N43: 射出有毒的针刺进行攻击。对直线2格内的第1个目标造成1D4的毒属性物理伤害。攻击命中后进行DC15的检定，检定成功则让对手陷入中毒状态。 | O43: 追加效果
A44: 0041 | B44: Twineedle | C44: 双针 | D44: 虫 | E44: 物理 | F44: 25 | G44: 1D4 | H44: 100 | I44: D20+6 | J44: 20 | K44: 5 | L44: 临近 | M44: 0 | N44: 用2根针刺向对手进行攻击。对临近的1个目标连续攻击2次，每次攻击造成1D4的虫属性物理伤害。每次攻击命中后进行DC17的检定，检定成功则让对手陷入中毒状态。 | O44: 连续攻击 追加效果
A45: 0042 | B45: PinMissile | C45: 飞弹针 | D45: 虫 | E45: 物理 | F45: 25 | G45: 1D4 | H45: 95 | I45: D20+5 | J45: 20 | K45: 5 | L45: 3 | M45: 0 | N45: 向对手发射锐针进行攻击。对3格内的1个目标进行2~5次攻击，每进行一次攻击，就对目标造成1D4的虫属性物理伤害。投掷1D8进行判定攻击的次数，出目为1～3时攻击2次，4～6时攻击3次，7时攻击4次，8时攻击5次。 | O45: 连续攻击
A46: 0043 | B46: Leer | C46: 瞪眼 | D46: 一般 | E46: 变化 | F46: — | G46: — | H46: 100 | I46: D20+6 | J46: 30 | K46: 3 | L46: 4 | M46: 0 | N46: 用犀利的眼神使对手害怕。使4格内的1个目标的防御下降1级。
A47: 0044 | B47: Bite | C47: 咬住 | D47: 恶 | E47: 物理 | F47: 60 | G47: 2D6 | H47: 100 | I47: D20+6 | J47: 25 | K47: 5 | L47: 临近 | M47: 0 | N47: 用尖锐的牙咬住对手进行攻击。对临近的1个目标造成2D6的恶属性物理伤害。攻击命中后进行DC15的检定，检定成功则让对手陷入畏缩状态。 | O47: 接触 啃咬 追加效果
A48: 0045 | B48: Growl | C48: 叫声 | D48: 一般 | E48: 变化 | F48: — | G48: — | H48: 100 | I48: D20+6 | J48: 40 | K48: 3 | L48: 4 | M48: 0 | N48: 发出可爱的叫声，引开注意力力使对手放松警惕。使锥形4格内的所有单位的攻击下降1级。 | O48: 声音
A49: 0046 | B49: Roar | C49: 吼叫 | D49: 一般 | E49: 变化 | F49: — | G49: — | H49: — | I49: — | J49: 20 | K49: 5 | L49: 4 | M49: -6 | N49: 发出吼叫吓退对手。使锥形4格内的1个目标后退至距离自身至多4格的位置，或使其逃脱。这个招式的优先度-6。 | O49: 声音
A50: 0047 | B50: Sing | C50: 唱歌 | D50: 一般 | E50: 变化 | F50: — | G50: — | H50: 55 | I50: D20-3 | J50: 15 | K50: 5 | L50: 4 | M50: 0 | N50: 唱起舒适美妙的歌声。使以自身为中心9x9圆形范围内的所有单位陷入2回合睡眠状态。 | O50: 声音
A51: 0048 | B51: Supersonic | C51: 超音波 | D51: 一般 | E51: 变化 | F51: — | G51: — | H51: 55 | I51: D20-3 | J51: 20 | K51: 5 | L51: 4 | M51: 0 | N51: 发出特殊的音波。使直线4格内的第1个目标陷入1D4回合混乱状态。 | O51: 声音
A52: 0049 | B52: SonicBoom | C52: 音爆 | D52: 一般 | E52: 特殊 | F52: 变化 | G52: 固定伤害 | H52: 90 | I52: D20+4 | J52: 20 | K52: 5 | L52: 3 | M52: 0 | N52: 将冲击波撞向对手进行攻击。对直线3格内的第1个目标造成6点固定伤害。
A53: 0050 | B53: Disable | C53: 定身法 | D53: 一般 | E53: 变化 | F53: — | G53: — | H53: 100 | I53: D20+6 | J53: 20 | K53: 5 | L53: 4 | M53: 0 | N53: 阻碍目标行动。使4格内的1个目标陷入4回合定身法状态。处于该状态的宝可梦无法使用在进入该状态之前使出的招式。 | O53: 心神
A54: 0051 | B54: Acid | C54: 溶解液 | D54: 毒 | E54: 特殊 | F54: 40 | G54: 1D8 | H54: 100 | I54: D20+6 | J54: 30 | K54: 3 | L54: 3 | M54: 0 | N54: 将强酸泼向对手进行攻击。对直线3格内的第1个目标造成1D8的毒属性特殊伤害。攻击命中后进行DC19的检定，检定成功则使目标的特防下降1级。 | O54: 追加效果
A55: 0052 | B55: Ember | C55: 火花 | D55: 火 | E55: 特殊 | F55: 40 | G55: 1D8 | H55: 100 | I55: D20+6 | J55: 25 | K55: 3 | L55: 3 | M55: 0 | N55: 向对手发射小型火焰进行攻击。对直线3格内的第1个目标造成1D8的火属性特殊伤害。攻击命中后进行DC19的检定，检定成功则使目标陷入灼伤状态。 | O55: 追加效果
A56: 0053 | B56: Flamethrower | C56: 喷射火焰 | D56: 火 | E56: 特殊 | F56: 90 | G56: 3D6 | H56: 100 | I56: D20+6 | J56: 15 | K56: 7 | L56: 4 | M56: 0 | N56: 向对手发射烈焰进行攻击。对直线4格内的第1个目标造成3D6的火属性特殊伤害。攻击命中后进行DC19的检定，检定成功则使目标陷入灼伤状态。 | O56: 追加效果
A57: 0054 | B57: Mist | C57: 白雾 | D57: 冰 | E57: 变化 | F57: — | G57: — | H57: — | I57: — | J57: 30 | K57: 3 | L57: 2 | M57: 0 | N57: 用白雾覆盖身体。使以自身为中心的5×5圆形范围内的场地进入5回合的白雾状态。处于该状态场地中的宝可梦能力等级不会降低。
A58: 0055 | B58: WaterGun | C58: 水枪 | D58: 水 | E58: 特殊 | F58: 40 | G58: 1D8 | H58: 100 | I58: D20+6 | J58: 25 | K58: 3 | L58: 3 | M58: 0 | N58: 向对手猛烈地喷射水流进行攻击。对直线3格内的第1个目造成1D8的水属性特殊伤害。
A59: 0056 | B59: HydroPump | C59: 水炮 | D59: 水 | E59: 特殊 | F59: 110 | G59: 2D8+1D6 | H59: 80 | I59: D20+2 | J59: 5 | K59: 8 | L59: 5 | M59: 0 | N59: 向对手猛烈地喷射大量水流进行攻击。对直线5格内的第1个目标造成2D8+1D6的水属性特殊伤害。
A60: 0057 | B60: Surf | C60: 冲浪 | D60: 水 | E60: 特殊 | F60: 90 | G60: 3D6 | H60: 100 | I60: D20+6 | J60: 15 | K60: 7 | L60: 3 | M60: 0 | N60: 召唤出巨浪对冲击前方进行攻击。对前方3x3矩形范围内所有单位造成3D6的水属性特殊伤害。并且可以使自身突进至此范围内的任意位置。
A61: 0058 | B61: IceBeam | C61: 冰冻光束 | D61: 冰 | E61: 特殊 | F61: 90 | G61: 3D6 | H61: 100 | I61: D20+6 | J61: 10 | K61: 7 | L61: 4 | M61: 0 | N61: 向对手发射冰冻光束进行攻击。对直线4格内的第1个目标造成3D6的冰属性特殊伤害。攻击命中后进行DC19的检定，检定成功则使目标陷入冰冻状态。 | O61: 追加效果
A62: 0059 | B62: Blizzard | C62: 暴风雪 | D62: 冰 | E62: 特殊 | F62: 110 | G62: 2D8+1D6 | H62: 70 | I62: D20+0 | J62: 5 | K62: 8 | L62: 4 | M62: 0 | N62: 将猛烈的暴风雪刮向对手进行攻击。对前方3×4矩形范围内的所有单位造成2D8+1D6的冰属性特殊伤害。 | O62: 风 追加效果
A63: 0060 | B63: Psybeam | C63: 幻象光线 | D63: 超能力 | E63: 特殊 | F63: 65 | G63: 3D4 | H63: 100 | I63: D20+6 | J63: 20 | K63: 5 | L63: 3 | M63: 0 | N63: 向对手发射神奇的光线进行攻击。对直线3格内的第1个目标造成3D4的超能力属性特殊伤害。攻击命中后进行DC19的检定，检定成功则使目标陷入1D4回合混乱状态。 | O63: 追加效果
A64: 0061 | B64: BubbleBeam | C64: 泡沫光线 | D64: 水 | E64: 特殊 | F64: 65 | G64: 3D4 | H64: 100 | I64: D20+6 | J64: 20 | K64: 5 | L64: 3 | M64: 0 | N64: 向对手猛烈地喷射泡沫进行攻击。对直线3格内的第1个目标造成3D4的水属性特殊伤害。攻击命中后进行DC19的检定，检定成功则使目标的速度下降1级。 | O64: 追加效果
A65: 0062 | B65: AuroraBeam | C65: 极光束 | D65: 冰 | E65: 特殊 | F65: 65 | G65: 3D4 | H65: 100 | I65: D20+6 | J65: 20 | K65: 5 | L65: 3 | M65: 0 | N65: 向对手发射虹色光束进行攻击。对直线3格内的第1个目标造成3D4的冰属性特殊伤害。攻击命中后进行DC19的检定，检定成功则使目标的攻击下降1级。 | O65: 追加效果
A66: 0063 | B66: HyperBeam | C66: 破坏光线 | D66: 一般 | E66: 特殊 | F66: 150 | G66: 3D10 | H66: 90 | I66: D20+4 | J66: 5 | K66: 8 | L66: 8 | M66: 0 | N66: 向对手发射强烈的光线进行攻击。对直线8格内的所有单位造成3D10的一般属性特殊伤害。攻击命中后使自身陷入一回合的反作用力状态。
A67: 0064 | B67: Peck | C67: 啄 | D67: 飞行 | E67: 物理 | F67: 35 | G67: 1D8 | H67: 100 | I67: D20+6 | J67: 35 | K67: 2 | L67: 临近 | M67: 0 | N67: 用尖锐的喙或角刺向对手进行攻击。对临近的1个目标造成1D8的飞行属性物理伤害。 | O67: 接触
A68: 0065 | B68: DrillPeck | C68: 啄钻 | D68: 飞行 | E68: 物理 | F68: 80 | G68: 2D8 | H68: 100 | I68: D20+6 | J68: 20 | K68: 6 | L68: 临近 | M68: 0 | N68: 一边旋转，一边将尖喙刺入对手进行攻击。对临近的1个目标造成2D8的飞行属性物理伤害。 | O68: 接触
A69: 0066 | B69: Submission | C69: 深渊翻滚 | D69: 格斗 | E69: 物理 | F69: 80 | G69: 2D8 | H69: 80 | I69: D20+2 | J69: 20 | K69: 6 | L69: 临近 | M69: 0 | N69: 将对手连同自己一起摔向地面进行攻击。对临近的1个目标造成4D4的格斗属性物理伤害。攻击命中后自身也会受到造成的伤害1/4的固定伤害。 | O69: 接触 反作用
A70: 0066.1 | C70: 地狱翻滚 | D70: 格斗 | E70: 物理 | F70: 80 | G70: 2D8 | H70: 80 | I70: D20+2 | J70: 20 | K70: 6 | L70: 临近 | M70: 0 | N70: 将对手连同自己一起摔向地面进行攻击。对临近的1个目标造成4D4的格斗属性物理伤害。攻击命中后自身也会受到造成的伤害1/4的固定伤害。 | O70: 接触 反作用
A71: 0067 | B71: LowKick | C71: 踢倒 | D71: 格斗 | E71: 物理 | F71: 变化 | G71: XD4 | H71: 100 | I71: D20+6 | J71: 20 | K71: 6 | L71: 临近 | M71: 0 | N71: 用力踢对手的脚，使其摔倒。对临近的1个目标造成1D4的格斗属性物理伤害。若目标的体型等级大于1，则每高1级，威力骰额外增加1D4。 | O71: 接触
A72: 0068 | B72: Counter | C72: 双倍奉还 | D72: 格斗 | E72: 物理 | F72: 变化 | G72: 固定伤害 | H72: 100 | I72: D20+6 | J72: 20 | K72: 5 | L72: 临近 | M72: -5 | N72: 将这个回合中从最后1个目标那里受到的物理伤害以2倍的固定伤害返还给同1个目标。该招式无法对没有效果的属性的宝可梦造成伤害。如果受到多次攻击，仅使用最后一击的伤害计算。 | O72: 接触
A73: 0069 | B73: SeismicToss | C73: 地球上投 | D73: 格斗 | E73: 物理 | F73: 变化 | G73: 固定伤害 | H73: 100 | I73: D20+6 | J73: 20 | K73: 5 | L73: 临近 | M73: 0 | N73: 利用引力将对手甩飞出去。对临近的1个目标造成自身牵绊等级+5的固定伤害。 | O73: 接触
A74: 0070 | B74: Strength | C74: 怪力 | D74: 一般 | E74: 物理 | F74: 80 | G74: 2D8 | H74: 100 | I74: D20+6 | J74: 15 | K74: 6 | L74: 临近 | M74: 0 | N74: 使出浑身力气殴打对手进行攻击。对临近的1个目标造成2D8的格斗属性物理伤害。 | O74: 接触
A75: 0071 | B75: Absorb | C75: 吸取 | D75: 草 | E75: 特殊 | F75: 20 | G75: 1D4 | H75: 100 | I75: D20+6 | J75: 25 | K75: 5 | L75: 2 | M75: 0 | N75: 吸取对手的养分进行攻击。对2格内的1个目标造成1D4的伤害。可以回复造成的伤害一半的HP。 | O75: 吸取
A76: 0072 | B76: MegaDrain | C76: 超级吸取 | D76: 草 | E76: 特殊 | F76: 40 | G76: 1D8 | H76: 100 | I76: D20+6 | J76: 15 | K76: 5 | L76: 2 | M76: 0 | N76: 吸取对手的养分进行攻击。对2格内的1个目标造成1D8的伤害。可以回复造成的伤害一半的HP。 | O76: 吸取
A77: 0073 | B77: LeechSeed | C77: 寄生种子 | D77: 草 | E77: 变化 | F77: — | G77: — | H77: 90 | I77: D20+4 | J77: 10 | K77: 5 | L77: 2 | M77: 0 | N77: 将寄生种子植入对手的体内。使2格内的1个目标陷入寄生种子状态。 | O77: 吸取
A78: 0074 | B78: Growth | C78: 生长 | D78: 一般 | E78: 变化 | F78: — | G78: — | H78: — | I78: — | J78: 20 | K78: 5 | L78: 自身 | M78: 0 | N78: 让身体一下子长大。使自身的攻击和特攻上升1级。在大晴天或大日照天气下，会使攻击和特攻再上升1级。
A79: 0075 | B79: RazorLeaf | C79: 飞叶快刀 | D79: 草 | E79: 物理 | F79: 55 | G79: 1D6+1D4 | H79: 95 | I79: D20+5 | J79: 25 | K79: 5 | L79: 3 | M79: 0 | N79: 飞出叶片，切斩对手进行攻击。对直线3格内的所有单位造成1d6+1d4的草属性物理伤害。该招式额外具有1级击中要害等级。 | O79: 切割
A80: 0076 | B80: SolarBeam | C80: 日光束 | D80: 草 | E80: 特殊 | F80: 120 | G80: 3D8 | H80: 100 | I80: D20+6 | J80: 10 | K80: 7 | L80: 5 | M80: 0 | N80: 第1回合收集满满的日光，第2回合发射光束进行攻击。对直线5格内的第1个目标造成3D8的草属性特殊伤害。在大晴天或大日照天气下，可以立刻完成蓄力进行攻击。在下雨、大雨、沙暴和下雪天气下，威力骰变为2D6。
A81: 0077 | B81: PoisonPowder | C81: 毒粉 | D81: 毒 | E81: 变化 | F81: — | G81: — | H81: 75 | I81: D20+1 | J81: 35 | K81: 5 | L81: 2 | M81: 0 | N81: 撒出毒粉。使直线2格内的所有单位陷入中毒状态。 | O81: 粉末
A82: 0078 | B82: StunSpore | C82: 麻痹粉 | D82: 草 | E82: 变化 | F82: — | G82: — | H82: 75 | I82: D20+1 | J82: 30 | K82: 5 | L82: 2 | M82: 0 | N82: 撒出麻痹粉。使直线2格内的所有单位陷入麻痹状态。 | O82: 粉末
A83: 0079 | B83: SleepPowder | C83: 催眠粉 | D83: 草 | E83: 变化 | F83: — | G83: — | H83: 75 | I83: D20+1 | J83: 15 | K83: 5 | L83: 2 | M83: 0 | N83: 撒出催眠粉。使直线2格内的所有单位陷入2回合睡眠状态。 | O83: 粉末
A84: 0080 | B84: PetalDance | C84: 花瓣舞 | D84: 草 | E84: 特殊 | F84: 120 | G84: 3D8 | H84: 100 | I84: D20+6 | J84: 10 | K84: 7 | L84: 2 | M84: 0 | N84: 用散落的花瓣攻击对手。对圆形2格内的所有单位造成3D8的草属性特殊伤害。并且使自身进入2回合的热衷状态。 | O84: 接触 跳舞
A85: 0081 | B85: StringShot | C85: 吐丝 | D85: 虫 | E85: 变化 | F85: — | G85: — | H85: 95 | I85: D20+5 | J85: 40 | K85: 4 | L85: 2 | M85: 0 | N85: 用口中吐出的丝缠绕对手。以3格内的以1格为中心使3×3矩形范围内的所有单位速度下降2级。 | O85: 追加效果
A86: 0082 | B86: DragonRage | C86: 龙之怒 | D86: 龙 | E86: 特殊 | F86: 变化 | G86: 固定伤害 | H86: 100 | I86: D20+6 | J86: 10 | K86: 5 | L86: 3 | M86: 0 | N86: 将愤怒的冲击波撞向对手进行攻击。对直线3格内的第1个目标造成10的固定伤害。
A87: 0083 | B87: FireSpin | C87: 火焰旋涡 | D87: 火 | E87: 特殊 | F87: 35 | G87: 1D6 | H87: 85 | I87: D20+3 | J87: 15 | K87: 5 | L87: 3 | M87: 0 | N87: 将对手困在激烈的火焰旋涡中进行攻击。选择3格内的1格，对其中的目标造成1D6的火属性特殊伤害。同时可以此为中心点创造1个3x3的束缚陷阱，持续5回合。
A88: 0084 | B88: ThunderShock | C88: 电击 | D88: 电 | E88: 特殊 | F88: 40 | G88: 1D8 | H88: 100 | I88: D20+6 | J88: 30 | K88: 3 | L88: 3 | M88: 0 | N88: 发出电流刺激对手进行攻击。对直线3格内第1个目标标造成1D8的电属性特殊伤害。攻击命中后进行DC19的检定，检定成功则使目标陷入麻痹状态。 | O88: 追加效果
A89: 0085 | B89: Thunderbolt | C89: 十万伏特 | D89: 电 | E89: 特殊 | F89: 90 | G89: 3D6 | H89: 100 | I89: D20+6 | J89: 15 | K89: 7 | L89: 4 | M89: 0 | N89: 向对手发出强力电击进行攻击。对直线4格内的第1个目标造成3D6的电属性特殊伤害。攻击命中后进行DC19的检定，检定成功则使目标陷入麻痹状态。 | O89: 追加效果
A90: 0086 | B90: ThunderWave | C90: 电磁波 | D90: 电 | E90: 变化 | F90: — | G90: — | H90: 90 | I90: D20+4 | J90: 20 | K90: 5 | L90: 2 | M90: 0 | N90: 向对手发出微弱的电击。使直线2格内的第1个目标陷入麻痹状态。
A91: 0087 | B91: Thunder | C91: 打雷 | D91: 电 | E91: 特殊 | F91: 110 | G91: 2D8+D6 | H91: 70 | I91: D20 | J91: 10 | K91: 7 | L91: 5 | M91: 0 | N91: 向对手劈下暴雷进行攻击。对5格内的1个目标造成2d8+d6的电属性特殊伤害。攻击命中后进行DC15的检定，检定成功则使目标陷入麻痹状态。在下雨或大雨天气下，命中骰改为必中，且会对以命中的目标为中心的3×3矩形范围内的所有单位造成伤害。在大晴天或大日照天气下，命中骰改为D20-4。 | O91: 追加效果
A92: 0088 | B92: RockThrow | C92: 落石 | D92: 岩石 | E92: 物理 | F92: 50 | G92: 1D10 | H92: 90 | I92: D20+4 | J92: 15 | K92: 4 | L92: 3 | M92: 0 | N92: 拿起小岩石，投掷对手进行攻击。对3格内的1个目标造成1D10的岩石属性物理伤害。
A93: 0089 | B93: Earthquake | C93: 地震 | D93: 地面 | E93: 物理 | F93: 100 | G93: 2D10 | H93: 100 | I93: D20+6 | J93: 10 | K93: 7 | L93: 5 | M93: 0 | N93: 利用地震的冲击，攻击自己周围所有的宝可梦。对以自身为中心的11×11圆形范围内所有单位造成2D10的地面属性物理伤害。
A94: 0090 | B94: Fissure | C94: 地裂 | D94: 地面 | E94: 物理 | F94: 变化 | G94: MAX | H94: 变化 | I94: D20-10 | J94: 5 | K94: 8 | L94: 3 | M94: 0 | N94: 制造出足以将宝可梦埋入的地裂进行攻击。对3格内的1个目标造成等同于目标最大HP的固定伤害。该招式不计算任何命中与闪避的加成，只以基础值进行命中判定。
A95: 0091 | B95: Dig | C95: 挖洞 | D95: 地面 | E95: 物理 | F95: 80 | G95: 2D8 | H95: 100 | I95: D20+6 | J95: 10 | K95: 6 | L95: 临近 | M95: 0 | N95: 第1回合钻入地下，进入潜行状态，第2回合冲出进行攻击。对临近的1个目标造成3D6的地面属性物理伤害。 | O95: 接触
A96: 0092 | B96: Toxic | C96: 剧毒 | D96: 毒 | E96: 变化 | F96: — | G96: — | H96: 90 | I96: D20+4 | J96: 10 | K96: 7 | L96: 2 | M96: 0 | N96: 制造能够具有强烈毒素的物体丢向对手。使2格内的1个目标陷入剧毒状态。
A97: 0093 | B97: Confusion | C97: 念力 | D97: 超能力 | E97: 特殊 | F97: 50 | G97: 1D10 | H97: 100 | I97: D20+6 | J97: 25 | K97: 4 | L97: 3 | M97: 0 | N97: 向对手发送微弱的念力进行攻击。对3格内的1个目标造成1D10的超能力属性特殊伤害。攻击命中后进行DC19的检定，检定成功则使目标陷入1D4回合混乱状态。 | O97: 追加效果
A98: 0094 | B98: Psychic | C98: 精神强念 | D98: 超能力 | E98: 特殊 | F98: 90 | G98: 3D6 | H98: 100 | I98: D20+6 | J98: 10 | K98: 7 | L98: 4 | M98: 0 | N98: 向对手发送强大的念力进行攻击。对4格内的1个目标造成3D6的超能力属性特殊伤害。攻击命中后进行DC19的检定，检定成功则使目标的特防下降一级。 | O98: 追加效果
A99: 0095 | B99: Hypnosis | C99: 催眠术 | D99: 超能力 | E99: 变化 | F99: — | G99: — | H99: 60 | I99: D20-2 | J99: 20 | K99: 5 | L99: 2 | M99: 0 | N99: 施以诱导睡意的暗示。使2格内的1个目标陷入2回合睡眠状态。
A100: 0096 | B100: Meditate | C100: 瑜伽姿势 | D100: 超能力 | E100: 变化 | F100: — | G100: — | H100: — | I100: — | J100: 40 | K100: 3 | L100: 自身 | M100: 0 | N100: 唤醒身体深处沉睡的力量。使自身的攻击上升1级。
...

Sheet 特性表
A1: 编号 | B1: 特性名称 | C1: 效果
A2: 1 | B2: 恶臭 | C2: 每次攻击命中后，进行DC19的检定，成功则使目标畏缩。
A3: 2 | B3: 降雨 | C3: 出场时，会将天气变为下雨。
A4: 3 | B4: 加速 | C4: 每回合结束时，速度会上升1级。最多通过该特性上升3级。
A5: 4 | B5: 战斗盔甲 | C5: 被坚硬的甲壳守护着，不会被对手的攻击击中要害。
A6: 5 | B6: 结实 | C6: 在HP全满时，即使受到招式攻击，也不会被一击打倒，会保留1HP。一击必杀的招式也没有效果。
A7: 6 | B7: 湿气 | C7: 通过把周围都弄湿，所有宝可梦无法使用爆炸类招式，诱爆特性也会无效。
A8: 7 | B8: 柔软 | C8: 因为身体柔软，不会变为麻痹状态。
A9: 8 | B9: 沙隐 | C9: 在沙暴天气下，宝可梦的闪避能力值+4。
A10: 9 | B10: 静电 | C10: 受到接触类招式攻击时，进行DC15的检定，成功则使目标陷入麻痹状态。
A11: 10 | B11: 蓄电 | C11: 受到电属性的招式攻击时，不会受到伤害，而是回复2D6HP。
A12: 11 | B12: 储水 | C12: 受到水属性的招式攻击时，不会受到伤害，而是回复等同其基础威力骰的HP。
A13: 12 | B13: 迟钝 | C13: 因为感觉迟钝，不会变为着迷和挑衅状态。也不会受威吓特性影响。
... A313: 316 | B313: 辣椒喷发 | C313: 受到招式伤害时，会使对手陷入灼伤状态。

Sheet 道具表
A1: 道具名称 | B1: 效果 | C1: 消耗
A2: 伤药 | B2: 能让一只宝可梦回复2D10HP。
A3: 好伤药 | B3: 能让一只宝可梦回复4D10HP。
A4: 厉害伤药 | B4: 能让一只宝可梦回复8D10HP。
A5: 全满药 | B5: 能让一只宝可梦回复所有HP。
A6: 全复药 | B6: 能让一只宝可梦回复所有HP并治愈所有异常状态。
A7: 解毒药 | B7: 能治愈１只宝可梦的中毒状态。
A8: 解麻药 | B8: 能治愈１只宝可梦的麻痹状态。
A9: 解眠药 | B9: 能治愈１只宝可梦的睡眠状态。
A10: 灼伤药 | B10: 能治愈１只宝可梦的灼伤状态。
A11: 解冻药 | B11: 能治愈１只宝可梦的冰冻状态。
A12: 万灵药 | B12: 能治愈１只宝可梦的所有异常状态。
A13: 精力小补剂 | B13: 能让一只宝可梦回复25EP。
... A28: 极巨甜蜜 | B28: 让一只宝可梦从濒死状态恢复，并回复所有HP。
A29: 讲究头带 | B29: 携带后，攻击能力值+5，但只能使出相同的招式。 | C29: 12TP
A30: 讲究眼镜 | B30: 携带后，特攻能力值+5，但只能使出相同的招式。 | C30: 12TP
A31: 讲究围巾 | B31: 携带后，速度能力值+5，但只能使出相同的招式。 | C31: 12TP
A32: 先制之爪 | B32: 携带后，速度能力值+1。 | C32: 6TP
A33: 力量头带 | B33: 携带后，攻击能力值+1。 | C33: 6TP
A34: 博识眼镜 | B34: 携带后，特攻能力值+1。 | C34: 6TP
A35: 突击背心 | B35: 携带后，特防能力值+5，但无法使出变化招式。 | C35: 12TP
A36: 进化奇石 | B36: 还能进化的宝可梦携带后，防御和特防能力值+5。 | C36: 8TP
A37: 光粉 | B37: 携带后，闪避能力值+1。 | C37: 8TP
A38: 广角镜 | B38: 携带后，命中能力值+1。 | C38: 8TP
A39: 对焦镜 | B39: 当携带它的宝可梦比对手行动迟缓时，命中能力值+2。 | C39: 8TP
A40: 焦点镜 | B40: 携带后，命中要害等级+1。 | C40: 8TP
... A137: 胆怯球 | B137: 携带后，受到威吓特性的影响时自动使用，使用后速度能力变化上升1级。使用后消耗。 | C137: 1TP
A138: 火球石板 | B138: 携带后，火属性的招式威力骰出目+1。
A139: 水滴石板 | B139: 携带后，水属性的招式威力骰出目+1。
A140: 雷电石板 | B140: 携带后，电属性的招式威力骰出目+1。
A141: 碧绿石板 | B141: 携带后，草属性的招式威力骰出目+1。
A142: 冰柱石板 | B142: 携带后，冰属性的招式威力骰出目+1。
A143: 拳头石板 | B143: 携带后，格斗属性的招式威力骰出目+1。
A144: 剧毒石板 | B144: 携带后，毒属性的招式威力骰出目+1。
A145: 大地石板 | B145: 携带后，地面属性的招式威力骰出目+1。
A146: 蓝天石板 | B146: 携带后，飞行属性的招式威力骰出目+1。
A147: 神奇石板 | B147: 携带后，超能力属性的招式威力骰出目+1。
A148: 玉虫石板 | B148: 携带后，虫属性的招式威力骰出目+1。
A149: 岩石石板 | B149: 携带后，岩石属性的招式威力骰出目+1。
... A162: 础石面具 | B162: 厄诡椪携带后，会变成础石面具，并且招式威力骰出目+1
A163: 文柚果 | B163: 当携带它的宝可梦HP低于1/2时自动使用。使用后回复1D8+体力调整值的HP。使用后消耗。 | C163: 3TP
A164: 橙橙果 | B164: 当携带它的宝可梦HP低于1/2时自动使用。使用后回复1D8HP。使用后消耗。 | C164: 1TP
A165: 苹野果 | B165: 携带它宝可梦的EP低于50时自动使用。使用后回复30SP。使用后消耗。 | C165: 1TP
A166: 利木果 | B166: 当携带它的宝可梦陷入冰冻状态时自动使用。使用后解除冰冻状态。使用后消耗。 | C166: 1TP
A167: 柿仔果 | B167: 当携带它的宝可梦陷入混乱状态时自动使用。使用后解除混乱状态。使用后消耗。 | C167: 1TP
A168: 樱子果 | B168: 当携带它的宝可梦陷入麻痹状态时自动使用。使用后解除麻痹状态。使用后消耗。 | C168: 1TP
A169: 莓莓果 | B169: 当携带它的宝可梦陷入灼伤状态时自动使用。使用后解除灼伤状态。使用后消耗。 | C169: 1TP
A170: 零余果 | B170: 当携带它的宝可梦陷入睡眠状态时自动使用。使用后解除睡眠状态。使用后消耗。 | C170: 1TP
A171: 桃桃果 | B171: 当携带它的宝可梦陷入中毒或剧毒状态时自动使用。使用后解除中毒或剧毒状态。使用后消耗。 | C171: 1TP
A172: 木子果 | B172: 当携带它的宝可梦陷入异常状态或混乱状态时自动使用。使用后解除异常状态或混乱状态。使用后消耗。 | C172: 3TP
A173: 葱首果 | B173: 当携带它的宝可梦能力等级下降时自动使用，使用后将所有降低的能力变化归零。使用后消耗。 | C173: 2TP
A174: 雾莲果 | B174: 当携带它的宝可梦受到特殊招式攻击时自动使用，使用后攻击方受到1D6的固定伤害。使用后消耗。 | C174: 2TP
... A210: 释陀果 | B210: 当携带它的宝可梦HP低于最大HP的1⁄4时自动使用，使用后下一次使出的招式在优先度相同的情况下会优先使出。使用后消耗。 | C210: 3TP

Sheet 其它
J1: 水性 | K1: 感知 | L1: 聆听 | M1: 飞行 | N1: 潜行 | O1: 攀爬 | P1: 侦查 | Q1: 嗅觉
C2: 7 | D2: 6 | E2: 5 | F2: 4 | G2: 3 | H2: 2 | I2: 1 | J2: 1 | K2: 2 | L2: 3 | M2: 4 | N2: 5 | O2: 6 | P2: 7 | T2: 精灵球球种 | U2: 捕获率 | AA2: 进攻方↓ | AB2: 一般 | AC2: 格斗 | AD2: 飞行 | AE2: 毒 | AF2: 地面 | AG2: 岩石 | AH2: 虫 | AI2: 幽灵 | AJ2: 钢 | AK2: 火 | AL2: 水 | AM2: 草 | AN2: 电 | AO2: 超能力 | AP2: 冰 | AQ2: 龙 | AR2: 恶 | AS2: 妖精
T3: 精灵球 | U3: 1 | AA3: 一般 | AB3: 1 | AC3: 1 | AD3: 1 | AE3: 1 | AF3: 1 | AG3: 0.5 | AH3: 1 | AI3: 0 | AJ3: 0.5 | AK3: 1 | AL3: 1 | AM3: 1 | AN3: 1 | AO3: 1 | AP3: 1 | AQ3: 1 | AR3: 1 | AS3: 1
B4: A | Q4: Z | T4: 超级球 | U4: 1.5 | X4: 精灵球 | AA4: 格斗 | AB4: 2 | AC4: 1 | AD4: 0.5 | AE4: 0.5 | AF4: 1 | AG4: 2 | AH4: 0.5 | AI4: 0 | AJ4: 2 | AK4: 1 | AL4: 1 | AM4: 1 | AN4: 1 | AO4: 0.5 | AP4: 2 | AQ4: 1 | AR4: 2 | AS4: 0.5
T5: 高级球 | U5: 2 | AA5: 飞行 | AB5: 1 | AC5: 2 | AD5: 1 | AE5: 1 | AF5: 1 | AG5: 0.5 | AH5: 2 | AI5: 1 | AJ5: 0.5 | AK5: 1 | AL5: 1 | AM5: 2 | AN5: 0.5 | AO5: 1 | AP5: 1 | AQ5: 1 | AR5: 1 | AS5: 1
B6: B | Q6: Y | T6: 大师球 | U6: 225 | AA6: 毒 | AB6: 1 | AC6: 1 | AD6: 1 | AE6: 0.5 | AF6: 0.5 | AG6: 0.5 | AH6: 1 | AI6: 0.5 | AJ6: 0 | AK6: 1 | AL6: 1 | AM6: 2 | AN6: 1 | AO6: 1 | AP6: 1 | AQ6: 1 | AR6: 1 | AS6: 2
T7: 狩猎球 | U7: 1.5 | AA7: 地面 | AB7: 1 | AC7: 1 | AD7: 0 | AE7: 2 | AF7: 1 | AG7: 2 | AH7: 0.5 | AI7: 1 | AJ7: 2 | AK7: 2 | AL7: 1 | AM7: 0.5 | AN7: 2 | AO7: 1 | AP7: 1 | AQ7: 1 | AR7: 1 | AS7: 1
B8: C | Q8: X | T8: 等级球1 | U8: 1 | AA8: 岩石 | AB8: 1 | AC8: 0.5 | AD8: 2 | AE8: 1 | AF8: 0.5 | AG8: 1 | AH8: 2 | AI8: 1 | AJ8: 0.5 | AK8: 2 | AL8: 1 | AM8: 1 | AN8: 1 | AO8: 1 | AP8: 2 | AQ8: 1 | AR8: 1 | AS8: 1
T9: 等级球2 | U9: 2 | AA9: 虫 | AB9: 1 | AC9: 0.5 | AD9: 0.5 | AE9: 0.5 | AF9: 1 | AG9: 1 | AH9: 1 | AI9: 0.5 | AJ9: 0.5 | AK9: 0.5 | AL9: 1 | AM9: 2 | AN9: 1 | AO9: 2 | AP9: 1 | AQ9: 1 | AR9: 2 | AS9: 0.5
B10: D | Q10: W | T10: 等级球3 | U10: 4 | X10: 超级球 | AA10: 幽灵 | AB10: 0 | AC10: 1 | AD10: 1 | AE10: 1 | AF10: 1 | AG10: 1 | AH10: 1 | AI10: 2 | AJ10: 1 | AK10: 1 | AL10: 1 | AM10: 1 | AN10: 1 | AO10: 2 | AP10: 1 | AQ10: 1 | AR10: 0.5 | AS10: 1
T11: 等级球4 | U11: 8 | AA11: 钢 | AB11: 1 | AC11: 1 | AD11: 1 | AE11: 1 | AF11: 1 | AG11: 2 | AH11: 1 | AI11: 1 | AJ11: 0.5 | AK11: 0.5 | AL11: 0.5 | AM11: 1 | AN11: 0.5 | AO11: 1 | AP11: 2 | AQ11: 1 | AR11: 1 | AS11: 2
B12: E | Q12: V | T12: 诱饵球1 | U12: 1 | AA12: 火 | AB12: 1 | AC12: 1 | AD12: 1 | AE12: 1 | AF12: 1 | AG12: 0.5 | AH12: 2 | AI12: 1 | AJ12: 2 | AK12: 0.5 | AL12: 0.5 | AM12: 2 | AN12: 1 | AO12: 1 | AP12: 2 | AQ12: 0.5 | AR12: 1 | AS12: 1
T13: 诱饵球2 | U13: 4 | AA13: 水 | AB13: 1 | AC13: 1 | AD13: 1 | AE13: 1 | AF13: 2 | AG13: 2 | AH13: 1 | AI13: 1 | AJ13: 1 | AK13: 2 | AL13: 0.5 | AM13: 0.5 | AN13: 1 | AO13: 1 | AP13: 1 | AQ13: 0.5 | AR13: 1 | AS13: 1
B14: F | Q14: U | T14: 月亮球1 | U14: 1 | AA14: 草 | AB14: 1 | AC14: 1 | AD14: 0.5 | AE14: 0.5 | AF14: 2 | AG14: 2 | AH14: 0.5 | AI14: 1 | AJ14: 0.5 | AK14: 0.5 | AL14: 2 | AM14: 0.5 | AN14: 1 | AO14: 1 | AP14: 1 | AQ14: 0.5 | AR14: 1 | AS14: 1
T15: 月亮球2 | U15: 4 | AA15: 电 | AB15: 1 | AC15: 1 | AD15: 2 | AE15: 1 | AF15: 0 | AG15: 1 | AH15: 1 | AI15: 1 | AJ15: 1 | AK15: 1 | AL15: 2 | AM15: 0.5 | AN15: 0.5 | AO15: 1 | AP15: 1 | AQ15: 0.5 | AR15: 1 | AS15: 1
B16: G | Q16: T | T16: 友友球 | U16: 1 | X16: 高级球 | AA16: 超能力 | AB16: 1 | AC16: 2 | AD16: 1 | AE16: 2 | AF16: 1 | AG16: 1 | AH16: 1 | AI16: 1 | AJ16: 0.5 | AK16: 1 | AL16: 1 | AM16: 1 | AN16: 1 | AO16: 0.5 | AP16: 1 | AQ16: 1 | AR16: 0 | AS16: 1
T17: 甜蜜球1 | U17: 1 | AA17: 冰 | AB17: 1 | AC17: 1 | AD17: 2 | AE17: 1 | AF17: 2 | AG17: 1 | AH17: 1 | AI17: 1 | AJ17: 0.5 | AK17: 0.5 | AL17: 0.5 | AM17: 2 | AN17: 1 | AO17: 1 | AP17: 0.5 | AQ17: 2 | AR17: 1 | AS17: 1
C18: 全场都可以放置宝可梦，中间的红黑色框只是为了区分半场 | T18: 甜蜜球2 | U18: 8 | AA18: 龙 | AB18: 1 | AC18: 1 | AD18: 1 | AE18: 1 | AF18: 1 | AG18: 1 | AH18: 1 | AI18: 1 | AJ18: 0.5 | AK18: 1 | AL18: 1 | AM18: 1 | AN18: 1 | AO18: 1 | AP18: 1 | AQ18: 2 | AR18: 1 | AS18: 0
T19: 沉重球 | U19: 1 | AA19: 恶 | AB19: 1 | AC19: 0.5 | AD19: 1 | AE19: 1 | AF19: 1 | AG19: 1 | AH19: 1 | AI19: 2 | AJ19: 1 | AK19: 1 | AL19: 1 | AM19: 1 | AN19: 1 | AO19: 2 | AP19: 1 | AQ19: 1 | AR19: 0.5 | AS19: 0.5
T20: 速度球1 | U20: 1 | X20: M | AA20: 妖精 | AB20: 1 | AC20: 2 | AD20: 1 | AE20: 0.5 | AF20: 1 | AG20: 1 | AH20: 1 | AI20: 1 | AJ20: 0.5 | AK20: 0.5 | AL20: 1 | AM20: 1 | AN20: 1 | AO20: 1 | AP20: 1 | AQ20: 2 | AR20: 2 | AS20: 1
C21: 体型差异 | D21: 身高 | E21: 体重 | G21: 成长值 | H21: 数值 | J21: 觉醒属性 | T21: 速度球2 | U21: 4
C22: 普通 | D22: 1 | E22: 1 | G22: S | H22: 6 | J22: 数值 | K22: 对应属性 | T22: 竞赛球 | U22: 1.5 | X22: 大师球
C23: 小 | D23: 0.9 | E23: 0.9 | G23: A | H23: 3 | J23: 0 | K23: 格斗 | T23: 捕网球1 | U23: 1 | AA23: 进攻方→ | AB23: 一般 | AC23: 格斗 | AD23: 飞行 | AE23: 毒 | AF23: 地面 | AG23: 岩石 | AH23: 虫 | AI23: 幽灵 | AJ23: 钢 | AK23: 火 | AL23: 水 | AM23: 草 | AN23: 电 | AO23: 超能力 | AP23: 冰 | AQ23: 龙 | AR23: 恶 | AS23: 妖精
C24: 大 | D24: 1.1 | E24: 1.1 | G24: B | H24: 1 | J24: 1 | K24: 飞行 | T24: 捕网球2 | U24: 3.5 | AA24: 一般 | AB24: 1 | AC24: 2 | AD24: 1 | AE24: 1 | AF24: 1 | AG24: 1 | AH24: 1 | AI24: 0 | AJ24: 1 | AK24: 1 | AL24: 1 | AM24: 1 | AN24: 1 | AO24: 1 | AP24: 1 | AQ24: 1 | AR24: 1 | AS24: 1
C25: 特小 | D25: 0.8 | E25: 0.7 | G25: C | H25: 0 | J25: 2 | K25: 毒 | T25: 巢穴球1 | U25: 1 | AA25: 格斗 | AB25: 1 | AC25: 1 | AD25: 2 | AE25: 1 | AF25: 1 | AG25: 0.5 | AH25: 0.5 | AI25: 1 | AJ25: 1 | AK25: 1 | AL25: 1 | AM25: 1 | AN25: 1 | AO25: 2 | AP25: 1 | AQ25: 1 | AR25: 0.5 | AS25: 2
C26: 特大 | D26: 1.2 | E26: 1.3 | G26: D | H26: -1 | J26: 3 | K26: 地面 | T26: 巢穴球2 | U26: 3 | AA26: 飞行 | AB26: 1 | AC26: 0.5 | AD26: 1 | AE26: 1 | AF26: 0 | AG26: 2 | AH26: 0.5 | AI26: 1 | AJ26: 1 | AK26: 1 | AL26: 1 | AM26: 0.5 | AN26: 2 | AO26: 1 | AP26: 2 | AQ26: 1 | AR26: 1 | AS26: 1
C27: 超级小 | D27: 0.6 | E27: 0.4 | G27: E | H27: -3 | J27: 4 | K27: 岩石 | T27: 重复球1 | U27: 1 | AA27: 毒 | AB27: 1 | AC27: 0.5 | AD27: 1 | AE27: 0.5 | AF27: 2 | AG27: 1 | AH27: 0.5 | AI27: 1 | AJ27: 1 | AK27: 1 | AL27: 1 | AM27: 0.5 | AN27: 1 | AO27: 2 | AP27: 1 | AQ27: 1 | AR27: 1 | AS27: 0.5
C28: 超级大 | D28: 1.4 | E28: 1.6 | G28: F | H28: -6 | J28: 5 | K28: 虫 | T28: 重复球2 | U28: 3.5 | X28: 狩猎球 | AA28: 地面 | AB28: 1 | AC28: 1 | AD28: 1 | AE28: 0.5 | AF28: 1 | AG28: 0.5 | AH28: 1 | AI28: 1 | AJ28: 1 | AK28: 1 | AL28: 2 | AM28: 2 | AN28: 0 | AO28: 1 | AP28: 2 | AQ28: 1 | AR28: 1 | AS28: 1
C29: 头目 | D29: 2 | E29: 3 | J29: 6 | K29: 幽灵 | T29: 计时球 | U29: 4 | AA29: 岩石 | AB29: 0.5 | AC29: 2 | AD29: 0.5 | AE29: 0.5 | AF29: 2 | AG29: 1 | AH29: 1 | AI29: 1 | AJ29: 2 | AK29: 0.5 | AL29: 2 | AM29: 2 | AN29: 1 | AO29: 1 | AP29: 1 | AQ29: 1 | AR29: 1 | AS29: 1
C30: 极巨化 | D30: ？？？ | E30: ？？？ | J30: 7 | K30: 钢 | T30: 纪念球 | U30: 1 | AA30: 虫 | AB30: 1 | AC30: 0.5 | AD30: 2 | AE30: 1 | AF30: 0.5 | AG30: 2 | AH30: 1 | AI30: 1 | AJ30: 1 | AK30: 2 | AL30: 1 | AM30: 0.5 | AN30: 1 | AO30: 1 | AP30: 1 | AQ30: 1 | AR30: 1 | AS30: 1
J31: 8 | K31: 火 | T31: 治愈球 | U31: 1 | AA31: 幽灵 | AB31: 0 | AC31: 0 | AD31: 1 | AE31: 0.5 | AF31: 1 | AG31: 1 | AH31: 0.5 | AI31: 2 | AJ31: 1 | AK31: 1 | AL31: 1 | AM31: 1 | AN31: 1 | AO31: 1 | AP31: 1 | AQ31: 1 | AR31: 2 | AS31: 1
J32: 9 | K32: 水 | T32: 豪华球 | U32: 1 | X32: V | AA32: 钢 | AB32: 0.5 | AC32: 2 | AD32: 0.5 | AE32: 0 | AF32: 2 | AG32: 0.5 | AH32: 0.5 | AI32: 1 | AJ32: 0.5 | AK32: 2 | AL32: 1 | AM32: 0.5 | AN32: 1 | AO32: 0.5 | AP32: 0.5 | AQ32: 0.5 | AR32: 1 | AS32: 0.5
J33: 10 | K33: 草 | T33: 潜水球1 | U33: 1 | X33: V | AA33: 火 | AB33: 1 | AC33: 1 | AD33: 1 | AE33: 1 | AF33: 2 | AG33: 2 | AH33: 0.5 | AI33: 1 | AJ33: 0.5 | AK33: 0.5 | AL33: 2 | AM33: 0.5 | AN33: 1 | AO33: 1 | AP33: 0.5 | AQ33: 1 | AR33: 1 | AS33: 0.5
J34: 11 | K34: 电 | T34: 潜水球2 | U34: 3.5 | X34: 等级球 | AA34: 水 | AB34: 1 | AC34: 1 | AD34: 1 | AE34: 1 | AF34: 1 | AG34: 1 | AH34: 1 | AI34: 1 | AJ34: 0.5 | AK34: 0.5 | AL34: 0.5 | AM34: 2 | AN34: 2 | AO34: 1 | AP34: 0.5 | AQ34: 1 | AR34: 1 | AS34: 1
J35: 12 | K35: 超能力 | T35: 黑暗球1 | U35: 1 | AA35: 草 | AB35: 1 | AC35: 1 | AD35: 2 | AE35: 2 | AF35: 0.5 | AG35: 1 | AH35: 2 | AI35: 1 | AJ35: 1 | AK35: 2 | AL35: 0.5 | AM35: 0.5 | AN35: 0.5 | AO35: 1 | AP35: 2 | AQ35: 1 | AR35: 1 | AS35: 1
J36: 13 | K36: 冰 | T36: 黑暗球2 | U36: 3 | AA36: 电 | AB36: 1 | AC36: 1 | AD36: 0.5 | AE36: 1 | AF36: 2 | AG36: 1 | AH36: 1 | AI36: 1 | AJ36: 0.5 | AK36: 1 | AL36: 1 | AM36: 1 | AN36: 0.5 | AO36: 1 | AP36: 1 | AQ36: 1 | AR36: 1 | AS36: 1
J37: 14 | K37: 龙 | T37: 先机球1 | U37: 1 | AA37: 超能力 | AB37: 1 | AC37: 0.5 | AD37: 1 | AE37: 1 | AF37: 1 | AG37: 1 | AH37: 2 | AI37: 2 | AJ37: 1 | AK37: 1 | AL37: 1 | AM37: 1 | AN37: 1 | AO37: 0.5 | AP37: 1 | AQ37: 1 | AR37: 2 | AS37: 1
J38: 15 | K38: 恶 | T38: 先机球2 | U38: 5 | AA38: 冰 | AB38: 1 | AC38: 2 | AD38: 1 | AE38: 1 | AF38: 1 | AG38: 2 | AH38: 1 | AI38: 1 | AJ38: 2 | AK38: 2 | AL38: 1 | AM38: 1 | AN38: 1 | AO38: 1 | AP38: 0.5 | AQ38: 1 | AR38: 1 | AS38: 1
